Workbook

Sheet Sheet1
A1: 序号 | B1: 物资编码 | C1: 名称及规格型号 | D1: 材质 | E1: 重量(kg) | F1: 回收单价(元/kg) | G1: 回收价值(元)
A2: 1 | B2: 232600300001999 | C2: 手轮密封圈 | D2: 橡胶 | E2: 0.03 | F2: 0.5 | G2: 0.02 | H2: =G2*'3-9-2原材料-报废'!C3 -> 0.16
A3: 2 | B3: 080509800000142 | C3: O型环 | D3: 橡胶 | E3: 0.02 | F3: 0.5 | G3: 0.01 | H3: =G3*'3-9-2原材料-报废'!C4 -> 0.02
A4: 3 | B4: 080509800000145 | C4: O型环 | D4: 橡胶 | E4: 0.02 | F4: 0.5 | G4: 0.01 | H4: =G4*'3-9-2原材料-报废'!#REF! -> #REF!
A5: 4 | B5: 080509800000146 | C5: O型环 | D5: 橡胶 | E5: 0.02 | F5: 0.5 | G5: 0.01 | H5: =G5*'3-9-2原材料-报废'!#REF! -> #REF!
A6: 5 | B6: 230800200002404 | C6: O型密封圈 | D6: 橡胶 | E6: 0.02 | F6: 0.5 | G6: 0.01 | H6: =G6*'3-9-2原材料-报废'!#REF! -> #REF!
A7: 6 | B7: 230800200001532 | C7: O型密封圈 | D7: 橡胶 | E7: 0.02 | F7: 0.5 | G7: 0.01 | H7: =G7*'3-9-2原材料-报废'!#REF! -> #REF!
A8: 7 | B8: 230800200002376 | C8: O型密封圈 | D8: 橡胶 | E8: 0.02 | F8: 0.5 | G8: 0.01 | H8: =G8*'3-9-2原材料-报废'!#REF! -> #REF!
A9: 8 | B9: 230800200001530 | C9: O型密封圈 | D9: 橡胶 | E9: 0.02 | F9: 0.5 | G9: 0.01 | H9: =G9*'3-9-2原材料-报废'!#REF! -> #REF!
A10: 9 | B10: 230800200001533 | C10: O型密封圈 | D10: 橡胶 | E10: 0.02 | F10: 0.5 | G10: 0.01 | H10: =G10*'3-9-2原材料-报废'!#REF! -> #REF!
A11: 10 | B11: 230800200005006 | C11: O型密封圈 | D11: 橡胶 | E11: 0.02 | F11: 0.5 | G11: 0.01 | H11: =G11*'3-9-2原材料-报废'!#REF! -> #REF!
A12: 11 | B12: 230800200001534 | C12: O型密封圈 | D12: 橡胶 | E12: 0.02 | F12: 0.5 | G12: 0.01 | H12: =G12*'3-9-2原材料-报废'!#REF! -> #REF!
A13: 12 | B13: 230800200005032 | C13: O型密封圈 | D13: 橡胶 | E13: 0.02 | F13: 0.5 | G13: 0.01 | H13: =G13*'3-9-2原材料-报废'!#REF! -> #REF!
A14: 13 | B14: 230800200000975 | C14: O型密封圈 | D14: 橡胶 | E14: 0.02 | F14: 0.5 | G14: 0.01 | H14: =G14*'3-9-2原材料-报废'!#REF! -> #REF!
A15: 14 | B15: 230800200001136 | C15: O型密封圈 | D15: 橡胶 | E15: 0.02 | F15: 0.5 | G15: 0.01 | H15: =G15*'3-9-2原材料-报废'!#REF! -> #REF!
... A2148: 2147 | B2148: 100901900000101 | C2148: 转换开关,LW38D 20A 500V | D2148: 混合金属 | E2148: 0.05 | F2148: 8 | G2148: 0.4 | H2148: =G2148*'3-9-2原材料-报废'!#REF! -> #REF!

Sheet 填表说明
A1: 资产评估申报表填表说明
A3: 一、基本要求
A4: （一）填表范围：
A5: 纳入评估范围的资产要保证与评估基准日被评估单位的资产负债表（或模拟资产负债表）完全一致，即填表完成后，自动生成的资产评估分类汇总表（表2）账面值一栏与资产负债表（或模拟资产负债表）一致，且应与提供给审计师的账面值一致。
A6: （二）“评估基准日”与“被评估单位名称”，统一填于“申报表封面” 中，各明细表会自动生成。被评估单位名称要与该单位的营业执照所列明的名称完全一致，并在每页明细表左上角“被评估单位”处加盖被评估单位公章。
A7: （三）对于企业财务核算中没有的会计科目不必填写相应的明细表。
A8: （四） 对于申报明细表中“账面值”一栏（含本栏）左方所有空白栏以及需要填写的备注栏请企业填写齐全。但对于该类资产不适用的参数栏可不必填写。
A9: （五）明细表中填列金额单位为“人民币元”，精确到小数点后两位。
A10: （六）明细表中日期根据要求填至月（如建成年月）或日（如出票日期），填写日期格式为“2001-05”（不能写为2001.5）或 “2001-05-02”（不能填为2001.5.2）。
A11: （七）未指明月利率之处应指年利率，计量单位为“%”。若原始资料中为月利率或日利率，则换算为年利率。
A12: （八）明细表与各汇总表之间的数据已建立链接关系，汇总表中不应直接录入数据，但汇总表中已涂蓝色的各项减值准备应按实际填入。
A13: （九）每一张明细表内容不能满足填写要求时，可在电子表中间直接插入行。不能在第一行和合计行插入行。
... A21: 2、申报数据依照母公司报表填写，而不是合并报表；对于需用成本法评估的长期投资，应单独填列全套评估申报表。

Sheet 索引
A1: 资产评估明细表索引
A2: 产权持有单位： | B2: 国家石油天然气管网集团有限公司西北分公司
A3: 评估基准日： | B3: 2026年7月31日
A4: 企业负责人： | B4: 肖德刚 | C4: 财务负责人： | D4: 孟志强
A5: 企业填表人： | B5: 罗瑞 | C5: 填表日期： | D5: 2026年8月5日
A6: 索引号 | B6: 资产评估明细表名称 | C6: 适用与否 | D6: 评估人员 | E6: 评估人员
A7: 1 | B7: 资产评估结果汇总表 | C7: =IF(D7=0,"×","√") -> √ | D7: 高晓宇 | E7: 王海龙
A8: 2 | B8: 资产评估结果分类汇总表 | C8: =IF(D8=0,"×","√") -> √ | D8: 高晓宇 | E8: 王海龙
A9: 3 | B9: 流动资产评估汇总表 | C9: =IF(D9=0,"×","√") -> √ | D9: 高晓宇 | E9: 王海龙
A10: 3-1 | B10: 货币资金评估汇总表 | C10: =IF(D10=0,"×","√") -> √ | D10: 高晓宇 | E10: 王海龙
A11: 3-1-1 | B11: 货币资金—现金评估明细表 | C11: =IF(D11=0,"×","√") -> √ | D11: 高晓宇 | E11: 王海龙
A12: 3-1-2 | B12: 货币资金—银行存款评估明细表 | C12: =IF(D12=0,"×","√") -> √ | D12: 高晓宇 | E12: 王海龙
A13: 3-1-3 | B13: 货币资金—其他货币资金评估明细表 | C13: =IF(D13=0,"×","√") -> √ | D13: 高晓宇 | E13: 王海龙
A14: 3-2 | B14: 交易性金融资产评估汇总表 | C14: =IF(D14=0,"×","√") -> √ | D14: 高晓宇 | E14: 王海龙
A15: 3-2-1 | B15: 交易性金融资产—股票投资评估明细表 | C15: =IF(D15=0,"×","√") -> √ | D15: 高晓宇 | E15: 王海龙
A16: 3-2-2 | B16: 交易性金融资产-债券投资评估明细表 | C16: =IF(D16=0,"×","√") -> √ | D16: 高晓宇 | E16: 王海龙
A17: 3-2-3 | B17: 交易性金融资产-基金投资评估明细表 | C17: =IF(D17=0,"×","√") -> √ | D17: 高晓宇 | E17: 王海龙
A18: 3-3 | B18: 衍生金融资产评估明细表 | C18: =IF(D18=0,"×","√") -> √ | D18: 高晓宇 | E18: 王海龙
A19: 3-4 | B19: 应收票据评估明细表 | C19: =IF(D19=0,"×","√") -> √ | D19: 高晓宇 | E19: 王海龙
A20: 3-5 | B20: 应收账款评估明细表 | C20: =IF(D20=0,"×","√") -> √ | D20: 高晓宇 | E20: 王海龙
A21: 3-6 | B21: 应收款项融资评估明细表 | C21: =IF(D21=0,"×","√") -> √ | D21: 高晓宇 | E21: 王海龙
... A116: 6-9 | B116: 其他非流动负债评估明细表 | C116: =IF(D116=0,"×","√") -> √ | D116: 高晓宇 | E116: 王海龙
A118: 注：适用√，不适用×。

Sheet 资产负债表（不打印）
A1: 资 产 负 债 表 .
A2: =#REF! -> #REF!
A3: =#REF! -> #REF! | H3: 金额单位：人民币元
A4: 序号 | B4: 资 产 | C4: 年初数 | D4: 期末数 | E4: 序号 | F4: 负债和所有者权益 （或股东权益） | G4: 年初数 | H4: 期末数
A5: 1 | B5: 流动资产： | E5: 37 | F5: 流动负债：
A6: =A5+1 -> 2 | B6: 货币资金 | E6: =E5+1 -> 38 | F6: 短期借款
A7: =A6+1 -> 3 | B7: 交易性金融资产 | E7: =E6+1 -> 39 | F7: 交易性金融负债
A8: =A7+1 -> 4 | B8: 衍生金融资产 | E8: =E7+1 -> 40 | F8: 衍生金融负债
A9: =A8+1 -> 5 | B9: 应收票据 | E9: =E8+1 -> 41 | F9: 应付票据
A10: =A9+1 -> 6 | B10: 应收账款 | E10: =E9+1 -> 42 | F10: 应付账款
A11: =A10+1 -> 7 | B11: 应收款项融资 | E11: =E10+1 -> 43 | F11: 预收款项
A12: =A11+1 -> 8 | B12: 预付款项 | E12: =E11+1 -> 44 | F12: 合同负债
A13: =A12+1 -> 9 | B13: 其他应收款 | E13: =E12+1 -> 45 | F13: 应付职工薪酬
A14: 9-1 | B14: 其中：应收利息 | E14: =E13+1 -> 46 | F14: 应交税费
A15: 9-2 | B15: 应收股利 | E15: =E14+1 -> 47 | F15: 其他应付款
A16: 10 | B16: 存货 | E16: 47-1 | F16: 其中：应付利息
A17: =A16+1 -> 11 | B17: 合同资产 | E17: 47-2 | F17: 应付股利
A18: =A17+1 -> 12 | B18: 持有待售资产 | E18: =E15+1 -> 48 | F18: 持有待售负债
A19: =A18+1 -> 13 | B19: 一年内到期的非流动资产 | E19: =E18+1 -> 49 | F19: 一年内到期的非流动负债
A20: =A19+1 -> 14 | B20: 其他流动资产 | E20: =E19+1 -> 50 | F20: 其他流动负债
A21: =A20+1 -> 15 | B21: 流动资产合计 | C21: =SUM(C6:C20)-C14-C15 -> 0 | D21: =SUM(D6:D20)-D14-D15 -> 0 | E21: =E20+1 -> 51 | F21: 流动负债合计 | G21: =SUM(G6:G20)-G16-G17 -> 0 | H21: =SUM(H6+H7+H8+H9+H10+H11+H12+H13+H14+H15+H18+H19+H20) -> 0
A22: =A21+1 -> 16 | B22: 非流动资产： | E22: =E21+1 -> 52 | F22: 非流动负债：
A23: =A22+1 -> 17 | B23: 债权投资 | E23: =E22+1 -> 53 | F23: 长期借款
A24: =A23+1 -> 18 | B24: 其他债权投资 | E24: =E23+1 -> 54 | F24: 应付债券
A25: =A24+1 -> 19 | B25: 长期应收款 | E25: 54-1 | F25: 其中：优先股
A26: =A25+1 -> 20 | B26: 长期股权投资 | E26: 54-2 | F26: 永续债
A27: =A26+1 -> 21 | B27: 其他权益工具投资 | E27: =E24+1 -> 55 | F27: 租赁负债
A28: =A27+1 -> 22 | B28: 其他非流动金融资产 | E28: =E27+1 -> 56 | F28: 长期应付款
A29: =A28+1 -> 23 | B29: 投资性房地产 | E29: =E28+1 -> 57 | F29: 长期应付职工薪酬
A30: =A29+1 -> 24 | B30: 固定资产 | E30: =E29+1 -> 58 | F30: 预计负债
A31: =A30+1 -> 25 | B31: 在建工程 | E31: =E30+1 -> 59 | F31: 递延收益
A32: =A31+1 -> 26 | B32: 生产性生物资产 | E32: =E31+1 -> 60 | F32: 递延所得税负债
A33: =A32+1 -> 27 | B33: 油气资产 | E33: =E32+1 -> 61 | F33: 其他非流动负债
A34: =A33+1 -> 28 | B34: 使用权资产 | E34: =E33+1 -> 62 | F34: 非流动负债合计 | G34: =G23+G24+G27+G28+G29+G30+G31+G32+G33 -> 0 | H34: =H23+H24+H27+H28+H29+H30+H31+H32+H33 -> 0
A35: =A34+1 -> 29 | B35: 无形资产 | E35: =E34+1 -> 63 | F35: 负债合计 | G35: =G21+G34 -> 0 | H35: =H21+H34 -> 0
A36: =A35+1 -> 30 | B36: 开发支出 | E36: =E35+1 -> 64 | F36: 所有者权益（或股东权益）：
A37: =A36+1 -> 31 | B37: 商誉 | E37: =E36+1 -> 65 | F37: 实收资本（或股本）
A38: =A37+1 -> 32 | B38: 长期待摊费用 | E38: =E37+1 -> 66 | F38: 其他权益工具
A39: =A38+1 -> 33 | B39: 递延所得税资产 | E39: 66-1 | F39: 其中：优先股
A40: =A39+1 -> 34 | B40: 其他非流动资产 | E40: 66-2 | F40: 永续债
E41: =E38+1 -> 67 | F41: 资本公积
E42: =E41+1 -> 68 | F42: 减：库存股
E43: =E42+1 -> 69 | F43: 其他综合收益
E44: =E43+1 -> 70 | F44: 专项储备
E45: =E44+1 -> 71 | F45: 盈余公积
E46: =E45+1 -> 72 | F46: 未分配利润
A47: =A40+1 -> 35 | B47: 非流动资产合计 | C47: =SUM(C23:C46) -> 0 | D47: =SUM(D23:D46) -> 0 | E47: =E46+1 -> 73 | F47: 所有者权益（或股东权益）合计 | G47: =SUM(G37:G46)-G39-G40-G42 -> 0 | H47: =SUM(H37:H46)-H39-H40-H42 -> 0
A48: =A47+1 -> 36 | B48: 资产总计 | C48: =C47+C21 -> 0 | D48: =D47+D21 -> 0 | E48: =E47+1 -> 74 | F48: 负债和所有者权益（或股东权益）总计 | G48: =G35+G47 -> 0 | H48: =H35+H47 -> 0
F51: 校核 | G51: =G48-C48 -> 0 | H51: =H48-D48 -> 0

Sheet 3-流动资产汇总表
A1: 流动资产评估汇总表
F2: 表3
A3: =#REF! -> #REF!
A4: =#REF! -> #REF! | F4: 金额单位：人民币元
A5: 编号 | B5: 科目名称 | C5: 账面价值 | D5: 评估价值 | E5: 增减值 | F5: 增值率%
A6: 3-1 | B6: 货币资金 | C6: ='3-1货币汇总表'!C29 -> 0 | D6: ='3-1货币汇总表'!D29 -> 0 | E6: =D6-C6 -> 0 | F6: =IF(C6=0,0,ROUND(E6/C6*100,2)) -> 0
A7: 3-2 | B7: 交易性金融资产 | C7: ='3-2交易性金融资产汇总表'!C29 -> 0 | D7: ='3-2交易性金融资产汇总表'!D29 -> 0 | E7: =D7-C7 -> 0 | F7: =IF(C7=0,0,ROUND(E7/C7*100,2)) -> 0
A8: 3-3 | B8: 衍生金融资产 | C8: ='3-3衍生金融资产'!L29 -> 0 | D8: ='3-3衍生金融资产'!M29 -> 0 | E8: =D8-C8 -> 0 | F8: =IF(C8=0,0,ROUND(E8/C8*100,2)) -> 0
A9: 3-4 | B9: 应收票据 | C9: ='3-4应收票据'!F29 -> 0 | D9: ='3-4应收票据'!H29 -> 0 | E9: =D9-C9 -> 0 | F9: =IF(C9=0,0,ROUND(E9/C9*100,2)) -> 0
A10: 3-5 | B10: 应收账款 | C10: ='3-5应收账款'!M29 -> 0 | D10: ='3-5应收账款'!R29 -> 0 | E10: =D10-C10 -> 0 | F10: =IF(C10=0,0,ROUND(E10/C10*100,2)) -> 0
A11: 3-6 | B11: 应收款项融资 | C11: ='3-6应收款项融资'!I29 -> 0 | D11: ='3-6应收款项融资'!K29 -> 0 | E11: =D11-C11 -> 0 | F11: =IF(C11=0,0,ROUND(E11/C11*100,2)) -> 0
A12: 3-7 | B12: 预付账款 | C12: ='3-7预付账款'!R29 -> 0 | D12: ='3-7预付账款'!R29 -> 0 | E12: =D12-C12 -> 0 | F12: =IF(C12=0,0,ROUND(E12/C12*100,2)) -> 0
A13: 3-8 | B13: 其他应收款 | C13: ='3-8其他应收款汇总表 '!C29 -> 0 | D13: ='3-8其他应收款汇总表 '!D29 -> 0 | E13: =D13-C13 -> 0 | F13: =IF(C13=0,0,ROUND(E13/C13*100,2)) -> 0
A14: 3-9 | B14: 存货 | C14: =#REF! -> #REF! | D14: =#REF! -> #REF! | E14: =D14-C14 -> #REF! | F14: =IF(C14=0,0,ROUND(E14/C14*100,2)) -> #REF!
A15: 3-10 | B15: 合同资产 | C15: ='3-10合同资产'!M29 -> 0 | D15: ='3-10合同资产'!R29 -> 0 | E15: =D15-C15 -> 0 | F15: =IF(C15=0,0,ROUND(E15/C15*100,2)) -> 0
A16: 3-11 | B16: 持有待售资产 | C16: ='3-11持有待售资产'!G29 -> 0 | D16: ='3-11持有待售资产'!H29 -> 0 | E16: =D16-C16 -> 0 | F16: =IF(C16=0,0,ROUND(E16/C16*100,2)) -> 0
A17: 3-12 | B17: 一年内到期的非流动资产 | C17: ='3-12一年到期非流动资产'!E29 -> 0 | D17: ='3-12一年到期非流动资产'!F29 -> 0 | E17: =D17-C17 -> 0 | F17: =IF(C17=0,0,ROUND(E17/C17*100,2)) -> 0
A18: 3-13 | B18: 其他流动资产 | C18: ='3-13其他流动资产'!F29 -> 0 | D18: ='3-13其他流动资产'!G29 -> 0 | E18: =D18-C18 -> 0 | F18: =IF(C18=0,0,ROUND(E18/C18*100,2)) -> 0
A29: 流动资产合计 | C29: =SUM(C6:C28) -> #REF! | D29: =SUM(D6:D28) -> #REF! | E29: =D29-C29 -> #REF! | F29: =IF(C29=0,0,ROUND(E29/C29*100,2)) -> #REF!
D30: =CONCATENATE(索引!$D$6,"：",索引!$D9," ",索引!$E9) -> 评估人员：高晓宇 王海龙

Sheet 3-1货币汇总表
A1: 货币资金评估汇总表
F2: 表3-1
A3: =#REF! -> #REF!
A4: =#REF! -> #REF! | F4: 金额单位：人民币元
A5: 编号 | B5: 科目名称 | C5: 账面价值 | D5: 评估价值 | E5: 增减值 | F5: 增值率%
A6: 3-1-1 | B6: 现金 | C6: ='3-1-1现金'!F29 -> 0 | D6: ='3-1-1现金'!G29 -> 0 | E6: =D6-C6 -> 0 | F6: =IF(C6=0,0,ROUND(E6/C6*100,2)) -> 0
A7: 3-1-2 | B7: 银行存款 | C7: ='3-1-2银行存款'!G29 -> 0 | D7: ='3-1-2银行存款'!H29 -> 0 | E7: =D7-C7 -> 0 | F7: =IF(C7=0,0,ROUND(E7/C7*100,2)) -> 0
A8: 3-1-3 | B8: 其他货币资金 | C8: ='3-1-3其他货币资金'!G25 -> 0 | D8: ='3-1-3其他货币资金'!H25 -> 0 | E8: =D8-C8 -> 0 | F8: =IF(C8=0,0,ROUND(E8/C8*100,2)) -> 0
A29: 合 计 | C29: =SUM(C6:C28) -> 0 | D29: =SUM(D6:D28) -> 0 | E29: =D29-C29 -> 0 | F29: =IF(C29=0,0,ROUND(E29/C29*100,2)) -> 0
D30: =CONCATENATE(索引!$D$6,"：",索引!$D10," ",索引!$E10) -> 评估人员：高晓宇 王海龙

Sheet 3-1-1现金
A1: 货币资金—现金评估明细表
I2: 表3-1-1
A3: =#REF! -> #REF!
A4: =#REF! -> #REF! | J4: 金额单位：人民币元
A5: 序号 | B5: 存放部门（单位） | C5: 币种 | D5: 外币账面金额 | E5: 评估基准日汇率 | F5: 账面价值 | G5: 评估价值 | H5: 增减值 | I5: 增值率% | J5: 备注
A6: 1 | G6: =F6 -> 0 | H6: =G6-F6 -> 0 | I6: =IF(F6=0,0,ROUND(H6/F6*100,2)) -> 0
A29: 合 计 | F29: =SUM(F6:F28) -> 0 | G29: =SUM(G6:G28) -> 0 | H29: =SUM(H6:H28) -> 0 | I29: =IF(F29=0,0,ROUND(H29/F29*100,2)) -> 0
A30: =#REF! -> #REF! | F30: =CONCATENATE(索引!$D$6,"：",索引!$D11," ",索引!$E11) -> 评估人员：高晓宇 王海龙
A31: =#REF! -> #REF!
A32: 填表说明：
B33: “存放部门”要求填企业内部不同的现金存放部门，每一存放部门应分别填列，如“×××财务处（科）”；
B34: 现金表中的外币，应在“账面价值”一栏填换算后的人民币价值。按币种、存放单位填列明细。评估基准日汇率为基准汇价。

Sheet 3-1-2银行存款
A1: 货币资金—银行存款评估明细表
J2: 表3-1-2
A3: =#REF! -> #REF!
A4: =#REF! -> #REF! | J4: 金额单位：人民币元
A5: 序号 | B5: 开户银行 | C5: 账号 | D5: 币种 | E5: 外币账面金额 | F5: 评估基准日汇率 | G5: 账面价值 | H5: 评估价值 | I5: 增减值 | J5: 增值率% | K5: 备注 | M5: 对账单金额 | N5: 余额调节表金额 | O5: 校核
A6: 1 | H6: =G6 -> 0 | I6: =H6-G6 -> 0 | J6: =IF(G6=0,0,ROUND(I6/G6*100,2)) -> 0 | O6: =M6+N6-G6 -> 0
A7: 2 | H7: =G7 -> 0 | I7: =H7-G7 -> 0 | J7: =IF(G7=0,0,ROUND(I7/G7*100,2)) -> 0 | O7: =M7+N7-G7 -> 0
A29: 合 计 | G29: =SUM(G6:G28) -> 0 | H29: =SUM(H6:H28) -> 0 | I29: =SUM(I6:I28) -> 0 | J29: =IF(G29=0,0,ROUND(I29/G29*100,2)) -> 0 | M29: =SUM(M6:M28) -> 0 | N29: =SUM(N6:N28) -> 0 | O29: =M29+N29-G29 -> 0
A30: =#REF! -> #REF! | G30: =CONCATENATE(索引!$D$6,"：",索引!$D12," ",索引!$E12) -> 评估人员：高晓宇 王海龙
A31: =#REF! -> #REF!
A32: 填表说明：
B33: 要按每一开户银行明细填写银行名称全称、账号、金额等，对于同一开户行的不同货币种类存款、不同账户存款也应分别一一列示，并在“外币账面金额”栏中注明该外币币种的原始币值。

Sheet 3-1-3其他货币资金
A1: 货币资金—其他货币资金评估明细表
K2: 表3-1-3
A3: =#REF! -> #REF!
A4: =#REF! -> #REF! | K4: 金额单位：人民币元
A5: 序号 | B5: 名称及内容 | C5: 用途 | D5: 币种 | E5: 外币账面金额 | F5: 评估基准日汇率 | G5: 账面价值 | H5: 评估价值 | I5: 增减值 | J5: 增值率% | K5: 备注 | M5: 对账单金额 | N5: 余额调节表金额 | O5: 校核
A6: 1 | I6: =H6-G6 -> 0 | J6: =IF(G6=0,0,ROUND(I6/G6*100,2)) -> 0 | O6: =M6+N6-G6 -> 0
A7: 2 | H7: =G7 -> 0 | I7: =H7-G7 -> 0 | J7: =IF(G7=0,0,ROUND(I7/G7*100,2)) -> 0 | O7: =M7+N7-G7 -> 0
O15: =M15+N15-G15 -> 0
O16: =M16+N16-G16 -> 0
O17: =M17+N17-G17 -> 0
O18: =M18+N18-G18 -> 0
O19: =M19+N19-G19 -> 0
O20: =M20+N20-G20 -> 0
O21: =M21+N21-G21 -> 0
O22: =M22+N22-G22 -> 0
O23: =M23+N23-G23 -> 0
O24: =M24+N24-G24 -> 0
A25: 合 计 | G25: =SUM(G6:G24) -> 0 | H25: =SUM(H6:H24) -> 0 | I25: =SUM(I6:I24) -> 0 | J25: =IF(G25=0,0,ROUND(I25/G25*100,2)) -> 0 | M25: =SUM(M6:M24) -> 0 | N25: =SUM(N6:N24) -> 0 | O25: =M25+N25-G25 -> 0
A26: =#REF! -> #REF! | G26: =CONCATENATE(索引!$D$6,"：",索引!$D13," ",索引!$E13) -> 评估人员：高晓宇 王海龙
A27: =#REF! -> #REF!
A28: 填表说明：
B29: 其他货币资金包含外埠存款、信用卡存款、信用证保证金存款等，要分类、分笔填写。对各种货币代值卡，要注明发行的金融单位。
B30: 如为外埠存款或为信用卡存款，则名称及内容栏填写开户行的名称和账号。

Sheet 3-2交易性金融资产汇总表
A1: 交易性金融资产评估汇总表
F2: 表3-2
A3: =#REF! -> #REF!
A4: =#REF! -> #REF! | F4: 金额单位：人民币元
A5: 编号 | B5: 科目名称 | C5: 账面价值 | D5: 评估价值 | E5: 增减值 | F5: 增值率%
A6: 3-2-1 | B6: 交易性金融资产-股票投资 | C6: ='3-2-1交易性-股票'!H29 -> 0 | D6: ='3-2-1交易性-股票'!I29 -> 0 | E6: =D6-C6 -> 0 | F6: =IF(C6=0,0,ROUND(E6/C6*100,2)) -> 0
A7: 3-2-2 | B7: 交易性金融资产-债券投资 | C7: ='3-2-2交易性-债券'!H29 -> 0 | D7: ='3-2-2交易性-债券'!I29 -> 0 | E7: =D7-C7 -> 0 | F7: =IF(C7=0,0,ROUND(E7/C7*100,2)) -> 0
A8: 3-2-3 | B8: 交易性金融资产-基金投资 | C8: ='3-2-3交易性-基金'!I29 -> 0 | D8: ='3-2-3交易性-基金'!J29 -> 0 | E8: =D8-C8 -> 0 | F8: =IF(C8=0,0,ROUND(E8/C8*100,2)) -> 0
A29: 合 计 | C29: =SUM(C6:C28) -> 0 | D29: =SUM(D6:D28) -> 0 | E29: =D29-C29 -> 0 | F29: =IF(C29=0,0,ROUND(E29/C29*100,2)) -> 0
D30: =CONCATENATE(索引!$D$6,"：",索引!$D14," ",索引!$E14) -> 评估人员：高晓宇 王海龙

Sheet 3-2-1交易性-股票
A1: 交易性金融资产—股票投资评估明细表
K2: 表3-2-1
A3: =#REF! -> #REF!
A4: =#REF! -> #REF! | L4: 金额单位：人民币元
A5: 序号 | B5: 被投资单位名称 | C5: 股票名称 | D5: 投资日期 | E5: 持股数量 | F5: 成 本 | G5: 基准日收盘价元/股 | H5: 账面价值 | I5: 评估价值 | J5: 增减值 | K5: 增值率% | L5: 备注
J7: =I7-H7 -> 0 | K7: =IF(H7=0,0,ROUND(J7/G7*100,2)) -> 0
J8: =I8-H8 -> 0 | K8: =IF(H8=0,0,ROUND(J8/G8*100,2)) -> 0
J9: =I9-H9 -> 0 | K9: =IF(H9=0,0,ROUND(J9/G9*100,2)) -> 0
J10: =I10-H10 -> 0 | K10: =IF(H10=0,0,ROUND(J10/G10*100,2)) -> 0
J11: =I11-H11 -> 0 | K11: =IF(H11=0,0,ROUND(J11/G11*100,2)) -> 0
J12: =I12-H12 -> 0 | K12: =IF(H12=0,0,ROUND(J12/G12*100,2)) -> 0
J13: =I13-H13 -> 0 | K13: =IF(H13=0,0,ROUND(J13/G13*100,2)) -> 0
J14: =I14-H14 -> 0 | K14: =IF(H14=0,0,ROUND(J14/G14*100,2)) -> 0
J15: =I15-H15 -> 0 | K15: =IF(H15=0,0,ROUND(J15/G15*100,2)) -> 0
J16: =I16-H16 -> 0 | K16: =IF(H16=0,0,ROUND(J16/G16*100,2)) -> 0
J17: =I17-H17 -> 0 | K17: =IF(H17=0,0,ROUND(J17/G17*100,2)) -> 0
J18: =I18-H18 -> 0 | K18: =IF(H18=0,0,ROUND(J18/G18*100,2)) -> 0
... J28: =I28-H28 -> 0 | K28: =IF(H28=0,0,ROUND(J28/G28*100,2)) -> 0
A29: 合 计 | H29: =SUM(H7:H28) -> 0 | I29: =SUM(I7:I28) -> 0 | J29: =I29-H29 -> 0 | K29: =IF(H29=0,0,ROUND(J29/G29*100,2)) -> 0
A30: =#REF! -> #REF! | H30: =CONCATENATE(索引!$D$6,"：",索引!$D15," ",索引!$E15) -> 评估人员：高晓宇 王海龙
A31: =#REF! -> #REF!
A32: 填表说明：
B33: ①“被投资单位名称”指股票发行单位全称；
B34: ②“股票名称”指该股票标准简称，包括代码，如太极集团600129；
B35: ③“投资日期”指企业购买股票的日期或以其他方式（如非货币性交易换入、以债权换入等）取得股权的协议转让日期，非股票发行日期；

Sheet 3-2-2交易性-债券
A1: 交易性金融资产—债券投资评估明细表
K2: 表3-2-2
A3: =#REF! -> #REF!
A4: =#REF! -> #REF! | L4: 金额单位：人民币元
A5: 序号 | B5: 被投资单位名称 | C5: 债券名称 | D5: 发行日期 | E5: 投资日期 | F5: 票面利率% | G5: 成本 | H5: 账面价值 | I5: 评估价值 | J5: 增减值 | K5: 增值率% | L5: 备注
J7: =I7-H7 -> 0 | K7: =IF(H7=0,0,ROUND(J7/G7*100,2)) -> 0
J8: =I8-H8 -> 0 | K8: =IF(H8=0,0,ROUND(J8/G8*100,2)) -> 0
J9: =I9-H9 -> 0 | K9: =IF(H9=0,0,ROUND(J9/G9*100,2)) -> 0
J10: =I10-H10 -> 0 | K10: =IF(H10=0,0,ROUND(J10/G10*100,2)) -> 0
J11: =I11-H11 -> 0 | K11: =IF(H11=0,0,ROUND(J11/G11*100,2)) -> 0
J12: =I12-H12 -> 0 | K12: =IF(H12=0,0,ROUND(J12/G12*100,2)) -> 0
J13: =I13-H13 -> 0 | K13: =IF(H13=0,0,ROUND(J13/G13*100,2)) -> 0
J14: =I14-H14 -> 0 | K14: =IF(H14=0,0,ROUND(J14/G14*100,2)) -> 0
J15: =I15-H15 -> 0 | K15: =IF(H15=0,0,ROUND(J15/G15*100,2)) -> 0
J16: =I16-H16 -> 0 | K16: =IF(H16=0,0,ROUND(J16/G16*100,2)) -> 0
J17: =I17-H17 -> 0 | K17: =IF(H17=0,0,ROUND(J17/G17*100,2)) -> 0
J18: =I18-H18 -> 0 | K18: =IF(H18=0,0,ROUND(J18/G18*100,2)) -> 0
... J28: =I28-H28 -> 0 | K28: =IF(H28=0,0,ROUND(J28/G28*100,2)) -> 0
A29: 合 计 | H29: =SUM(H7:H28) -> 0 | I29: =SUM(I7:I28) -> 0 | J29: =I29-H29 -> 0 | K29: =IF(H29=0,0,ROUND(J29/G29*100,2)) -> 0
A30: =#REF! -> #REF! | H30: =CONCATENATE(索引!$D$6,"：",索引!$D16," ",索引!$E16) -> 评估人员：高晓宇 王海龙
A31: =#REF! -> #REF!
A32: 填表说明：
B33: ①“被投资单位名称”指发行单位全称；
B34: ②“债券名称”指该债券的种类名称，如：国库券、电力债券＊＊公司债券
B35: ③“投资日期”指企业购买债券的日期；

Sheet 3-2-3交易性-基金
A1: 交易性金融资产—基金投资评估明细表
L2: 表3-2-3
A3: =#REF! -> #REF!
A4: =#REF! -> #REF! | M4: 金额单位：人民币元
A5: 序号 | B5: 基金发行单位 | C5: 基金名称 | D5: 基金类型 | E5: 投资日期 | F5: 基金份数 | G5: 成本 | H5: 基准日净值/份 | I5: 账面价值 | J5: 评估价值 | K5: 增减值 | L5: 增值率% | M5: 备注
K7: =J7-I7 -> 0 | L7: =IF(I7=0,0,ROUND(K7/H7*100,2)) -> 0
K8: =J8-I8 -> 0 | L8: =IF(I8=0,0,ROUND(K8/H8*100,2)) -> 0
K9: =J9-I9 -> 0 | L9: =IF(I9=0,0,ROUND(K9/H9*100,2)) -> 0
K10: =J10-I10 -> 0 | L10: =IF(I10=0,0,ROUND(K10/H10*100,2)) -> 0
K11: =J11-I11 -> 0 | L11: =IF(I11=0,0,ROUND(K11/H11*100,2)) -> 0
K12: =J12-I12 -> 0 | L12: =IF(I12=0,0,ROUND(K12/H12*100,2)) -> 0
K13: =J13-I13 -> 0 | L13: =IF(I13=0,0,ROUND(K13/H13*100,2)) -> 0
K14: =J14-I14 -> 0 | L14: =IF(I14=0,0,ROUND(K14/H14*100,2)) -> 0
K15: =J15-I15 -> 0 | L15: =IF(I15=0,0,ROUND(K15/H15*100,2)) -> 0
K16: =J16-I16 -> 0 | L16: =IF(I16=0,0,ROUND(K16/H16*100,2)) -> 0
K17: =J17-I17 -> 0 | L17: =IF(I17=0,0,ROUND(K17/H17*100,2)) -> 0
K18: =J18-I18 -> 0 | L18: =IF(I18=0,0,ROUND(K18/H18*100,2)) -> 0
... K28: =J28-I28 -> 0 | L28: =IF(I28=0,0,ROUND(K28/H28*100,2)) -> 0
A29: 合 计 | I29: =SUM(I7:I28) -> 0 | J29: =SUM(J7:J28) -> 0 | K29: =J29-I29 -> 0 | L29: =IF(I29=0,0,ROUND(K29/H29*100,2)) -> 0
A30: =#REF! -> #REF! | I30: =CONCATENATE(索引!$D$6,"：",索引!$D17," ",索引!$E17) -> 评估人员：高晓宇 王海龙
A31: =#REF! -> #REF!
A32: 填表说明：
B33: 基金类型指开放式和封闭式，其他项目和表“3-2-1”相同

Sheet 3-3衍生金融资产
A1: 衍生金融资产评估明细表
P2: 表3-3
A3: =#REF! -> #REF!
A4: =#REF! -> #REF! | P4: 金额单位：人民币元
A5: 序号 | B5: 类型 | C5: 标的物/标的资产 | D5: 交易时间 | E5: 交割方式 | F5: 投资日期 | G5: 持有数量 | H5: 现行年利率% | I5: 浮动利率/固定利率% | J5: 成 本 | K5: 基准日交易均价 | L5: 账面价值 | M5: 评估价值 | N5: 增减值 | O5: 增值率% | P5: 备注
N7: =M7-L7 -> 0 | O7: =IF(L7=0,0,ROUND(N7/K7*100,2)) -> 0
N8: =M8-L8 -> 0 | O8: =IF(L8=0,0,ROUND(N8/K8*100,2)) -> 0
N9: =M9-L9 -> 0 | O9: =IF(L9=0,0,ROUND(N9/K9*100,2)) -> 0
N10: =M10-L10 -> 0 | O10: =IF(L10=0,0,ROUND(N10/K10*100,2)) -> 0
N11: =M11-L11 -> 0 | O11: =IF(L11=0,0,ROUND(N11/K11*100,2)) -> 0
N12: =M12-L12 -> 0 | O12: =IF(L12=0,0,ROUND(N12/K12*100,2)) -> 0
N13: =M13-L13 -> 0 | O13: =IF(L13=0,0,ROUND(N13/K13*100,2)) -> 0
N14: =M14-L14 -> 0 | O14: =IF(L14=0,0,ROUND(N14/K14*100,2)) -> 0
N15: =M15-L15 -> 0 | O15: =IF(L15=0,0,ROUND(N15/K15*100,2)) -> 0
N16: =M16-L16 -> 0 | O16: =IF(L16=0,0,ROUND(N16/K16*100,2)) -> 0
N17: =M17-L17 -> 0 | O17: =IF(L17=0,0,ROUND(N17/K17*100,2)) -> 0
N18: =M18-L18 -> 0 | O18: =IF(L18=0,0,ROUND(N18/K18*100,2)) -> 0
... N28: =M28-L28 -> 0 | O28: =IF(L28=0,0,ROUND(N28/K28*100,2)) -> 0
A29: 合 计 | L29: =SUM(L7:L28) -> 0 | M29: =SUM(M7:M28) -> 0 | N29: =M29-L29 -> 0 | O29: =IF(L29=0,0,ROUND(N29/K29*100,2)) -> 0
A30: =#REF! -> #REF! | L30: =CONCATENATE(索引!$D$6,"：",索引!$D18," ",索引!$E18) -> 评估人员：高晓宇 王海龙
A31: =#REF! -> #REF!

Sheet 3-4应收票据
A1: 应收票据评估明细表
K2: 表3-4
A3: =#REF! -> #REF!
A4: =#REF! -> #REF! | K4: 金额单位：人民币元
A5: 序号 | B5: 户名（结算对象) | C5: 出票日期 | D5: 到期日期 | E5: 票面利率% | F5: 账面价值 | G5: 坏账准备 | H5: 评估价值 | I5: 增减值 | J5: 增值率% | K5: 备注 | M5: 非经营性资产
M6: 账面价值 | N6: 评估价值 | P6: 融资形式 | Q6: 业务内容 | R6: 票据号码 | S6: 出票人 | T6: 票据状态
H7: =F7 -> 0 | I7: =H7-F7 -> 0 | J7: =IF(F7=0,0,ROUND(I7/F7*100,2)) -> 0
H8: =F8 -> 0 | I8: =H8-F8 -> 0 | J8: =IF(F8=0,0,ROUND(I8/F8*100,2)) -> 0
H9: =F9 -> 0 | I9: =H9-F9 -> 0 | J9: =IF(F9=0,0,ROUND(I9/F9*100,2)) -> 0
H10: =F10 -> 0 | I10: =H10-F10 -> 0 | J10: =IF(F10=0,0,ROUND(I10/F10*100,2)) -> 0
H11: =F11 -> 0 | I11: =H11-F11 -> 0 | J11: =IF(F11=0,0,ROUND(I11/F11*100,2)) -> 0
H12: =F12 -> 0 | I12: =H12-F12 -> 0 | J12: =IF(F12=0,0,ROUND(I12/F12*100,2)) -> 0
H13: =F13 -> 0 | I13: =H13-F13 -> 0 | J13: =IF(F13=0,0,ROUND(I13/F13*100,2)) -> 0
H14: =F14 -> 0 | I14: =H14-F14 -> 0 | J14: =IF(F14=0,0,ROUND(I14/F14*100,2)) -> 0
H15: =F15 -> 0 | I15: =H15-F15 -> 0 | J15: =IF(F15=0,0,ROUND(I15/F15*100,2)) -> 0
H16: =F16 -> 0 | I16: =H16-F16 -> 0 | J16: =IF(F16=0,0,ROUND(I16/F16*100,2)) -> 0
H17: =F17 -> 0 | I17: =H17-F17 -> 0 | J17: =IF(F17=0,0,ROUND(I17/F17*100,2)) -> 0
H18: =F18 -> 0 | I18: =H18-F18 -> 0 | J18: =IF(F18=0,0,ROUND(I18/F18*100,2)) -> 0
... H25: =F25 -> 0 | I25: =H25-F25 -> 0 | J25: =IF(F25=0,0,ROUND(I25/F25*100,2)) -> 0
A26: 合计 | F26: =SUM(F7:F25) -> 0 | G26: =SUM(G7:G25) -> 0 | H26: =SUM(H7:H25) -> 0 | I26: =H26-F26 -> 0 | J26: =IF(F26=0,0,ROUND(I26/F26*100,2)) -> 0
A27: 减：坏账准备 | F27: =G26 -> 0
A28: 减：评估风险损失 | H28: =F27 -> 0
A29: 净额 | F29: =F26-F27 -> 0 | H29: =H26-H28 -> 0 | I29: =H29-F29 -> 0 | J29: =IF(F29=0,0,ROUND(I29/F29*100,2)) -> 0 | M29: =SUM(M7:M27) -> 0 | N29: =SUM(N7:N27) -> 0
A30: =#REF! -> #REF! | F30: =CONCATENATE(索引!$D$6,"：",索引!$D19," ",索引!$E19) -> 评估人员：高晓宇 王海龙
A31: =#REF! -> #REF!
A32: 填表说明：
B33: ①“户名”指债务人的户名全称；
B34: ②“出票日期”指签发该票据的日期。
A35: 注意事项：
B36: 对于逾期未收回的应收票据，请在“备注”栏中标明未收回的原因；
B37: “涉及法律诉讼”的款项、欠款单位为关联方或内部往来的款项、用于抵押的应收票据等应分别在“备注”栏中予以说明。

Sheet 3-5应收账款
A1: 应收账款评估明细表
U2: 表3-5
A3: =#REF! -> #REF!
A4: =#REF! -> #REF! | U4: 金额单位：人民币元
A5: 序号 | B5: 欠款单位名称（结算对象) | C5: 关联关系类型 | D5: 业务内容 | E5: 最后一次 变动日期 | F5: 账龄 | M5: 账面价值 | N5: 计提坏账准备 | Q5: 预计不可收回金额 | R5: 评估价值 | S5: 增减值 | T5: 增值率% | U5: 备注 | W5: 非经营性资产
F6: 1-6个月以内金额 | G6: 7--12个月以内金额 | H6: 1-2年金额 | I6: 2-3年金额 | J6: 3-4年金额 | K6: 4-5年金额 | L6: 5年以上金额 | N6: 账龄计提 | O6: 个别计提 | P6: 合计 | W6: 账面价值 | X6: 评估价值
M7: =SUM(F7:L7) -> 0 | N7: =F7*0%+G7*0%+H7*5%+I7*10%+J7*20%+K7*50%+L7*100% -> 0 | P7: =N7+O7 -> 0 | Q7: =P7 -> 0 | R7: =M7 -> 0 | S7: =R7-M7 -> 0 | T7: =IF(M7=0,0,ROUND(S7/M7*100,2)) -> 0
M8: =SUM(F8:L8) -> 0 | N8: =F8*0%+G8*0%+H8*5%+I8*10%+J8*20%+K8*50%+L8*100% -> 0 | P8: =N8+O8 -> 0 | Q8: =P8 -> 0 | R8: =M8 -> 0 | S8: =R8-M8 -> 0 | T8: =IF(M8=0,0,ROUND(S8/M8*100,2)) -> 0
M9: =SUM(F9:L9) -> 0 | N9: =F9*0%+G9*0%+H9*5%+I9*10%+J9*20%+K9*50%+L9*100% -> 0 | P9: =N9+O9 -> 0 | Q9: =P9 -> 0 | R9: =M9 -> 0 | S9: =R9-M9 -> 0 | T9: =IF(M9=0,0,ROUND(S9/M9*100,2)) -> 0
M10: =SUM(F10:L10) -> 0 | N10: =F10*0%+G10*0%+H10*5%+I10*10%+J10*20%+K10*50%+L10*100% -> 0 | P10: =N10+O10 -> 0 | Q10: =P10 -> 0 | R10: =M10 -> 0 | S10: =R10-M10 -> 0 | T10: =IF(M10=0,0,ROUND(S10/M10*100,2)) -> 0
M11: =SUM(F11:L11) -> 0 | N11: =F11*0%+G11*0%+H11*5%+I11*10%+J11*20%+K11*50%+L11*100% -> 0 | P11: =N11+O11 -> 0 | Q11: =P11 -> 0 | R11: =M11 -> 0 | S11: =R11-M11 -> 0 | T11: =IF(M11=0,0,ROUND(S11/M11*100,2)) -> 0
M12: =SUM(F12:L12) -> 0 | N12: =F12*0%+G12*0%+H12*5%+I12*10%+J12*20%+K12*50%+L12*100% -> 0 | P12: =N12+O12 -> 0 | Q12: =P12 -> 0 | R12: =M12 -> 0 | S12: =R12-M12 -> 0 | T12: =IF(M12=0,0,ROUND(S12/M12*100,2)) -> 0
M13: =SUM(F13:L13) -> 0 | N13: =F13*0%+G13*0%+H13*5%+I13*10%+J13*20%+K13*50%+L13*100% -> 0 | P13: =N13+O13 -> 0 | Q13: =P13 -> 0 | R13: =M13 -> 0 | S13: =R13-M13 -> 0 | T13: =IF(M13=0,0,ROUND(S13/M13*100,2)) -> 0
M14: =SUM(F14:L14) -> 0 | N14: =F14*0%+G14*0%+H14*5%+I14*10%+J14*20%+K14*50%+L14*100% -> 0 | P14: =N14+O14 -> 0 | Q14: =P14 -> 0 | R14: =M14 -> 0 | S14: =R14-M14 -> 0 | T14: =IF(M14=0,0,ROUND(S14/M14*100,2)) -> 0
M15: =SUM(F15:L15) -> 0 | N15: =F15*0%+G15*0%+H15*5%+I15*10%+J15*20%+K15*50%+L15*100% -> 0 | P15: =N15+O15 -> 0 | Q15: =P15 -> 0 | R15: =M15 -> 0 | S15: =R15-M15 -> 0 | T15: =IF(M15=0,0,ROUND(S15/M15*100,2)) -> 0
M16: =SUM(F16:L16) -> 0 | N16: =F16*0%+G16*0%+H16*5%+I16*10%+J16*20%+K16*50%+L16*100% -> 0 | P16: =N16+O16 -> 0 | Q16: =P16 -> 0 | R16: =M16 -> 0 | S16: =R16-M16 -> 0 | T16: =IF(M16=0,0,ROUND(S16/M16*100,2)) -> 0
M17: =SUM(F17:L17) -> 0 | N17: =F17*0%+G17*0%+H17*5%+I17*10%+J17*20%+K17*50%+L17*100% -> 0 | P17: =N17+O17 -> 0 | Q17: =P17 -> 0 | R17: =M17 -> 0 | S17: =R17-M17 -> 0 | T17: =IF(M17=0,0,ROUND(S17/M17*100,2)) -> 0
M18: =SUM(F18:L18) -> 0 | N18: =F18*0%+G18*0%+H18*5%+I18*10%+J18*20%+K18*50%+L18*100% -> 0 | P18: =N18+O18 -> 0 | Q18: =P18 -> 0 | R18: =M18 -> 0 | S18: =R18-M18 -> 0 | T18: =IF(M18=0,0,ROUND(S18/M18*100,2)) -> 0
... M25: =SUM(F25:L25) -> 0 | N25: =F25*0%+G25*0%+H25*5%+I25*10%+J25*20%+K25*50%+L25*100% -> 0 | P25: =N25+O25 -> 0 | Q25: =P25 -> 0 | R25: =M25 -> 0 | S25: =R25-M25 -> 0 | T25: =IF(M25=0,0,ROUND(S25/M25*100,2)) -> 0
A26: 合计 | M26: =SUM(M7:M25) -> 0 | N26: =SUM(N7:N25) -> 0 | O26: =SUM(O7:O25) -> 0 | P26: =SUM(P7:P25) -> 0 | Q26: =SUM(Q7:Q25) -> 0 | R26: =SUM(R7:R25) -> 0 | S26: =R26-M26 -> 0 | T26: =IF(M26=0,0,ROUND(S26/M26*100,2)) -> 0
A27: 减：坏账准备 | M27: =P26 -> 0
A28: 减：评估风险损失 | R28: =Q26 -> 0
A29: 净额 | M29: =M26-M27 -> 0 | R29: =R26-R28 -> 0 | S29: =R29-M29 -> 0 | T29: =IF(M29=0,0,ROUND(S29/M29*100,2)) -> 0 | W29: =SUM(W7:W28) -> 0 | X29: =SUM(X7:X28) -> 0
A30: =#REF! -> #REF! | M30: =CONCATENATE(索引!$D$6,"：",索引!$D20," ",索引!$E20) -> 评估人员：高晓宇 王海龙
A31: =#REF! -> #REF!
A32: 填表说明：
B33: ①“业务内容”：指发生应收账款的相应业务名称，应收账款不分金额大小一律按照债务人和业务性质逐笔填列，不能出现其他；
B34: ②“最后一次变动日期”：对滚动发生额可按照基准日前最后一次应收账款发生额的月份月末余额填列；
B35: ③“账龄”：按1年以内，1~2年，2~3年，3~4年，4~5年，5年以上即可；
B36: ④欠款单位名称应填列全称，不应以地名或不明确的简称代替；
B37: ⑤需要在备注中标明的事项有：1）欠款单位为关联方、总公司内部或本公司内部单位的，应在备注栏注明“关联方”、“总公司内部”“内部单位”；
D38: 2） 涉诉款项应在备注中标明；
D39: 3）评估基准日后已收回款项的，应注明日期如“2023年7月4日收回”；
D40: 4）其他填表单位认为应说明的事项

Sheet 3-6应收款项融资
A1: 应收款项融资评估明细表
N2: 表3-6
A3: =#REF! -> #REF!
A4: =#REF! -> #REF! | N4: 金额单位：人民币元
A5: 序号 | B5: 户名（结算对象) | C5: 融资形式 | D5: 出票日期 | E5: 到期日期 | F5: 票面利率% | G5: 业务内容 | H5: 发生日期 | I5: 账面价值 | J5: 坏账准备 | K5: 评估价值 | L5: 增减值 | M5: 增值率% | N5: 备注 | P5: 非经营性资产
P6: 账面价值 | Q6: 评估价值 | S6: 票据号码 | T6: 出票人 | U6: 票据状态 | V6: 出票日期 | W6: 票面利率
K7: =I7 -> 0 | L7: =K7-I7 -> 0 | M7: =IF(I7=0,0,ROUND(L7/I7*100,2)) -> 0
K8: =I8 -> 0 | L8: =K8-I8 -> 0 | M8: =IF(I8=0,0,ROUND(L8/I8*100,2)) -> 0
K9: =I9 -> 0 | L9: =K9-I9 -> 0 | M9: =IF(I9=0,0,ROUND(L9/I9*100,2)) -> 0
K10: =I10 -> 0 | L10: =K10-I10 -> 0 | M10: =IF(I10=0,0,ROUND(L10/I10*100,2)) -> 0
K11: =I11 -> 0 | L11: =K11-I11 -> 0 | M11: =IF(I11=0,0,ROUND(L11/I11*100,2)) -> 0
K12: =I12 -> 0 | L12: =K12-I12 -> 0 | M12: =IF(I12=0,0,ROUND(L12/I12*100,2)) -> 0
K13: =I13 -> 0 | L13: =K13-I13 -> 0 | M13: =IF(I13=0,0,ROUND(L13/I13*100,2)) -> 0
K14: =I14 -> 0 | L14: =K14-I14 -> 0 | M14: =IF(I14=0,0,ROUND(L14/I14*100,2)) -> 0
K15: =I15 -> 0 | L15: =K15-I15 -> 0 | M15: =IF(I15=0,0,ROUND(L15/I15*100,2)) -> 0
K16: =I16 -> 0 | L16: =K16-I16 -> 0 | M16: =IF(I16=0,0,ROUND(L16/I16*100,2)) -> 0
K17: =I17 -> 0 | L17: =K17-I17 -> 0 | M17: =IF(I17=0,0,ROUND(L17/I17*100,2)) -> 0
K18: =I18 -> 0 | L18: =K18-I18 -> 0 | M18: =IF(I18=0,0,ROUND(L18/I18*100,2)) -> 0
... K24: =I24 -> 0 | L24: =K24-I24 -> 0 | M24: =IF(I24=0,0,ROUND(L24/I24*100,2)) -> 0
A26: 合计 | I26: =SUM(I7:I25) -> 0 | J26: =SUM(J7:J25) -> 0 | K26: =SUM(K7:K25) -> 0 | L26: =K26-I26 -> 0 | M26: =IF(I26=0,0,ROUND(L26/I26*100,2)) -> 0
A27: 减：坏账准备 | I27: =J26 -> 0
A28: 减：评估风险损失 | K28: =I27 -> 0
A29: 净额 | I29: =I26-I27 -> 0 | K29: =K26-K28 -> 0 | L29: =K29-I29 -> 0 | M29: =IF(I29=0,0,ROUND(L29/I29*100,2)) -> 0 | P29: =SUM(P7:P27) -> 0 | Q29: =SUM(Q7:Q27) -> 0
A30: =#REF! -> #REF! | I30: =CONCATENATE(索引!$D$6,"：",索引!$D21," ",索引!$E21) -> 评估人员：高晓宇 王海龙
A31: =#REF! -> #REF!
A32: 填表说明：
B33: 具有融资性的应收票据重分类至本科目的，应在应收票据科目披露质押和背书的情况，如存在应收账款的重分类，应比照应收账款科目进行披露。

Sheet 3-7预付账款
A1: 预付账款评估明细表
U2: 表3-7
A3: =#REF! -> #REF!
A4: =#REF! -> #REF! | U4: 金额单位：人民币元
A5: 序号 | B5: 收款单位名称（结算对象) | C5: 关联关系类型 | D5: 业务内容 | E5: 发生日期 | F5: 账龄 | M5: 账面价值 | N5: 计提坏账准备 | Q5: 预计不可收回金额 | R5: 评估价值 | S5: 增减值 | T5: 增值率% | U5: 备注 | W5: 非经营性资产
F6: 1-6个月以内金额 | G6: 7--12个月以内金额 | H6: 1-2年金额 | I6: 2-3年金额 | J6: 3-4年金额 | K6: 4-5年金额 | L6: 5年以上金额 | N6: 账龄计提 | O6: 个别计提 | P6: 合计 | W6: 账面价值 | X6: 评估价值
M7: =SUM(F7:L7) -> 0 | P7: =N7+O7 -> 0 | Q7: =P7 -> 0 | R7: =M7 -> 0 | S7: =R7-M7 -> 0 | T7: =IF(M7=0,0,ROUND(S7/M7*100,2)) -> 0
M8: =SUM(F8:L8) -> 0 | P8: =N8+O8 -> 0 | Q8: =P8 -> 0 | R8: =M8 -> 0 | S8: =R8-M8 -> 0 | T8: =IF(M8=0,0,ROUND(S8/M8*100,2)) -> 0
M9: =SUM(F9:L9) -> 0 | P9: =N9+O9 -> 0 | Q9: =P9 -> 0 | R9: =M9 -> 0 | S9: =R9-M9 -> 0 | T9: =IF(M9=0,0,ROUND(S9/M9*100,2)) -> 0
M10: =SUM(F10:L10) -> 0 | P10: =N10+O10 -> 0 | Q10: =P10 -> 0 | R10: =M10 -> 0 | S10: =R10-M10 -> 0 | T10: =IF(M10=0,0,ROUND(S10/M10*100,2)) -> 0
M11: =SUM(F11:L11) -> 0 | P11: =N11+O11 -> 0 | Q11: =P11 -> 0 | R11: =M11 -> 0 | S11: =R11-M11 -> 0 | T11: =IF(M11=0,0,ROUND(S11/M11*100,2)) -> 0
M12: =SUM(F12:L12) -> 0 | P12: =N12+O12 -> 0 | Q12: =P12 -> 0 | R12: =M12 -> 0 | S12: =R12-M12 -> 0 | T12: =IF(M12=0,0,ROUND(S12/M12*100,2)) -> 0
M13: =SUM(F13:L13) -> 0 | P13: =N13+O13 -> 0 | Q13: =P13 -> 0 | R13: =M13 -> 0 | S13: =R13-M13 -> 0 | T13: =IF(M13=0,0,ROUND(S13/M13*100,2)) -> 0
M14: =SUM(F14:L14) -> 0 | P14: =N14+O14 -> 0 | Q14: =P14 -> 0 | R14: =M14 -> 0 | S14: =R14-M14 -> 0 | T14: =IF(M14=0,0,ROUND(S14/M14*100,2)) -> 0
M15: =SUM(F15:L15) -> 0 | P15: =N15+O15 -> 0 | Q15: =P15 -> 0 | R15: =M15 -> 0 | S15: =R15-M15 -> 0 | T15: =IF(M15=0,0,ROUND(S15/M15*100,2)) -> 0
M16: =SUM(F16:L16) -> 0 | P16: =N16+O16 -> 0 | Q16: =P16 -> 0 | R16: =M16 -> 0 | S16: =R16-M16 -> 0 | T16: =IF(M16=0,0,ROUND(S16/M16*100,2)) -> 0
M17: =SUM(F17:L17) -> 0 | P17: =N17+O17 -> 0 | Q17: =P17 -> 0 | R17: =M17 -> 0 | S17: =R17-M17 -> 0 | T17: =IF(M17=0,0,ROUND(S17/M17*100,2)) -> 0
M18: =SUM(F18:L18) -> 0 | P18: =N18+O18 -> 0 | Q18: =P18 -> 0 | R18: =M18 -> 0 | S18: =R18-M18 -> 0 | T18: =IF(M18=0,0,ROUND(S18/M18*100,2)) -> 0
... M25: =SUM(F25:L25) -> 0 | P25: =N25+O25 -> 0 | Q25: =P25 -> 0 | R25: =M25 -> 0 | S25: =R25-M25 -> 0 | T25: =IF(M25=0,0,ROUND(S25/M25*100,2)) -> 0
A26: 合计 | M26: =SUM(M7:M25) -> 0 | O26: =SUM(O7:O25) -> 0 | P26: =SUM(P7:P25) -> 0 | Q26: =SUM(Q7:Q25) -> 0 | R26: =SUM(R7:R25) -> 0 | S26: =R26-M26 -> 0 | T26: =IF(M26=0,0,ROUND(S26/M26*100,2)) -> 0
A27: 减：坏账准备 | M27: =P26 -> 0
A28: 减：评估风险损失 | R28: =Q26 -> 0
A29: 净额 | M29: =M26-M27 -> 0 | R29: =R26-R28 -> 0 | S29: =R29-M29 -> 0 | T29: =IF(M29=0,0,ROUND(S29/M29*100,2)) -> 0 | W29: =SUM(W7:W27) -> 0 | X29: =SUM(X7:X27) -> 0
A30: =#REF! -> #REF! | M30: =CONCATENATE(索引!$D$6,"：",索引!$D20," ",索引!$E20) -> 评估人员：高晓宇 王海龙
A31: =#REF! -> #REF!
A32: 填表说明：
B33: 对预付设备款所涉及的实物已到货安装、使用，在清查时应注意与实物管理部门核对，以免出现重复申报或资产非真实盘盈。

Sheet 3-8其他应收款汇总表 
A1: 其他应收款资产评估汇总表
F2: 表3-8
A3: =#REF! -> #REF!
A4: =#REF! -> #REF! | F4: 金额单位：人民币元 | H4: 非经营性资产
A5: 编号 | B5: 科目名称 | C5: 账面价值 | D5: 评估价值 | E5: 增减值 | F5: 增值率% | H5: 账面价值 | I5: 评估价值
A6: 3-8-1 | B6: 其他应收款 | C6: ='3-8-1其他应收款'!M29 -> 0 | D6: ='3-8-1其他应收款'!R29 -> 0 | E6: ='3-8-1其他应收款'!S29 -> 0 | F6: =IF(C6=0,0,ROUND(E6/C6*100,2)) -> 0 | H6: ='3-8-1其他应收款'!W29 -> 0 | I6: ='3-8-1其他应收款'!X29 -> 0
A7: 3-8-2 | B7: 应收利息 | C7: ='3-8-2应收利息'!G29 -> 0 | D7: ='3-8-2应收利息'!I29 -> 0 | E7: ='3-8-2应收利息'!J29 -> 0 | F7: =IF(C7=0,0,ROUND(E7/C7*100,2)) -> 0 | H7: ='3-8-2应收利息'!N29 -> 0 | I7: ='3-8-2应收利息'!O29 -> 0
A8: 3-8-3 | B8: 应收股利 | C8: ='3-8-3应收股利'!E29 -> 0 | D8: ='3-8-3应收股利'!G29 -> 0 | E8: ='3-8-3应收股利'!H29 -> 0 | F8: =IF(C8=0,0,ROUND(E8/C8*100,2)) -> 0 | H8: ='3-8-3应收股利'!L29 -> 0 | I8: ='3-8-3应收股利'!M29 -> 0
A29: 合 计 | C29: =SUM(C6:C28) -> 0 | D29: =SUM(D6:D28) -> 0 | E29: =D29-C29 -> 0 | F29: =IF(C29=0,0,ROUND(E29/C29*100,2)) -> 0 | H29: =SUM(H6:H28) -> 0 | I29: =SUM(I6:I28) -> 0
D30: =CONCATENATE(索引!$D$6,"：",索引!$D23," ",索引!$E23) -> 评估人员：高晓宇 王海龙

Sheet 3-8-1其他应收款
A1: 其他应收款评估明细表
U2: 表3-8-1
A3: =#REF! -> #REF!
A4: =#REF! -> #REF! | U4: 金额单位：人民币元
A5: 序号 | B5: 欠款单位（人）名称（结算对象) | C5: 关联关系类型 | D5: 业务内容 | E5: 最后一次 变动日期 | F5: 账龄 | M5: 账面价值 | N5: 计提坏账准备 | Q5: 预计不可收回金额 | R5: 评估价值 | S5: 增减值 | T5: 增值率% | U5: 备注 | W5: 非经营性资产
F6: 1-6个月以内金额 | G6: 7--12个月以内金额 | H6: 1-2年金额 | I6: 2-3年金额 | J6: 3-4年金额 | K6: 4-5年金额 | L6: 5年以上金额 | N6: 账龄计提 | O6: 个别计提 | P6: 合计 | W6: 账面价值 | X6: 评估价值
M7: =SUM(F7:L7) -> 0 | N7: =F7*0%+G7*0%+H7*5%+I7*10%+J7*20%+K7*50%+L7*100% -> 0 | P7: =N7+O7 -> 0 | Q7: =P7 -> 0 | R7: =M7 -> 0 | S7: =R7-M7 -> 0 | T7: =IF(M7=0,0,ROUND(S7/M7*100,2)) -> 0
M8: =SUM(F8:L8) -> 0 | N8: =F8*0%+G8*0%+H8*5%+I8*10%+J8*20%+K8*50%+L8*100% -> 0 | P8: =N8+O8 -> 0 | Q8: =P8 -> 0 | R8: =M8 -> 0 | S8: =R8-M8 -> 0 | T8: =IF(M8=0,0,ROUND(S8/M8*100,2)) -> 0
M9: =SUM(F9:L9) -> 0 | N9: =F9*0%+G9*0%+H9*5%+I9*10%+J9*20%+K9*50%+L9*100% -> 0 | P9: =N9+O9 -> 0 | Q9: =P9 -> 0 | R9: =M9 -> 0 | S9: =R9-M9 -> 0 | T9: =IF(M9=0,0,ROUND(S9/M9*100,2)) -> 0
M10: =SUM(F10:L10) -> 0 | N10: =F10*0%+G10*0%+H10*5%+I10*10%+J10*20%+K10*50%+L10*100% -> 0 | P10: =N10+O10 -> 0 | Q10: =P10 -> 0 | R10: =M10 -> 0 | S10: =R10-M10 -> 0 | T10: =IF(M10=0,0,ROUND(S10/M10*100,2)) -> 0
M11: =SUM(F11:L11) -> 0 | N11: =F11*0%+G11*0%+H11*5%+I11*10%+J11*20%+K11*50%+L11*100% -> 0 | P11: =N11+O11 -> 0 | Q11: =P11 -> 0 | R11: =M11 -> 0 | S11: =R11-M11 -> 0 | T11: =IF(M11=0,0,ROUND(S11/M11*100,2)) -> 0
M12: =SUM(F12:L12) -> 0 | N12: =F12*0%+G12*0%+H12*5%+I12*10%+J12*20%+K12*50%+L12*100% -> 0 | P12: =N12+O12 -> 0 | Q12: =P12 -> 0 | R12: =M12 -> 0 | S12: =R12-M12 -> 0 | T12: =IF(M12=0,0,ROUND(S12/M12*100,2)) -> 0
M13: =SUM(F13:L13) -> 0 | N13: =F13*0%+G13*0%+H13*5%+I13*10%+J13*20%+K13*50%+L13*100% -> 0 | P13: =N13+O13 -> 0 | Q13: =P13 -> 0 | R13: =M13 -> 0 | S13: =R13-M13 -> 0 | T13: =IF(M13=0,0,ROUND(S13/M13*100,2)) -> 0
M14: =SUM(F14:L14) -> 0 | N14: =F14*0%+G14*0%+H14*5%+I14*10%+J14*20%+K14*50%+L14*100% -> 0 | P14: =N14+O14 -> 0 | Q14: =P14 -> 0 | R14: =M14 -> 0 | S14: =R14-M14 -> 0 | T14: =IF(M14=0,0,ROUND(S14/M14*100,2)) -> 0
M15: =SUM(F15:L15) -> 0 | N15: =F15*0%+G15*0%+H15*5%+I15*10%+J15*20%+K15*50%+L15*100% -> 0 | P15: =N15+O15 -> 0 | Q15: =P15 -> 0 | R15: =M15 -> 0 | S15: =R15-M15 -> 0 | T15: =IF(M15=0,0,ROUND(S15/M15*100,2)) -> 0
M16: =SUM(F16:L16) -> 0 | N16: =F16*0%+G16*0%+H16*5%+I16*10%+J16*20%+K16*50%+L16*100% -> 0 | P16: =N16+O16 -> 0 | Q16: =P16 -> 0 | R16: =M16 -> 0 | S16: =R16-M16 -> 0 | T16: =IF(M16=0,0,ROUND(S16/M16*100,2)) -> 0
M17: =SUM(F17:L17) -> 0 | N17: =F17*0%+G17*0%+H17*5%+I17*10%+J17*20%+K17*50%+L17*100% -> 0 | P17: =N17+O17 -> 0 | Q17: =P17 -> 0 | R17: =M17 -> 0 | S17: =R17-M17 -> 0 | T17: =IF(M17=0,0,ROUND(S17/M17*100,2)) -> 0
M18: =SUM(F18:L18) -> 0 | N18: =F18*0%+G18*0%+H18*5%+I18*10%+J18*20%+K18*50%+L18*100% -> 0 | P18: =N18+O18 -> 0 | Q18: =P18 -> 0 | R18: =M18 -> 0 | S18: =R18-M18 -> 0 | T18: =IF(M18=0,0,ROUND(S18/M18*100,2)) -> 0
M19: =SUM(F19:L19) -> 0 | N19: =F19*0%+G19*0%+H19*5%+I19*10%+J19*20%+K19*50%+L19*100% -> 0
M20: =SUM(F20:L20) -> 0 | N20: =F20*0%+G20*0%+H20*5%+I20*10%+J20*20%+K20*50%+L20*100% -> 0 | P20: =N20+O20 -> 0 | Q20: =P20 -> 0 | R20: =M20 -> 0 | S20: =R20-M20 -> 0 | T20: =IF(M20=0,0,ROUND(S20/M20*100,2)) -> 0
M21: =SUM(F21:L21) -> 0 | N21: =F21*0%+G21*0%+H21*5%+I21*10%+J21*20%+K21*50%+L21*100% -> 0 | P21: =N21+O21 -> 0 | Q21: =P21 -> 0 | R21: =M21 -> 0 | S21: =R21-M21 -> 0 | T21: =IF(M21=0,0,ROUND(S21/M21*100,2)) -> 0
M22: =SUM(F22:L22) -> 0 | N22: =F22*0%+G22*0%+H22*5%+I22*10%+J22*20%+K22*50%+L22*100% -> 0 | P22: =N22+O22 -> 0 | Q22: =P22 -> 0 | R22: =M22 -> 0 | S22: =R22-M22 -> 0 | T22: =IF(M22=0,0,ROUND(S22/M22*100,2)) -> 0
M23: =SUM(F23:L23) -> 0 | N23: =F23*0%+G23*0%+H23*5%+I23*10%+J23*20%+K23*50%+L23*100% -> 0 | P23: =N23+O23 -> 0 | Q23: =P23 -> 0 | R23: =M23 -> 0 | S23: =R23-M23 -> 0 | T23: =IF(M23=0,0,ROUND(S23/M23*100,2)) -> 0
M24: =SUM(F24:L24) -> 0 | N24: =F24*0%+G24*0%+H24*5%+I24*10%+J24*20%+K24*50%+L24*100% -> 0 | P24: =N24+O24 -> 0 | Q24: =P24 -> 0 | R24: =M24 -> 0 | S24: =R24-M24 -> 0 | T24: =IF(M24=0,0,ROUND(S24/M24*100,2)) -> 0
M25: =SUM(F25:L25) -> 0 | N25: =F25*0%+G25*0%+H25*5%+I25*10%+J25*20%+K25*50%+L25*100% -> 0 | P25: =N25+O25 -> 0 | Q25: =P25 -> 0 | R25: =M25 -> 0 | S25: =R25-M25 -> 0 | T25: =IF(M25=0,0,ROUND(S25/M25*100,2)) -> 0
A26: 合计 | M26: =SUM(M7:M25) -> 0 | N26: =SUM(N7:N25) -> 0 | O26: =SUM(O7:O25) -> 0 | P26: =SUM(P7:P25) -> 0 | Q26: =SUM(Q7:Q25) -> 0 | R26: =SUM(R7:R25) -> 0 | S26: =R26-M26 -> 0 | T26: =IF(M26=0,0,ROUND(S26/M26*100,2)) -> 0
A27: 减：坏账准备 | M27: =P26 -> 0
A28: 减：评估风险损失 | R28: =Q26 -> 0
A29: 净额 | M29: =M26-M27 -> 0 | R29: =R26-R28 -> 0 | S29: =R29-M29 -> 0 | T29: =IF(M29=0,0,ROUND(S29/M29*100,2)) -> 0 | W29: =SUM(W7:W28) -> 0 | X29: =SUM(X7:X28) -> 0
A30: =#REF! -> #REF! | M30: =CONCATENATE(索引!$D$6,"：",索引!$D22," ",索引!$E22) -> 评估人员：高晓宇 王海龙
A31: =#REF! -> #REF!
A32: 填表说明：
B33: 参照表3—5。

Sheet 3-8-2应收利息
A1: 应收利息评估明细表
L2: 表3-8-2
A3: =#REF! -> #REF!
A4: =#REF! -> #REF! | L4: 金额单位：人民币元
A5: 序号 | B5: 欠款单位名称（结算对象) | C5: 发生日期 | D5: 本金 | E5: 利息所属期间 | F5: 利息率% | G5: 账面价值 | H5: 坏账准备 | I5: 评估价值 | J5: 增减值 | K5: 增值率% | L5: 备注 | N5: 非经营性资产
N6: 账面价值 | O6: 评估价值
I7: =G7 -> 0 | J7: =I7-G7 -> 0 | K7: =IF(G7=0,0,ROUND(J7/G7*100,2)) -> 0
I8: =G8 -> 0 | J8: =I8-G8 -> 0 | K8: =IF(G8=0,0,ROUND(J8/G8*100,2)) -> 0
I9: =G9 -> 0 | J9: =I9-G9 -> 0 | K9: =IF(G9=0,0,ROUND(J9/G9*100,2)) -> 0
I10: =G10 -> 0 | J10: =I10-G10 -> 0 | K10: =IF(G10=0,0,ROUND(J10/G10*100,2)) -> 0
I11: =G11 -> 0 | J11: =I11-G11 -> 0 | K11: =IF(G11=0,0,ROUND(J11/G11*100,2)) -> 0
I12: =G12 -> 0 | J12: =I12-G12 -> 0 | K12: =IF(G12=0,0,ROUND(J12/G12*100,2)) -> 0
I13: =G13 -> 0 | J13: =I13-G13 -> 0 | K13: =IF(G13=0,0,ROUND(J13/G13*100,2)) -> 0
I14: =G14 -> 0 | J14: =I14-G14 -> 0 | K14: =IF(G14=0,0,ROUND(J14/G14*100,2)) -> 0
I15: =G15 -> 0 | J15: =I15-G15 -> 0 | K15: =IF(G15=0,0,ROUND(J15/G15*100,2)) -> 0
I16: =G16 -> 0 | J16: =I16-G16 -> 0 | K16: =IF(G16=0,0,ROUND(J16/G16*100,2)) -> 0
I17: =G17 -> 0 | J17: =I17-G17 -> 0 | K17: =IF(G17=0,0,ROUND(J17/G17*100,2)) -> 0
I18: =G18 -> 0 | J18: =I18-G18 -> 0 | K18: =IF(G18=0,0,ROUND(J18/G18*100,2)) -> 0
... I25: =G25 -> 0 | J25: =I25-G25 -> 0 | K25: =IF(G25=0,0,ROUND(J25/G25*100,2)) -> 0
A26: 合计 | G26: =SUM(G7:G25) -> 0 | H26: =SUM(H7:H25) -> 0 | I26: =SUM(I7:I25) -> 0 | J26: =I26-G26 -> 0 | K26: =IF(G26=0,0,ROUND(J26/G26*100,2)) -> 0
A27: 减：坏账准备 | G27: =H26 -> 0
A28: 减：评估风险损失 | I28: =G27 -> 0
A29: 净额 | G29: =G26-G27 -> 0 | I29: =I26-I28 -> 0 | J29: =I29-G29 -> 0 | K29: =IF(G29=0,0,ROUND(J29/G29*100,2)) -> 0 | N29: =SUM(N6:N28) -> 0 | O29: =SUM(O6:O28) -> 0
A30: =#REF! -> #REF! | G30: =CONCATENATE(索引!$D$6,"：",索引!$D25," ",索引!$E25) -> 评估人员：高晓宇 王海龙
A31: =#REF! -> #REF!

Sheet 3-8-3应收股利
A1: 应收股利（应收利润）评估明细表
J2: 表3-8-3
A3: =#REF! -> #REF!
A4: =#REF! -> #REF! | J4: 金额单位：人民币元
A5: 序号 | B5: 户名（结算对象) | C5: 发生日期 | D5: 股利（利润）所属期间 | E5: 账面价值 | F5: 坏账准备 | G5: 评估价值 | H5: 增减值 | I5: 增值率% | J5: 备注 | L5: 非经营性资产
L6: 账面价值 | M6: 评估价值
G7: =E7 -> 0 | H7: =G7-E7 -> 0 | I7: =IF(E7=0,0,ROUND(H7/E7*100,2)) -> 0
G8: =E8 -> 0 | H8: =G8-E8 -> 0 | I8: =IF(E8=0,0,ROUND(H8/E8*100,2)) -> 0
G9: =E9 -> 0 | H9: =G9-E9 -> 0 | I9: =IF(E9=0,0,ROUND(H9/E9*100,2)) -> 0
G10: =E10 -> 0 | H10: =G10-E10 -> 0 | I10: =IF(E10=0,0,ROUND(H10/E10*100,2)) -> 0
G11: =E11 -> 0 | H11: =G11-E11 -> 0 | I11: =IF(E11=0,0,ROUND(H11/E11*100,2)) -> 0
G12: =E12 -> 0 | H12: =G12-E12 -> 0 | I12: =IF(E12=0,0,ROUND(H12/E12*100,2)) -> 0
G13: =E13 -> 0 | H13: =G13-E13 -> 0 | I13: =IF(E13=0,0,ROUND(H13/E13*100,2)) -> 0
G14: =E14 -> 0 | H14: =G14-E14 -> 0 | I14: =IF(E14=0,0,ROUND(H14/E14*100,2)) -> 0
G15: =E15 -> 0 | H15: =G15-E15 -> 0 | I15: =IF(E15=0,0,ROUND(H15/E15*100,2)) -> 0
G16: =E16 -> 0 | H16: =G16-E16 -> 0 | I16: =IF(E16=0,0,ROUND(H16/E16*100,2)) -> 0
G17: =E17 -> 0 | H17: =G17-E17 -> 0 | I17: =IF(E17=0,0,ROUND(H17/E17*100,2)) -> 0
G18: =E18 -> 0 | H18: =G18-E18 -> 0 | I18: =IF(E18=0,0,ROUND(H18/E18*100,2)) -> 0
... G23: =E23 -> 0 | H23: =G23-E23 -> 0 | I23: =IF(E23=0,0,ROUND(H23/E23*100,2)) -> 0
H24: =G24-E24 -> 0 | I24: =IF(E24=0,0,ROUND(H24/E24*100,2)) -> 0
H25: =G25-E25 -> 0 | I25: =IF(E25=0,0,ROUND(H25/E25*100,2)) -> 0
A26: 合计 | E26: =SUM(E7:E25) -> 0 | F26: =SUM(F7:F25) -> 0 | G26: =SUM(G7:G25) -> 0 | H26: =G26-E26 -> 0 | I26: =IF(E26=0,0,ROUND(H26/E26*100,2)) -> 0
A27: 减：坏账准备 | E27: =F26 -> 0
A28: 减：评估风险损失 | G28: =E27 -> 0
A29: 净额 | E29: =E26-E27 -> 0 | G29: =G26-G28 -> 0 | H29: =G29-E29 -> 0 | I29: =IF(E29=0,0,ROUND(H29/E29*100,2)) -> 0 | L29: =SUM(L6:L28) -> 0 | M29: =SUM(M6:M28) -> 0
A30: =#REF! -> #REF! | E30: =CONCATENATE(索引!$D$6,"：",索引!$D26," ",索引!$E26) -> 评估人员：高晓宇 王海龙
A31: =#REF! -> #REF!
A32: 填表说明：
B33: “发生日期”栏所指的是利润或股利分配时间；
B34: “股利所属期间”指股利发生的期间，如2024年应收2023年的股利，则该栏目填写“2023年度”。
B35: “备注”栏注明实际的股权比例

Sheet 3-9-1材料采购（在途物资）
A1: 存货—材料采购（在途物资）评估明细表
O2: 表3-9-1
A3: =#REF! -> #REF!
A4: =#REF! -> #REF! | O4: 金额单位：人民币元
A5: 序号 | B5: 物料编码 | C5: 名称 | D5: 规格型号 | E5: 计量单位 | F5: 账面价值 | I5: 跌价准备 | J5: 评估价值 | M5: 增减值 | N5: 增值率% | O5: 备注
F6: 数量 | G6: 单价 | H6: 金额 | J6: 实际数量 | K6: 评估单价 | L6: 金额
G7: =IF(F7=0,0,ROUND(H7/F7,2)) -> 0 | L7: =ROUND(J7*K7,2) -> 0 | M7: =L7-(H7-I7) -> 0 | N7: =IF(H7-I7=0,0,ROUND((L7-H7+I7)/(H7-I7)*100,2)) -> 0
G8: =IF(F8=0,0,ROUND(H8/F8,2)) -> 0 | L8: =ROUND(J8*K8,2) -> 0 | M8: =L8-(H8-I8) -> 0 | N8: =IF(H8-I8=0,0,ROUND((L8-H8+I8)/(H8-I8)*100,2)) -> 0
G9: =IF(F9=0,0,ROUND(H9/F9,2)) -> 0 | L9: =ROUND(J9*K9,2) -> 0 | M9: =L9-(H9-I9) -> 0 | N9: =IF(H9-I9=0,0,ROUND((L9-H9+I9)/(H9-I9)*100,2)) -> 0
G10: =IF(F10=0,0,ROUND(H10/F10,2)) -> 0 | L10: =ROUND(J10*K10,2) -> 0 | M10: =L10-(H10-I10) -> 0 | N10: =IF(H10-I10=0,0,ROUND((L10-H10+I10)/(H10-I10)*100,2)) -> 0
L11: =ROUND(J11*K11,2) -> 0 | M11: =L11-(H11-I11) -> 0 | N11: =IF(H11-I11=0,0,ROUND((L11-H11+I11)/(H11-I11)*100,2)) -> 0
L12: =ROUND(J12*K12,2) -> 0 | M12: =L12-(H12-I12) -> 0 | N12: =IF(H12-I12=0,0,ROUND((L12-H12+I12)/(H12-I12)*100,2)) -> 0
L13: =ROUND(J13*K13,2) -> 0 | M13: =L13-(H13-I13) -> 0 | N13: =IF(H13-I13=0,0,ROUND((L13-H13+I13)/(H13-I13)*100,2)) -> 0
L14: =ROUND(J14*K14,2) -> 0 | M14: =L14-(H14-I14) -> 0 | N14: =IF(H14-I14=0,0,ROUND((L14-H14+I14)/(H14-I14)*100,2)) -> 0
L15: =ROUND(J15*K15,2) -> 0 | M15: =L15-(H15-I15) -> 0 | N15: =IF(H15-I15=0,0,ROUND((L15-H15+I15)/(H15-I15)*100,2)) -> 0
L16: =ROUND(J16*K16,2) -> 0 | M16: =L16-(H16-I16) -> 0 | N16: =IF(H16-I16=0,0,ROUND((L16-H16+I16)/(H16-I16)*100,2)) -> 0
L17: =ROUND(J17*K17,2) -> 0 | M17: =L17-(H17-I17) -> 0 | N17: =IF(H17-I17=0,0,ROUND((L17-H17+I17)/(H17-I17)*100,2)) -> 0
L18: =ROUND(J18*K18,2) -> 0 | M18: =L18-(H18-I18) -> 0 | N18: =IF(H18-I18=0,0,ROUND((L18-H18+I18)/(H18-I18)*100,2)) -> 0
L19: =ROUND(J19*K19,2) -> 0 | M19: =L19-(H19-I19) -> 0 | N19: =IF(H19-I19=0,0,ROUND((L19-H19+I19)/(H19-I19)*100,2)) -> 0
L20: =ROUND(J20*K20,2) -> 0 | M20: =L20-(H20-I20) -> 0 | N20: =IF(H20-I20=0,0,ROUND((L20-H20+I20)/(H20-I20)*100,2)) -> 0
L21: =ROUND(J21*K21,2) -> 0 | M21: =L21-(H21-I21) -> 0 | N21: =IF(H21-I21=0,0,ROUND((L21-H21+I21)/(H21-I21)*100,2)) -> 0
L22: =ROUND(J22*K22,2) -> 0 | M22: =L22-(H22-I22) -> 0 | N22: =IF(H22-I22=0,0,ROUND((L22-H22+I22)/(H22-I22)*100,2)) -> 0
... L26: =ROUND(J26*K26,2) -> 0 | M26: =L26-(H26-I26) -> 0 | N26: =IF(H26-I26=0,0,ROUND((L26-H26+I26)/(H26-I26)*100,2)) -> 0
A27: 合计 | H27: =SUM(H7:H26) -> 0 | I27: =SUM(I7:I26) -> 0 | L27: =SUM(L7:L26) -> 0 | M27: =L27-(H27-I27) -> 0 | N27: =IF(H27-I27=0,0,ROUND((L27-H27+I27)/(H27-I27)*100,2)) -> 0
A28: 减：跌价准备 | H28: =I27 -> 0
A29: 净额 | H29: =H27-H28 -> 0 | L29: =L27-L28 -> 0 | M29: =L29-(H29) -> 0 | N29: =IF(H29=0,0,ROUND((L29-H29)/(H29)*100,2)) -> 0
A30: =#REF! -> #REF! | L30: =CONCATENATE(索引!$D$6,"：",索引!$D28," ",索引!$E28) -> 评估人员：高晓宇 王海龙
A31: =#REF! -> #REF!
A33: 填表说明：
A34: ①存货类原则上按名称或规格型号逐个填列，但如数量过多，则可按小类填列；
A35: ②按类填列的存货“单价”指平均单价（为倒算值），即“数量”乘以“单价”，应等于“金额”；
A36: ③对于按计划成本入账的存货，在该科目的倒数第二行填列材料成本差异；
A37: ④对账面已没有反映的在用低值易耗品，可根据实际情况填列对生产经营较重要的工具、仪器仪表等。
A38: ⑤如原材料等存在损毁、变质现象，应在“备注”栏中注明，并说明库存时间和发生原因；
A39: 产成品在备注栏注明适销程度：按畅销、正常、勉强销售、滞销几种情况填列；已发出但未作账务处理的，在备注栏注明产品去向；
A40: 对残次、冷背、呆滞的产成品（库存商品）也在备注栏注明；低值易耗品不采用一次摊销法摊销时，在备注栏中作出说明。
A41: ⑥ 将“包装物”科目和“在库低值易耗品”科目的余额一并转入“在库周转材料”科目；
A42: ⑦将“自制半成品”科目的余额转入“在产品”科目。
A43: ⑧将“委托代销商品”和“分期收款发出商品”科目余额分别经分析转入“发出商品”科目

Sheet 3-9-2原材料-
A1: 存货—原材料评估明细表
R2: 表3-9-2
A3: =#REF! -> #REF!
A4: =#REF! -> #REF! | R4: 金额单位：人民币元
A5: 序号 | B5: 物料编码 | C5: 名称及规格型号 | D5: 入库时间 | E5: 计量单位 | F5: 材质 | G5: 重量(kg) | H5: 存放地点 | I5: 账面价值 | L5: 减值准备 | M5: 评估价值 | P5: 增减值 | Q5: 增值率% | R5: 备注
I6: 数量 | J6: 单价 | K6: 金额 | M6: 实际数量 | N6: 评估单价 | O6: 金额
A26: 合计 | K26: =SUM(K7:K25) -> 0 | L26: =SUM(L7:L25) -> 0 | O26: =SUM(O7:O25) -> 0 | P26: =O26-(K26-L26) -> 0 | Q26: =IF(K26-L26=0,0,ROUND((O26-K26+L26)/(K26-L26)*100,2)) -> 0
A27: 减：跌价准备 | K27: =L26 -> 0
A28: 净额 | K28: =K26-K27 -> 0 | O28: =O26-O27 -> 0 | P28: =O28-(K28) -> 0 | Q28: =IF(K28=0,0,ROUND((O28-K28)/(K28)*100,2)) -> 0
A29: =#REF! -> #REF! | O29: =CONCATENATE(索引!$D$6,"：",索引!$D29," ",索引!$E29) -> 评估人员：高晓宇 王海龙
A30: =#REF! -> #REF! | K30: =K26+'3-9-2原材料-闲置'!I20 -> 0
K31: =K28+'3-9-2原材料-闲置'!I22 -> 0
K32: =K27+'3-9-2原材料-闲置'!I21 -> 0

Sheet 3-9-3在库周转材料
A1: 存货—在库周转材料评估明细表
P2: 表3-9-3
A3: =#REF! -> #REF!
A4: =#REF! -> #REF! | P4: 金额单位：人民币元
A5: 序号 | B5: 物料编码 | C5: 名称 | D5: 规格型号 | E5: 计量单位 | F5: 存放地点 | G5: 账面价值 | J5: 跌价准备 | K5: 评估价值 | N5: 增减值 | O5: 增值率% | P5: 备注
G6: 数量 | H6: 单价 | I6: 金额 | K6: 实际数量 | L6: 评估单价 | M6: 金额
H7: =IF(G7=0,0,ROUND(I7/G7,2)) -> 0 | M7: =ROUND(K7*L7,2) -> 0 | N7: =M7-(I7-J7) -> 0 | O7: =IF(I7-J7=0,0,ROUND((M7-I7+J7)/(I7-J7)*100,2)) -> 0
H8: =IF(G8=0,0,ROUND(I8/G8,2)) -> 0 | M8: =ROUND(K8*L8,2) -> 0 | N8: =M8-(I8-J8) -> 0 | O8: =IF(I8-J8=0,0,ROUND((M8-I8+J8)/(I8-J8)*100,2)) -> 0
H9: =IF(G9=0,0,ROUND(I9/G9,2)) -> 0 | M9: =ROUND(K9*L9,2) -> 0 | N9: =M9-(I9-J9) -> 0 | O9: =IF(I9-J9=0,0,ROUND((M9-I9+J9)/(I9-J9)*100,2)) -> 0
H10: =IF(G10=0,0,ROUND(I10/G10,2)) -> 0 | M10: =ROUND(K10*L10,2) -> 0 | N10: =M10-(I10-J10) -> 0 | O10: =IF(I10-J10=0,0,ROUND((M10-I10+J10)/(I10-J10)*100,2)) -> 0
M11: =ROUND(K11*L11,2) -> 0 | N11: =M11-(I11-J11) -> 0 | O11: =IF(I11-J11=0,0,ROUND((M11-I11+J11)/(I11-J11)*100,2)) -> 0
M12: =ROUND(K12*L12,2) -> 0 | N12: =M12-(I12-J12) -> 0 | O12: =IF(I12-J12=0,0,ROUND((M12-I12+J12)/(I12-J12)*100,2)) -> 0
M13: =ROUND(K13*L13,2) -> 0 | N13: =M13-(I13-J13) -> 0 | O13: =IF(I13-J13=0,0,ROUND((M13-I13+J13)/(I13-J13)*100,2)) -> 0
M14: =ROUND(K14*L14,2) -> 0 | N14: =M14-(I14-J14) -> 0 | O14: =IF(I14-J14=0,0,ROUND((M14-I14+J14)/(I14-J14)*100,2)) -> 0
M15: =ROUND(K15*L15,2) -> 0 | N15: =M15-(I15-J15) -> 0 | O15: =IF(I15-J15=0,0,ROUND((M15-I15+J15)/(I15-J15)*100,2)) -> 0
M16: =ROUND(K16*L16,2) -> 0 | N16: =M16-(I16-J16) -> 0 | O16: =IF(I16-J16=0,0,ROUND((M16-I16+J16)/(I16-J16)*100,2)) -> 0
M17: =ROUND(K17*L17,2) -> 0 | N17: =M17-(I17-J17) -> 0 | O17: =IF(I17-J17=0,0,ROUND((M17-I17+J17)/(I17-J17)*100,2)) -> 0
M18: =ROUND(K18*L18,2) -> 0 | N18: =M18-(I18-J18) -> 0 | O18: =IF(I18-J18=0,0,ROUND((M18-I18+J18)/(I18-J18)*100,2)) -> 0
M19: =ROUND(K19*L19,2) -> 0 | N19: =M19-(I19-J19) -> 0 | O19: =IF(I19-J19=0,0,ROUND((M19-I19+J19)/(I19-J19)*100,2)) -> 0
M20: =ROUND(K20*L20,2) -> 0 | N20: =M20-(I20-J20) -> 0 | O20: =IF(I20-J20=0,0,ROUND((M20-I20+J20)/(I20-J20)*100,2)) -> 0
M21: =ROUND(K21*L21,2) -> 0 | N21: =M21-(I21-J21) -> 0 | O21: =IF(I21-J21=0,0,ROUND((M21-I21+J21)/(I21-J21)*100,2)) -> 0
M22: =ROUND(K22*L22,2) -> 0 | N22: =M22-(I22-J22) -> 0 | O22: =IF(I22-J22=0,0,ROUND((M22-I22+J22)/(I22-J22)*100,2)) -> 0
... M26: =ROUND(K26*L26,2) -> 0 | N26: =M26-(I26-J26) -> 0 | O26: =IF(I26-J26=0,0,ROUND((M26-I26+J26)/(I26-J26)*100,2)) -> 0
A27: 合计 | I27: =SUM(I7:I26) -> 0 | J27: =SUM(J7:J26) -> 0 | M27: =SUM(M7:M26) -> 0 | N27: =M27-(I27-J27) -> 0 | O27: =IF(I27-J27=0,0,ROUND((M27-I27+J27)/(I27-J27)*100,2)) -> 0
A28: 减：跌价准备 | I28: =J27 -> 0
A29: 净额 | I29: =I27-I28 -> 0 | M29: =M27-M28 -> 0 | N29: =M29-(I29) -> 0 | O29: =IF(I29=0,0,ROUND((M29-I29)/(I29)*100,2)) -> 0
A30: =#REF! -> #REF! | M30: =CONCATENATE(索引!$D$6,"：",索引!$D30," ",索引!$E30) -> 评估人员：高晓宇 王海龙
A31: =#REF! -> #REF!

Sheet 3-9-4委托加工物资
A1: 存货—委托加工物资评估明细表
O2: 表3-9-4
A3: =#REF! -> #REF!
A4: =#REF! -> #REF! | P4: 金额单位：人民币元
A5: 序号 | B5: 物料编码 | C5: 名称 | D5: 规格型号 | E5: 加工单位名称 | F5: 计量单位 | G5: 账面价值 | J5: 跌价准备 | K5: 评估价值 | N5: 增减值 | O5: 增值率% | P5: 备注
G6: 数量 | H6: 单价 | I6: 金额 | K6: 实际数量 | L6: 评估单价 | M6: 金额
H7: =IF(G7=0,0,ROUND(I7/G7,2)) -> 0 | M7: =ROUND(K7*L7,2) -> 0 | N7: =M7-(I7-J7) -> 0 | O7: =IF(I7-J7=0,0,ROUND((M7-I7+J7)/(I7-J7)*100,2)) -> 0
H8: =IF(G8=0,0,ROUND(I8/G8,2)) -> 0 | M8: =ROUND(K8*L8,2) -> 0 | N8: =M8-(I8-J8) -> 0 | O8: =IF(I8-J8=0,0,ROUND((M8-I8+J8)/(I8-J8)*100,2)) -> 0
H9: =IF(G9=0,0,ROUND(I9/G9,2)) -> 0 | M9: =ROUND(K9*L9,2) -> 0 | N9: =M9-(I9-J9) -> 0 | O9: =IF(I9-J9=0,0,ROUND((M9-I9+J9)/(I9-J9)*100,2)) -> 0
H10: =IF(G10=0,0,ROUND(I10/G10,2)) -> 0 | M10: =ROUND(K10*L10,2) -> 0 | N10: =M10-(I10-J10) -> 0 | O10: =IF(I10-J10=0,0,ROUND((M10-I10+J10)/(I10-J10)*100,2)) -> 0
M11: =ROUND(K11*L11,2) -> 0 | N11: =M11-(I11-J11) -> 0 | O11: =IF(I11-J11=0,0,ROUND((M11-I11+J11)/(I11-J11)*100,2)) -> 0
M12: =ROUND(K12*L12,2) -> 0 | N12: =M12-(I12-J12) -> 0 | O12: =IF(I12-J12=0,0,ROUND((M12-I12+J12)/(I12-J12)*100,2)) -> 0
M13: =ROUND(K13*L13,2) -> 0 | N13: =M13-(I13-J13) -> 0 | O13: =IF(I13-J13=0,0,ROUND((M13-I13+J13)/(I13-J13)*100,2)) -> 0
M14: =ROUND(K14*L14,2) -> 0 | N14: =M14-(I14-J14) -> 0 | O14: =IF(I14-J14=0,0,ROUND((M14-I14+J14)/(I14-J14)*100,2)) -> 0
M15: =ROUND(K15*L15,2) -> 0 | N15: =M15-(I15-J15) -> 0 | O15: =IF(I15-J15=0,0,ROUND((M15-I15+J15)/(I15-J15)*100,2)) -> 0
M16: =ROUND(K16*L16,2) -> 0 | N16: =M16-(I16-J16) -> 0 | O16: =IF(I16-J16=0,0,ROUND((M16-I16+J16)/(I16-J16)*100,2)) -> 0
M17: =ROUND(K17*L17,2) -> 0 | N17: =M17-(I17-J17) -> 0 | O17: =IF(I17-J17=0,0,ROUND((M17-I17+J17)/(I17-J17)*100,2)) -> 0
M18: =ROUND(K18*L18,2) -> 0 | N18: =M18-(I18-J18) -> 0 | O18: =IF(I18-J18=0,0,ROUND((M18-I18+J18)/(I18-J18)*100,2)) -> 0
M19: =ROUND(K19*L19,2) -> 0 | N19: =M19-(I19-J19) -> 0 | O19: =IF(I19-J19=0,0,ROUND((M19-I19+J19)/(I19-J19)*100,2)) -> 0
M20: =ROUND(K20*L20,2) -> 0 | N20: =M20-(I20-J20) -> 0 | O20: =IF(I20-J20=0,0,ROUND((M20-I20+J20)/(I20-J20)*100,2)) -> 0
M21: =ROUND(K21*L21,2) -> 0 | N21: =M21-(I21-J21) -> 0 | O21: =IF(I21-J21=0,0,ROUND((M21-I21+J21)/(I21-J21)*100,2)) -> 0
M22: =ROUND(K22*L22,2) -> 0 | N22: =M22-(I22-J22) -> 0 | O22: =IF(I22-J22=0,0,ROUND((M22-I22+J22)/(I22-J22)*100,2)) -> 0
... M26: =ROUND(K26*L26,2) -> 0 | N26: =M26-(I26-J26) -> 0 | O26: =IF(I26-J26=0,0,ROUND((M26-I26+J26)/(I26-J26)*100,2)) -> 0
A27: 合计 | I27: =SUM(I7:I26) -> 0 | J27: =SUM(J7:J26) -> 0 | M27: =SUM(M7:M26) -> 0 | N27: =M27-(I27-J27) -> 0 | O27: =IF(I27-J27=0,0,ROUND((M27-I27+J27)/(I27-J27)*100,2)) -> 0
A28: 减：跌价准备 | I28: =J27 -> 0
A29: 净额 | I29: =I27-I28 -> 0 | M29: =M27-M28 -> 0 | N29: =M29-(I29) -> 0 | O29: =IF(I29=0,0,ROUND((M29-I29)/(I29)*100,2)) -> 0
A30: =#REF! -> #REF! | M30: =CONCATENATE(索引!$D$6,"：",索引!$D31," ",索引!$E31) -> 评估人员：高晓宇 王海龙
A31: =#REF! -> #REF!

Sheet 3-9-5库存商品
A1: 存货—库存商品评估明细表
Q2: 表3-9-5
A3: =#REF! -> #REF!
A4: =#REF! -> #REF! | Q4: 金额单位：人民币元
A5: 序号 | B5: 物料编码 | C5: 名 称 | D5: 规格型号 | E5: 计量单位 | F5: 适销程度 畅销/正常/滞销 | G5: 评估基准日出厂价(不含税) | H5: 账面价值 | K5: 跌价准备 | L5: 评估价值 | O5: 增减值 | P5: 增值率% | Q5: 备注 | W5: 正常 | Y5: 畅销 | AA5: 滞销
H6: 数量 | I6: 单价 | J6: 金额 | L6: 实际数量 | M6: 评估单价 | N6: 金额 | T6: 序号 | U6: 项目 | V6: 计算公式或依据 | W6: 金额(元) 或费率 | Y6: 金额(元) 或费率 | AA6: 金额(元) 或费率
I7: =IF(H7=0,0,ROUND(J7/H7,2)) -> 0 | N7: =ROUND(L7*M7,2) -> 0 | O7: =N7-(J7-K7) -> 0 | P7: =IF(J7-K7=0,0,ROUND((N7-J7+K7)/(J7-K7)*100,2)) -> 0 | T7: 1 | U7: 销售收入 | V7: 取自（ ）利润表
I8: =IF(H8=0,0,ROUND(J8/H8,2)) -> 0 | N8: =ROUND(L8*M8,2) -> 0 | O8: =N8-(J8-K8) -> 0 | P8: =IF(J8-K8=0,0,ROUND((N8-J8+K8)/(J8-K8)*100,2)) -> 0 | T8: 2 | U8: 销售费用 | V8: 取自（ ）利润表
I9: =IF(H9=0,0,ROUND(J9/H9,2)) -> 0 | N9: =ROUND(L9*M9,2) -> 0 | O9: =N9-(J9-K9) -> 0 | P9: =IF(J9-K9=0,0,ROUND((N9-J9+K9)/(J9-K9)*100,2)) -> 0 | T9: 3 | U9: 销售费用率 | V9: 3=（2）/（1）*100% | W9: =W8/W7 -> #DIV/0! | Y9: =Y8/Y7 -> #DIV/0! | AA9: =AA8/AA7 -> #DIV/0!
I10: =IF(H10=0,0,ROUND(J10/H10,2)) -> 0 | N10: =ROUND(L10*M10,2) -> 0 | O10: =N10-(J10-K10) -> 0 | P10: =IF(J10-K10=0,0,ROUND((N10-J10+K10)/(J10-K10)*100,2)) -> 0 | T10: 4 | U10: 税金及附加 | V10: 取自（ ）利润表
N11: =ROUND(L11*M11,2) -> 0 | O11: =N11-(J11-K11) -> 0 | P11: =IF(J11-K11=0,0,ROUND((N11-J11+K11)/(J11-K11)*100,2)) -> 0 | T11: 5 | U11: 税金及附加率 | V11: 5=（4）/（1）*100% | W11: =W10/W7 -> #DIV/0! | Y11: =Y10/Y7 -> #DIV/0! | AA11: =AA10/AA7 -> #DIV/0!
N12: =ROUND(L12*M12,2) -> 0 | O12: =N12-(J12-K12) -> 0 | P12: =IF(J12-K12=0,0,ROUND((N12-J12+K12)/(J12-K12)*100,2)) -> 0 | T12: 6 | U12: 营业利润 | V12: 取自（ ）利润表
N13: =ROUND(L13*M13,2) -> 0 | O13: =N13-(J13-K13) -> 0 | P13: =IF(J13-K13=0,0,ROUND((N13-J13+K13)/(J13-K13)*100,2)) -> 0 | T13: 7 | U13: 销售利润率 | V13: 7=（6）/（1）*100%，小于0则取0 | W13: =IF(W12<0,0,W12/W7) -> #DIV/0! | Y13: =IF(Y12<0,0,Y12/Y7) -> #DIV/0! | AA13: =IF(AA12<0,0,AA12/AA7) -> #DIV/0!
N14: =ROUND(L14*M14,2) -> 0 | O14: =N14-(J14-K14) -> 0 | P14: =IF(J14-K14=0,0,ROUND((N14-J14+K14)/(J14-K14)*100,2)) -> 0 | T14: 8 | U14: 企业所得税率 | V14: 企业法定所得税率 | W14: 0.25 | Y14: 0.25 | AA14: 0.25
N15: =ROUND(L15*M15,2) -> 0 | O15: =N15-(J15-K15) -> 0 | P15: =IF(J15-K15=0,0,ROUND((N15-J15+K15)/(J15-K15)*100,2)) -> 0 | T15: 9 | U15: 销售所得税率 | V15: 9=（7）*（8）*100% | W15: =W13*W14 -> #DIV/0! | Y15: =Y13*Y14 -> #DIV/0! | AA15: =AA13*AA14 -> #DIV/0!
N16: =ROUND(L16*M16,2) -> 0 | O16: =N16-(J16-K16) -> 0 | P16: =IF(J16-K16=0,0,ROUND((N16-J16+K16)/(J16-K16)*100,2)) -> 0 | T16: 10 | U16: 适销程度扣除率 | V16: 畅销0，正常50%，滞销100% | W16: 0.5 | Y16: 0 | AA16: 1
N17: =ROUND(L17*M17,2) -> 0 | O17: =N17-(J17-K17) -> 0 | P17: =IF(J17-K17=0,0,ROUND((N17-J17+K17)/(J17-K17)*100,2)) -> 0 | T17: 11 | U17: 适当净利润率 | V17: 11=（7）*（1-（8））*（10） | W17: =W13*(1-W14)*W16 -> #DIV/0! | Y17: =Y13*(1-Y14)*Y16 -> #DIV/0! | AA17: =AA13*(1-AA14)*AA16 -> #DIV/0!
N18: =ROUND(L18*M18,2) -> 0 | O18: =N18-(J18-K18) -> 0 | P18: =IF(J18-K18=0,0,ROUND((N18-J18+K18)/(J18-K18)*100,2)) -> 0 | T18: 12 | U18: 1-销售费用率-税金及附加率-销售所得税率-适当净利润率 | W18: =1-W9-W11-W15-W17 -> #DIV/0! | Y18: =1-Y9-Y11-Y15-Y17 -> #DIV/0! | AA18: =1-AA9-AA11-AA15-AA17 -> #DIV/0!
N19: =ROUND(L19*M19,2) -> 0 | O19: =N19-(J19-K19) -> 0 | P19: =IF(J19-K19=0,0,ROUND((N19-J19+K19)/(J19-K19)*100,2)) -> 0
N20: =ROUND(L20*M20,2) -> 0 | O20: =N20-(J20-K20) -> 0 | P20: =IF(J20-K20=0,0,ROUND((N20-J20+K20)/(J20-K20)*100,2)) -> 0
N21: =ROUND(L21*M21,2) -> 0 | O21: =N21-(J21-K21) -> 0 | P21: =IF(J21-K21=0,0,ROUND((N21-J21+K21)/(J21-K21)*100,2)) -> 0
N22: =ROUND(L22*M22,2) -> 0 | O22: =N22-(J22-K22) -> 0 | P22: =IF(J22-K22=0,0,ROUND((N22-J22+K22)/(J22-K22)*100,2)) -> 0
N23: =ROUND(L23*M23,2) -> 0 | O23: =N23-(J23-K23) -> 0 | P23: =IF(J23-K23=0,0,ROUND((N23-J23+K23)/(J23-K23)*100,2)) -> 0
N24: =ROUND(L24*M24,2) -> 0 | O24: =N24-(J24-K24) -> 0 | P24: =IF(J24-K24=0,0,ROUND((N24-J24+K24)/(J24-K24)*100,2)) -> 0
N25: =ROUND(L25*M25,2) -> 0 | O25: =N25-(J25-K25) -> 0 | P25: =IF(J25-K25=0,0,ROUND((N25-J25+K25)/(J25-K25)*100,2)) -> 0
N26: =ROUND(L26*M26,2) -> 0 | O26: =N26-(J26-K26) -> 0 | P26: =IF(J26-K26=0,0,ROUND((N26-J26+K26)/(J26-K26)*100,2)) -> 0
A27: 合计 | J27: =SUM(J7:J26) -> 0 | K27: =SUM(K7:K26) -> 0 | N27: =SUM(N7:N26) -> 0 | O27: =N27-(J27-K27) -> 0 | P27: =IF(J27-K27=0,0,ROUND((N27-J27+K27)/(J27-K27)*100,2)) -> 0
A28: 减：跌价准备 | J28: =K27 -> 0
A29: 净额 | J29: =J27-J28 -> 0 | N29: =N27-N28 -> 0 | O29: =N29-(J29) -> 0 | P29: =IF(J29=0,0,ROUND((N29-J29)/(J29)*100,2)) -> 0
A30: =#REF! -> #REF! | N30: =CONCATENATE(索引!$D$6,"：",索引!$D32," ",索引!$E32) -> 评估人员：高晓宇 王海龙
A31: =#REF! -> #REF!

Sheet 3-9-6在产品（自制半成品）
A1: 存货—在产品（自制半成品）评估明细表
P2: 表3-9-6
A3: =#REF! -> #REF!
A4: =#REF! -> #REF! | P4: 金额单位：人民币元
A5: 序号 | B5: 物料编码 | C5: 名 称 | D5: 规格型号 | E5: 计量单位 | F5: 账面价值 | I5: 跌价准备 | J5: 完工程度% | K5: 评估价值 | N5: 增减值 | O5: 增值率% | P5: 备注
F6: 数量 | G6: 单价 | H6: 金额 | K6: 实际数量 | L6: 评估单价 | M6: 金额
G7: =IF(F7=0,0,ROUND(H7/F7,2)) -> 0 | M7: =ROUND(K7*L7,2) -> 0 | N7: =M7-(I7-J7) -> 0 | O7: =IF(I7-J7=0,0,ROUND((M7-I7+J7)/(I7-J7)*100,2)) -> 0
G8: =IF(F8=0,0,ROUND(H8/F8,2)) -> 0 | M8: =ROUND(K8*L8,2) -> 0 | N8: =M8-(I8-J8) -> 0 | O8: =IF(I8-J8=0,0,ROUND((M8-I8+J8)/(I8-J8)*100,2)) -> 0
G9: =IF(F9=0,0,ROUND(H9/F9,2)) -> 0 | M9: =ROUND(K9*L9,2) -> 0 | N9: =M9-(I9-J9) -> 0 | O9: =IF(I9-J9=0,0,ROUND((M9-I9+J9)/(I9-J9)*100,2)) -> 0
G10: =IF(F10=0,0,ROUND(H10/F10,2)) -> 0 | M10: =ROUND(K10*L10,2) -> 0 | N10: =M10-(I10-J10) -> 0 | O10: =IF(I10-J10=0,0,ROUND((M10-I10+J10)/(I10-J10)*100,2)) -> 0
M11: =ROUND(K11*L11,2) -> 0 | N11: =M11-(I11-J11) -> 0 | O11: =IF(I11-J11=0,0,ROUND((M11-I11+J11)/(I11-J11)*100,2)) -> 0
M12: =ROUND(K12*L12,2) -> 0 | N12: =M12-(I12-J12) -> 0 | O12: =IF(I12-J12=0,0,ROUND((M12-I12+J12)/(I12-J12)*100,2)) -> 0
M13: =ROUND(K13*L13,2) -> 0 | N13: =M13-(I13-J13) -> 0 | O13: =IF(I13-J13=0,0,ROUND((M13-I13+J13)/(I13-J13)*100,2)) -> 0
M14: =ROUND(K14*L14,2) -> 0 | N14: =M14-(I14-J14) -> 0 | O14: =IF(I14-J14=0,0,ROUND((M14-I14+J14)/(I14-J14)*100,2)) -> 0
M15: =ROUND(K15*L15,2) -> 0 | N15: =M15-(I15-J15) -> 0 | O15: =IF(I15-J15=0,0,ROUND((M15-I15+J15)/(I15-J15)*100,2)) -> 0
M16: =ROUND(K16*L16,2) -> 0 | N16: =M16-(I16-J16) -> 0 | O16: =IF(I16-J16=0,0,ROUND((M16-I16+J16)/(I16-J16)*100,2)) -> 0
M17: =ROUND(K17*L17,2) -> 0 | N17: =M17-(I17-J17) -> 0 | O17: =IF(I17-J17=0,0,ROUND((M17-I17+J17)/(I17-J17)*100,2)) -> 0
M18: =ROUND(K18*L18,2) -> 0 | N18: =M18-(I18-J18) -> 0 | O18: =IF(I18-J18=0,0,ROUND((M18-I18+J18)/(I18-J18)*100,2)) -> 0
M19: =ROUND(K19*L19,2) -> 0 | N19: =M19-(I19-J19) -> 0 | O19: =IF(I19-J19=0,0,ROUND((M19-I19+J19)/(I19-J19)*100,2)) -> 0
M20: =ROUND(K20*L20,2) -> 0 | N20: =M20-(I20-J20) -> 0 | O20: =IF(I20-J20=0,0,ROUND((M20-I20+J20)/(I20-J20)*100,2)) -> 0
M21: =ROUND(K21*L21,2) -> 0 | N21: =M21-(I21-J21) -> 0 | O21: =IF(I21-J21=0,0,ROUND((M21-I21+J21)/(I21-J21)*100,2)) -> 0
M22: =ROUND(K22*L22,2) -> 0 | N22: =M22-(I22-J22) -> 0 | O22: =IF(I22-J22=0,0,ROUND((M22-I22+J22)/(I22-J22)*100,2)) -> 0
... M26: =ROUND(K26*L26,2) -> 0 | N26: =M26-(I26-J26) -> 0 | O26: =IF(I26-J26=0,0,ROUND((M26-I26+J26)/(I26-J26)*100,2)) -> 0
A27: 合计 | H27: =SUM(H7:H26) -> 0 | I27: =SUM(I7:I26) -> 0 | M27: =SUM(M7:M26) -> 0 | N27: =M27-(I27-J27) -> 0 | O27: =IF(I27-J27=0,0,ROUND((M27-I27+J27)/(I27-J27)*100,2)) -> 0
A28: 减：跌价准备 | H28: =I27 -> 0
A29: 净额 | H29: =H27-H28 -> 0 | M29: =M27-M28 -> 0 | N29: =M29-(I29) -> 0 | O29: =IF(I29=0,0,ROUND((M29-I29)/(I29)*100,2)) -> 0
A30: =#REF! -> #REF! | M30: =CONCATENATE(索引!$D$6,"：",索引!$D33," ",索引!$E33) -> 评估人员：高晓宇 王海龙
A31: =#REF! -> #REF!

Sheet 3-9-7发出商品
A1: 存货—发出商品评估明细表
N2: 表3-9-7
A3: =#REF! -> #REF!
A4: =#REF! -> #REF! | O4: 金额单位：人民币元
A5: 序号 | B5: 商品名称 | C5: 对方单位名称 | D5: 计量单位 | E5: 不含税售价 | F5: 账面价值 | I5: 跌价准备 | J5: 评估价值 | M5: 增减值 | N5: 增值率% | O5: 备注
F6: 数量 | G6: 单价 | H6: 金额 | J6: 实际数量 | K6: 评估单价 | L6: 金额
G7: =IF(F7=0,0,ROUND(H7/F7,2)) -> 0 | L7: =ROUND(J7*K7,2) -> 0 | M7: =L7-(H7-I7) -> 0 | N7: =IF(H7-I7=0,0,ROUND((L7-H7+I7)/(H7-I7)*100,2)) -> 0
G8: =IF(F8=0,0,ROUND(H8/F8,2)) -> 0 | L8: =ROUND(J8*K8,2) -> 0 | M8: =L8-(H8-I8) -> 0 | N8: =IF(H8-I8=0,0,ROUND((L8-H8+I8)/(H8-I8)*100,2)) -> 0
G9: =IF(F9=0,0,ROUND(H9/F9,2)) -> 0 | L9: =ROUND(J9*K9,2) -> 0 | M9: =L9-(H9-I9) -> 0 | N9: =IF(H9-I9=0,0,ROUND((L9-H9+I9)/(H9-I9)*100,2)) -> 0
G10: =IF(F10=0,0,ROUND(H10/F10,2)) -> 0 | L10: =ROUND(J10*K10,2) -> 0 | M10: =L10-(H10-I10) -> 0 | N10: =IF(H10-I10=0,0,ROUND((L10-H10+I10)/(H10-I10)*100,2)) -> 0
L11: =ROUND(J11*K11,2) -> 0 | M11: =L11-(H11-I11) -> 0 | N11: =IF(H11-I11=0,0,ROUND((L11-H11+I11)/(H11-I11)*100,2)) -> 0
L12: =ROUND(J12*K12,2) -> 0 | M12: =L12-(H12-I12) -> 0 | N12: =IF(H12-I12=0,0,ROUND((L12-H12+I12)/(H12-I12)*100,2)) -> 0
L13: =ROUND(J13*K13,2) -> 0 | M13: =L13-(H13-I13) -> 0 | N13: =IF(H13-I13=0,0,ROUND((L13-H13+I13)/(H13-I13)*100,2)) -> 0
L14: =ROUND(J14*K14,2) -> 0 | M14: =L14-(H14-I14) -> 0 | N14: =IF(H14-I14=0,0,ROUND((L14-H14+I14)/(H14-I14)*100,2)) -> 0
L15: =ROUND(J15*K15,2) -> 0 | M15: =L15-(H15-I15) -> 0 | N15: =IF(H15-I15=0,0,ROUND((L15-H15+I15)/(H15-I15)*100,2)) -> 0
L16: =ROUND(J16*K16,2) -> 0 | M16: =L16-(H16-I16) -> 0 | N16: =IF(H16-I16=0,0,ROUND((L16-H16+I16)/(H16-I16)*100,2)) -> 0
L17: =ROUND(J17*K17,2) -> 0 | M17: =L17-(H17-I17) -> 0 | N17: =IF(H17-I17=0,0,ROUND((L17-H17+I17)/(H17-I17)*100,2)) -> 0
L18: =ROUND(J18*K18,2) -> 0 | M18: =L18-(H18-I18) -> 0 | N18: =IF(H18-I18=0,0,ROUND((L18-H18+I18)/(H18-I18)*100,2)) -> 0
L19: =ROUND(J19*K19,2) -> 0 | M19: =L19-(H19-I19) -> 0 | N19: =IF(H19-I19=0,0,ROUND((L19-H19+I19)/(H19-I19)*100,2)) -> 0
L20: =ROUND(J20*K20,2) -> 0 | M20: =L20-(H20-I20) -> 0 | N20: =IF(H20-I20=0,0,ROUND((L20-H20+I20)/(H20-I20)*100,2)) -> 0
L21: =ROUND(J21*K21,2) -> 0 | M21: =L21-(H21-I21) -> 0 | N21: =IF(H21-I21=0,0,ROUND((L21-H21+I21)/(H21-I21)*100,2)) -> 0
L22: =ROUND(J22*K22,2) -> 0 | M22: =L22-(H22-I22) -> 0 | N22: =IF(H22-I22=0,0,ROUND((L22-H22+I22)/(H22-I22)*100,2)) -> 0
... L26: =ROUND(J26*K26,2) -> 0 | M26: =L26-(H26-I26) -> 0 | N26: =IF(H26-I26=0,0,ROUND((L26-H26+I26)/(H26-I26)*100,2)) -> 0
A27: 合计 | H27: =SUM(H7:H26) -> 0 | I27: =SUM(I7:I26) -> 0 | L27: =SUM(L7:L26) -> 0 | M27: =L27-(H27-I27) -> 0 | N27: =IF(H27-I27=0,0,ROUND((L27-H27+I27)/(H27-I27)*100,2)) -> 0
A28: 减：跌价准备 | H28: =I27 -> 0
A29: 净额 | H29: =H27-H28 -> 0 | L29: =L27-L28 -> 0 | M29: =L29-(H29) -> 0 | N29: =IF(H29=0,0,ROUND((L29-H29)/(H29)*100,2)) -> 0
A30: =#REF! -> #REF! | L30: =CONCATENATE(索引!$D$6,"：",索引!$D34," ",索引!$E34) -> 评估人员：高晓宇 王海龙
A31: =#REF! -> #REF!

Sheet 3-9-8在用周转材料
A1: 存货—在用周转材料评估明细表
N2: 表3-9-8
A3: =#REF! -> #REF!
A4: =#REF! -> #REF! | N4: 金额单位：人民币元
A5: 序号 | B5: 名称及规格型号 | C5: 启用日期 | D5: 原始入 账价值 | E5: 账面价值（摊余价值） | G5: 跌价准备 | H5: 实际数量 | I5: 评估价值 | L5: 增减值 | M5: 增值率% | N5: 备注
E6: 数量 | F6: 金额 | I6: 评估原价 | J6: 成新率% | K6: 金额
K7: =ROUND(I7*J7,2) -> 0 | L7: =K7-(G7-H7) -> 0 | M7: =IF(G7-H7=0,0,ROUND((K7-G7+H7)/(G7-H7)*100,2)) -> 0
K8: =ROUND(I8*J8,2) -> 0 | L8: =K8-(G8-H8) -> 0 | M8: =IF(G8-H8=0,0,ROUND((K8-G8+H8)/(G8-H8)*100,2)) -> 0
K9: =ROUND(I9*J9,2) -> 0 | L9: =K9-(G9-H9) -> 0 | M9: =IF(G9-H9=0,0,ROUND((K9-G9+H9)/(G9-H9)*100,2)) -> 0
K10: =ROUND(I10*J10,2) -> 0 | L10: =K10-(G10-H10) -> 0 | M10: =IF(G10-H10=0,0,ROUND((K10-G10+H10)/(G10-H10)*100,2)) -> 0
K11: =ROUND(I11*J11,2) -> 0 | L11: =K11-(G11-H11) -> 0 | M11: =IF(G11-H11=0,0,ROUND((K11-G11+H11)/(G11-H11)*100,2)) -> 0
K12: =ROUND(I12*J12,2) -> 0 | L12: =K12-(G12-H12) -> 0 | M12: =IF(G12-H12=0,0,ROUND((K12-G12+H12)/(G12-H12)*100,2)) -> 0
K13: =ROUND(I13*J13,2) -> 0 | L13: =K13-(G13-H13) -> 0 | M13: =IF(G13-H13=0,0,ROUND((K13-G13+H13)/(G13-H13)*100,2)) -> 0
K14: =ROUND(I14*J14,2) -> 0 | L14: =K14-(G14-H14) -> 0 | M14: =IF(G14-H14=0,0,ROUND((K14-G14+H14)/(G14-H14)*100,2)) -> 0
K15: =ROUND(I15*J15,2) -> 0 | L15: =K15-(G15-H15) -> 0 | M15: =IF(G15-H15=0,0,ROUND((K15-G15+H15)/(G15-H15)*100,2)) -> 0
K16: =ROUND(I16*J16,2) -> 0 | L16: =K16-(G16-H16) -> 0 | M16: =IF(G16-H16=0,0,ROUND((K16-G16+H16)/(G16-H16)*100,2)) -> 0
K17: =ROUND(I17*J17,2) -> 0 | L17: =K17-(G17-H17) -> 0 | M17: =IF(G17-H17=0,0,ROUND((K17-G17+H17)/(G17-H17)*100,2)) -> 0
K18: =ROUND(I18*J18,2) -> 0 | L18: =K18-(G18-H18) -> 0 | M18: =IF(G18-H18=0,0,ROUND((K18-G18+H18)/(G18-H18)*100,2)) -> 0
... K26: =ROUND(I26*J26,2) -> 0 | L26: =K26-(G26-H26) -> 0 | M26: =IF(G26-H26=0,0,ROUND((K26-G26+H26)/(G26-H26)*100,2)) -> 0
A27: 合计 | F27: =SUM(F7:F26) -> 0 | G27: =SUM(G7:G26) -> 0 | K27: =SUM(K7:K26) -> 0 | L27: =K27-(G27-H27) -> 0 | M27: =IF(G27-H27=0,0,ROUND((K27-G27+H27)/(G27-H27)*100,2)) -> 0
A28: 减：跌价准备 | F28: =G27 -> 0
A29: 净额 | F29: =F27-F28 -> 0 | K29: =K27-K28 -> 0 | L29: =K29-(G29) -> 0 | M29: =IF(G29=0,0,ROUND((K29-G29)/(G29)*100,2)) -> 0
A30: =#REF! -> #REF! | K30: =CONCATENATE(索引!$D$6,"：",索引!$D35," ",索引!$E35) -> 评估人员：高晓宇 王海龙
A31: =#REF! -> #REF!

Sheet 3-9-9在产品(开发成本)
A1: 存货---在产品（开发成本）评估明细表
U2: 表3-9-9
A3: =#REF! -> #REF!
A4: =#REF! -> #REF! | U4: 金额单位：人民币元
A5: 序号 | B5: 项目名称 | C5: 土地证号或不动产权证书号 | D5: 详细地址 | E5: 土地用途 | F5: 土地使用权面积（M2） | G5: 建设用地规划证号 | H5: 建设工程规划许可证号 | I5: 建筑工程施工许可证号 | J5: 预售许可证号 | K5: 规划建筑面积 | L5: 结构 | M5: 开工时间 | N5: 预计完工时间 | O5: 完工百分比（%） | P5: 账面价值 | Q5: 跌价准备 | R5: 评估价值 | S5: 增减值 | T5: 增值率% | U5: 备注
S7: =R7-(P7-Q7) -> 0 | T7: =IF(P7-Q7=0,0,ROUND((R7-P7+Q7)/(P7-Q7)*100,2)) -> 0
S8: =R8-(P8-Q8) -> 0 | T8: =IF(P8-Q8=0,0,ROUND((R8-P8+Q8)/(P8-Q8)*100,2)) -> 0
S9: =R9-(P9-Q9) -> 0 | T9: =IF(P9-Q9=0,0,ROUND((R9-P9+Q9)/(P9-Q9)*100,2)) -> 0
S10: =R10-(P10-Q10) -> 0 | T10: =IF(P10-Q10=0,0,ROUND((R10-P10+Q10)/(P10-Q10)*100,2)) -> 0
S11: =R11-(P11-Q11) -> 0 | T11: =IF(P11-Q11=0,0,ROUND((R11-P11+Q11)/(P11-Q11)*100,2)) -> 0
S12: =R12-(P12-Q12) -> 0 | T12: =IF(P12-Q12=0,0,ROUND((R12-P12+Q12)/(P12-Q12)*100,2)) -> 0
S13: =R13-(P13-Q13) -> 0 | T13: =IF(P13-Q13=0,0,ROUND((R13-P13+Q13)/(P13-Q13)*100,2)) -> 0
S14: =R14-(P14-Q14) -> 0 | T14: =IF(P14-Q14=0,0,ROUND((R14-P14+Q14)/(P14-Q14)*100,2)) -> 0
S15: =R15-(P15-Q15) -> 0 | T15: =IF(P15-Q15=0,0,ROUND((R15-P15+Q15)/(P15-Q15)*100,2)) -> 0
S16: =R16-(P16-Q16) -> 0 | T16: =IF(P16-Q16=0,0,ROUND((R16-P16+Q16)/(P16-Q16)*100,2)) -> 0
S17: =R17-(P17-Q17) -> 0 | T17: =IF(P17-Q17=0,0,ROUND((R17-P17+Q17)/(P17-Q17)*100,2)) -> 0
S18: =R18-(P18-Q18) -> 0 | T18: =IF(P18-Q18=0,0,ROUND((R18-P18+Q18)/(P18-Q18)*100,2)) -> 0
... S26: =R26-(P26-Q26) -> 0 | T26: =IF(P26-Q26=0,0,ROUND((R26-P26+Q26)/(P26-Q26)*100,2)) -> 0
A27: 合计 | P27: =SUM(P7:P26) -> 0 | Q27: =SUM(Q7:Q26) -> 0 | R27: =SUM(R7:R26) -> 0 | S27: =R27-(P27-Q27) -> 0 | T27: =IF(P27-Q27=0,0,ROUND((R27-P27+Q27)/(P27-Q27)*100,2)) -> 0
A28: 减：跌价准备 | P28: =Q27 -> 0
A29: 净额 | P29: =P27-P28 -> 0 | R29: =R27-R28 -> 0 | S29: =R29-P29 -> 0 | T29: =IF(P29=0,0,ROUND((R29-P29)/(P29)*100,2)) -> 0
A30: =#REF! -> #REF! | R30: =CONCATENATE(索引!$D$6,"：",索引!$D36," ",索引!$E36) -> 评估人员：高晓宇 王海龙
A31: =#REF! -> #REF!
A33: 填表简要说明：
A34: 1、项目名称：根据表格中分类分别填写；
A35: 2、土地情况：同土地申报表格的要求；
A36: 3、座落位置：描写各项目在宗地上的具体位置；
A37: 4、规划建筑面积：对应类别开发产品的规划建筑面积；
A38: 5、预售面积：开始预售的产品，未完工已经预售的面积；
A39: 6、待售面积：开始预售的产品，未完工未销售部分的面积；
A40: 7、预计总工期：请按照填表日预计的工期填写（当预计实际建设周期超过设计工期时）；
A41: 8、预计填表日后工期：请填列自填表日至竣工日的预计工期；
A42: 9、完工百分比：请填列截至填表日，按照建筑施工的工程月报的综合进度百分比填列；
A43: 9、付款百分比：请填列截至填表日，按照该项目已经支付成本占项目总造价的比例填写（注意与完工百分比的不同）；
A44: 11、预计预售日期：是指尚未预售的在建开发产品，预计开始预售的时间；
... A46: 13、帐面价值：按照成本明细填列（若列示明细不足，可插入列）。

Sheet 3-9-10产成品(开发产品)
A1: 存货---产成品（开发产品）评估明细表
P2: 表3-9-9
A3: =#REF! -> #REF!
A4: =#REF! -> #REF! | P4: 金额单位：人民币元
A5: 序号 | B5: 项目名称 | C5: 土地证编号 | D5: 土地面积(M2) | E5: 预售许可证编号 | F5: 物业类型 | G5: 计量单位 | H5: 面积或数量 | I5: 已预售数量 | J5: 待售数量 | K5: 账面价值 | L5: 跌价准备 | M5: 评估价值 | N5: 增减值 | O5: 增值率% | P5: 备注
G7: m2 | N7: =M7-(K7-L7) -> 0 | O7: =IF(K7-L7=0,0,ROUND((M7-K7+L7)/(K7-L7)*100,2)) -> 0
G8: 个 | N8: =M8-(K8-L8) -> 0 | O8: =IF(K8-L8=0,0,ROUND((M8-K8+L8)/(K8-L8)*100,2)) -> 0
N9: =M9-(K9-L9) -> 0 | O9: =IF(K9-L9=0,0,ROUND((M9-K9+L9)/(K9-L9)*100,2)) -> 0
N10: =M10-(K10-L10) -> 0 | O10: =IF(K10-L10=0,0,ROUND((M10-K10+L10)/(K10-L10)*100,2)) -> 0
N11: =M11-(K11-L11) -> 0 | O11: =IF(K11-L11=0,0,ROUND((M11-K11+L11)/(K11-L11)*100,2)) -> 0
N12: =M12-(K12-L12) -> 0 | O12: =IF(K12-L12=0,0,ROUND((M12-K12+L12)/(K12-L12)*100,2)) -> 0
N13: =M13-(K13-L13) -> 0 | O13: =IF(K13-L13=0,0,ROUND((M13-K13+L13)/(K13-L13)*100,2)) -> 0
N14: =M14-(K14-L14) -> 0 | O14: =IF(K14-L14=0,0,ROUND((M14-K14+L14)/(K14-L14)*100,2)) -> 0
N15: =M15-(K15-L15) -> 0 | O15: =IF(K15-L15=0,0,ROUND((M15-K15+L15)/(K15-L15)*100,2)) -> 0
N16: =M16-(K16-L16) -> 0 | O16: =IF(K16-L16=0,0,ROUND((M16-K16+L16)/(K16-L16)*100,2)) -> 0
N17: =M17-(K17-L17) -> 0 | O17: =IF(K17-L17=0,0,ROUND((M17-K17+L17)/(K17-L17)*100,2)) -> 0
N18: =M18-(K18-L18) -> 0 | O18: =IF(K18-L18=0,0,ROUND((M18-K18+L18)/(K18-L18)*100,2)) -> 0
N19: =M19-(K19-L19) -> 0 | O19: =IF(K19-L19=0,0,ROUND((M19-K19+L19)/(K19-L19)*100,2)) -> 0
N20: =M20-(K20-L20) -> 0 | O20: =IF(K20-L20=0,0,ROUND((M20-K20+L20)/(K20-L20)*100,2)) -> 0
... N26: =M26-(K26-L26) -> 0 | O26: =IF(K26-L26=0,0,ROUND((M26-K26+L26)/(K26-L26)*100,2)) -> 0
A27: 合计 | K27: =SUM(K7:K26) -> 0 | L27: =SUM(L7:L26) -> 0 | M27: =SUM(M7:M26) -> 0 | N27: =M27-(K27-L27) -> 0 | O27: =IF(K27-L27=0,0,ROUND((M27-K27+L27)/(K27-L27)*100,2)) -> 0
A28: 减：跌价准备 | K28: =L27 -> 0
A29: 净额 | K29: =K27-K28 -> 0 | M29: =M27-M28 -> 0 | N29: =M29-K29 -> 0 | O29: =IF(K29=0,0,ROUND((M29-K29)/(K29)*100,2)) -> 0
A30: =#REF! -> #REF! | M30: =CONCATENATE(索引!$D$6,"：",索引!$D37," ",索引!$E37) -> 评估人员：高晓宇 王海龙
A31: =#REF! -> #REF!
A33: 填表简要说明：
A34: 1、项目名称：根据表格中分类分别填写；
A35: 2、土地情况：同土地申报表格的要求；
A36: 3、座落位置：描写各项目在宗地上的具体位置；
A37: 4、规划建筑面积：对应类别开发产品的规划建筑面积；
A38: 5、预售面积：开始预售的产品，未完工已经预售的面积；
A39: 6、待售面积：开始预售的产品，未完工未销售部分的面积；
A40: 7、预计总工期：请按照填表日预计的工期填写（当预计实际建设周期超过设计工期时）；
A41: 8、预计填表日后工期：请填列自填表日至竣工日的预计工期；
A42: 9、完工百分比：请填列截至填表日，按照建筑施工的工程月报的综合进度百分比填列；
A43: 9、付款百分比：请填列截至填表日，按照该项目已经支付成本占项目总造价的比例填写（注意与完工百分比的不同）；
A44: 11、预计预售日期：是指尚未预售的在建开发产品，预计开始预售的时间；
... A46: 13、帐面价值：按照成本明细填列（若列示明细不足，可插入列）。

Sheet 3-9-11合同履约成本
A1: 存货—合同履约成本评估明细表
N2: 表3-9-11
A3: =#REF! -> #REF!
A4: =#REF! -> #REF! | N4: 金额单位：人民币元
A5: 序号 | B5: 项目编号 | C5: 项目名称 | D5: 项目地点 | E5: 合同金额(不含税) | F5: 开工时间 | G5: 预计完工时间 | H5: 完工比例 | I5: 账面价值 | J5: 减值准备 | K5: 评估价值 | L5: 增减值 | M5: 增值率% | N5: 备注
L7: =K7-(I7-J7) -> 0 | M7: =IF(I7-J7=0,0,ROUND((K7-I7+J7)/(I7-J7)*100,2)) -> 0
L8: =K8-(I8-J8) -> 0 | M8: =IF(I8-J8=0,0,ROUND((K8-I8+J8)/(I8-J8)*100,2)) -> 0
L9: =K9-(I9-J9) -> 0 | M9: =IF(I9-J9=0,0,ROUND((K9-I9+J9)/(I9-J9)*100,2)) -> 0
L10: =K10-(I10-J10) -> 0 | M10: =IF(I10-J10=0,0,ROUND((K10-I10+J10)/(I10-J10)*100,2)) -> 0
L11: =K11-(I11-J11) -> 0 | M11: =IF(I11-J11=0,0,ROUND((K11-I11+J11)/(I11-J11)*100,2)) -> 0
L12: =K12-(I12-J12) -> 0 | M12: =IF(I12-J12=0,0,ROUND((K12-I12+J12)/(I12-J12)*100,2)) -> 0
L13: =K13-(I13-J13) -> 0 | M13: =IF(I13-J13=0,0,ROUND((K13-I13+J13)/(I13-J13)*100,2)) -> 0
L14: =K14-(I14-J14) -> 0 | M14: =IF(I14-J14=0,0,ROUND((K14-I14+J14)/(I14-J14)*100,2)) -> 0
L15: =K15-(I15-J15) -> 0 | M15: =IF(I15-J15=0,0,ROUND((K15-I15+J15)/(I15-J15)*100,2)) -> 0
L16: =K16-(I16-J16) -> 0 | M16: =IF(I16-J16=0,0,ROUND((K16-I16+J16)/(I16-J16)*100,2)) -> 0
L17: =K17-(I17-J17) -> 0 | M17: =IF(I17-J17=0,0,ROUND((K17-I17+J17)/(I17-J17)*100,2)) -> 0
L18: =K18-(I18-J18) -> 0 | M18: =IF(I18-J18=0,0,ROUND((K18-I18+J18)/(I18-J18)*100,2)) -> 0
... L26: =K26-(I26-J26) -> 0 | M26: =IF(I26-J26=0,0,ROUND((K26-I26+J26)/(I26-J26)*100,2)) -> 0
A27: 合计 | I27: =SUM(I7:I26) -> 0 | J27: =SUM(J7:J26) -> 0 | K27: =SUM(K7:K26) -> 0 | L27: =K27-(I27-J27) -> 0 | M27: =IF(I27-J27=0,0,ROUND((K27-I27+J27)/(I27-J27)*100,2)) -> 0
A28: 减：减值准备 | I28: =J27 -> 0
A29: 净额 | I29: =I27-I28 -> 0 | K29: =K27-K28 -> 0 | L29: =K29-I29 -> 0 | M29: =IF(I29=0,0,ROUND((K29-I29)/(I29)*100,2)) -> 0
A30: =#REF! -> #REF! | K30: =CONCATENATE(索引!$D$6,"：",索引!$D38," ",索引!$E38) -> 评估人员：高晓宇 王海龙
A31: =#REF! -> #REF!

Sheet 3-9-12消耗性生物资产
A1: 存货—消耗性生物资产评估明细表
Q2: 表3-9-12
A3: =#REF! -> #REF!
A4: =#REF! -> #REF! | Q4: 金额单位：人民币元
A5: 序号 | B5: 物料编码 | C5: 名 称 | D5: 规格型号 | E5: 计量单位 | F5: 适销程度 畅销/正常/滞销 | G5: 评估基准日出厂价(不含税) | H5: 账面价值 | K5: 跌价准备 | L5: 评估价值 | O5: 增减值 | P5: 增值率% | Q5: 备注
H6: 数量 | I6: 单价 | J6: 金额 | L6: 实际数量 | M6: 评估单价 | N6: 金额
I7: =IF(H7=0,0,ROUND(J7/H7,2)) -> 0 | N7: =ROUND(L7*M7,2) -> 0 | O7: =N7-(J7-K7) -> 0 | P7: =IF(J7-K7=0,0,ROUND((N7-J7+K7)/(J7-K7)*100,2)) -> 0
I8: =IF(H8=0,0,ROUND(J8/H8,2)) -> 0 | N8: =ROUND(L8*M8,2) -> 0 | O8: =N8-(J8-K8) -> 0 | P8: =IF(J8-K8=0,0,ROUND((N8-J8+K8)/(J8-K8)*100,2)) -> 0
I9: =IF(H9=0,0,ROUND(J9/H9,2)) -> 0 | N9: =ROUND(L9*M9,2) -> 0 | O9: =N9-(J9-K9) -> 0 | P9: =IF(J9-K9=0,0,ROUND((N9-J9+K9)/(J9-K9)*100,2)) -> 0
I10: =IF(H10=0,0,ROUND(J10/H10,2)) -> 0 | N10: =ROUND(L10*M10,2) -> 0 | O10: =N10-(J10-K10) -> 0 | P10: =IF(J10-K10=0,0,ROUND((N10-J10+K10)/(J10-K10)*100,2)) -> 0
N11: =ROUND(L11*M11,2) -> 0 | O11: =N11-(J11-K11) -> 0 | P11: =IF(J11-K11=0,0,ROUND((N11-J11+K11)/(J11-K11)*100,2)) -> 0
N12: =ROUND(L12*M12,2) -> 0 | O12: =N12-(J12-K12) -> 0 | P12: =IF(J12-K12=0,0,ROUND((N12-J12+K12)/(J12-K12)*100,2)) -> 0
N13: =ROUND(L13*M13,2) -> 0 | O13: =N13-(J13-K13) -> 0 | P13: =IF(J13-K13=0,0,ROUND((N13-J13+K13)/(J13-K13)*100,2)) -> 0
N14: =ROUND(L14*M14,2) -> 0 | O14: =N14-(J14-K14) -> 0 | P14: =IF(J14-K14=0,0,ROUND((N14-J14+K14)/(J14-K14)*100,2)) -> 0
N15: =ROUND(L15*M15,2) -> 0 | O15: =N15-(J15-K15) -> 0 | P15: =IF(J15-K15=0,0,ROUND((N15-J15+K15)/(J15-K15)*100,2)) -> 0
N16: =ROUND(L16*M16,2) -> 0 | O16: =N16-(J16-K16) -> 0 | P16: =IF(J16-K16=0,0,ROUND((N16-J16+K16)/(J16-K16)*100,2)) -> 0
N17: =ROUND(L17*M17,2) -> 0 | O17: =N17-(J17-K17) -> 0 | P17: =IF(J17-K17=0,0,ROUND((N17-J17+K17)/(J17-K17)*100,2)) -> 0
N18: =ROUND(L18*M18,2) -> 0 | O18: =N18-(J18-K18) -> 0 | P18: =IF(J18-K18=0,0,ROUND((N18-J18+K18)/(J18-K18)*100,2)) -> 0
N19: =ROUND(L19*M19,2) -> 0 | O19: =N19-(J19-K19) -> 0 | P19: =IF(J19-K19=0,0,ROUND((N19-J19+K19)/(J19-K19)*100,2)) -> 0
N20: =ROUND(L20*M20,2) -> 0 | O20: =N20-(J20-K20) -> 0 | P20: =IF(J20-K20=0,0,ROUND((N20-J20+K20)/(J20-K20)*100,2)) -> 0
N21: =ROUND(L21*M21,2) -> 0 | O21: =N21-(J21-K21) -> 0 | P21: =IF(J21-K21=0,0,ROUND((N21-J21+K21)/(J21-K21)*100,2)) -> 0
N22: =ROUND(L22*M22,2) -> 0 | O22: =N22-(J22-K22) -> 0 | P22: =IF(J22-K22=0,0,ROUND((N22-J22+K22)/(J22-K22)*100,2)) -> 0
... N26: =ROUND(L26*M26,2) -> 0 | O26: =N26-(J26-K26) -> 0 | P26: =IF(J26-K26=0,0,ROUND((N26-J26+K26)/(J26-K26)*100,2)) -> 0
A27: 合计 | J27: =SUM(J7:J26) -> 0 | K27: =SUM(K7:K26) -> 0 | N27: =SUM(N7:N26) -> 0 | O27: =N27-(J27-K27) -> 0 | P27: =IF(J27-K27=0,0,ROUND((N27-J27+K27)/(J27-K27)*100,2)) -> 0
A28: 减：跌价准备 | J28: =K27 -> 0
A29: 净额 | J29: =J27-J28 -> 0 | N29: =N27-N28 -> 0 | O29: =N29-(J29) -> 0 | P29: =IF(J29=0,0,ROUND((N29-J29)/(J29)*100,2)) -> 0
A30: =#REF! -> #REF! | N30: =CONCATENATE(索引!$D$6,"：",索引!$D39," ",索引!$E39) -> 评估人员：高晓宇 王海龙
A31: =#REF! -> #REF!

Sheet 3-10合同资产
A1: 合同资产评估明细表
U2: 表3-10
A3: =#REF! -> #REF!
A4: =#REF! -> #REF! | U4: 金额单位：人民币元
A5: 序号 | B5: 欠款单位名称(结算对象) | C5: 业务内容 | D5: 承担除信用风险之外的其他风险内容 | E5: 最后一次 变动日期 | F5: 账龄 | M5: 账面价值 | N5: 计提坏账准备 | Q5: 预计不可收回金额 | R5: 评估价值 | S5: 增减值 | T5: 增值率% | U5: 备注 | W5: 非经营性资产
F6: 1-6个月以内金额 | G6: 7--12个月以内金额 | H6: 1-2年金额 | I6: 2-3年金额 | J6: 3-4年金额 | K6: 4-5年金额 | L6: 5年以上金额 | N6: 账龄计提 | O6: 个别计提 | P6: 合计 | W6: 账面价值 | X6: 评估价值
M7: =SUM(F7:L7) -> 0 | N7: =F7*0%+G7*0%+H7*5%+I7*10%+J7*20%+K7*50%+L7*100% -> 0 | P7: =N7+O7 -> 0 | Q7: =P7 -> 0 | R7: =M7 -> 0 | S7: =R7-M7 -> 0 | T7: =IF(M7=0,0,ROUND(S7/M7*100,2)) -> 0
M8: =SUM(F8:L8) -> 0 | N8: =F8*0%+G8*0%+H8*5%+I8*10%+J8*20%+K8*50%+L8*100% -> 0 | P8: =N8+O8 -> 0 | Q8: =P8 -> 0 | R8: =M8 -> 0 | S8: =R8-M8 -> 0 | T8: =IF(M8=0,0,ROUND(S8/M8*100,2)) -> 0
M9: =SUM(F9:L9) -> 0 | N9: =F9*0%+G9*0%+H9*5%+I9*10%+J9*20%+K9*50%+L9*100% -> 0 | P9: =N9+O9 -> 0 | Q9: =P9 -> 0 | R9: =M9 -> 0 | S9: =R9-M9 -> 0 | T9: =IF(M9=0,0,ROUND(S9/M9*100,2)) -> 0
S10: =R10-M10 -> 0 | T10: =IF(M10=0,0,ROUND(S10/M10*100,2)) -> 0
S11: =R11-M11 -> 0 | T11: =IF(M11=0,0,ROUND(S11/M11*100,2)) -> 0
S12: =R12-M12 -> 0 | T12: =IF(M12=0,0,ROUND(S12/M12*100,2)) -> 0
S13: =R13-M13 -> 0 | T13: =IF(M13=0,0,ROUND(S13/M13*100,2)) -> 0
S14: =R14-M14 -> 0 | T14: =IF(M14=0,0,ROUND(S14/M14*100,2)) -> 0
S15: =R15-M15 -> 0 | T15: =IF(M15=0,0,ROUND(S15/M15*100,2)) -> 0
S16: =R16-M16 -> 0 | T16: =IF(M16=0,0,ROUND(S16/M16*100,2)) -> 0
S17: =R17-M17 -> 0 | T17: =IF(M17=0,0,ROUND(S17/M17*100,2)) -> 0
S18: =R18-M18 -> 0 | T18: =IF(M18=0,0,ROUND(S18/M18*100,2)) -> 0
S19: =R19-M19 -> 0 | T19: =IF(M19=0,0,ROUND(S19/M19*100,2)) -> 0
S20: =R20-M20 -> 0 | T20: =IF(M20=0,0,ROUND(S20/M20*100,2)) -> 0
S21: =R21-M21 -> 0 | T21: =IF(M21=0,0,ROUND(S21/M21*100,2)) -> 0
... S25: =R25-M25 -> 0 | T25: =IF(M25=0,0,ROUND(S25/M25*100,2)) -> 0
A26: 合计 | M26: =SUM(M7:M25) -> 0 | N26: =SUM(N7:N25) -> 0 | O26: =SUM(O7:O25) -> 0 | P26: =SUM(P7:P25) -> 0 | Q26: =SUM(Q7:Q25) -> 0 | R26: =SUM(R7:R25) -> 0 | S26: =R26-M26 -> 0 | T26: =IF(M26=0,0,ROUND(S26/M26*100,2)) -> 0
A27: 减：坏账准备 | M27: =P26 -> 0
A28: 减：评估风险损失 | R28: =Q26 -> 0
A29: 净额 | M29: =M26-M27 -> 0 | R29: =R26-R2 -> 0 | S29: =R29-M2 -> 0 | T29: =IF(M29=0,0,ROUND(S29/M29*100,2)) -> 0 | W29: =SUM(W7:W27) -> 0 | X29: =SUM(X7:X27) -> 0
A30: =#REF! -> #REF! | R30: =CONCATENATE(索引!$D$6,"：",索引!$D40," ",索引!$E40) -> 评估人员：高晓宇 王海龙
A31: =#REF! -> #REF!

Sheet 3-11持有待售资产
A1: 持有待售资产评估明细表
K2: 表3-11
A3: =#REF! -> #REF!
A4: =#REF! -> #REF! | K4: 金额单位：人民币元 | M4: 非经营性资产
A5: 序号 | B5: 项目及内容 | C5: 形成日期 | D5: 预计处置费用 | E5: 预计处置时间 | F5: 原始账面价值 | G5: 账面价值 | H5: 评估价值 | I5: 增减值 | J5: 增值率% | K5: 备注 | M5: 账面价值 | N5: 评估价值
I7: =H7-G7 -> 0 | J7: =IF(G7=0,0,ROUND(I7/G7*100,2)) -> 0
I8: =H8-G8 -> 0 | J8: =IF(G8=0,0,ROUND(I8/G8*100,2)) -> 0
I9: =H9-G9 -> 0 | J9: =IF(G9=0,0,ROUND(I9/G9*100,2)) -> 0
I10: =H10-G10 -> 0 | J10: =IF(G10=0,0,ROUND(I10/G10*100,2)) -> 0
I11: =H11-G11 -> 0 | J11: =IF(G11=0,0,ROUND(I11/G11*100,2)) -> 0
I12: =H12-G12 -> 0 | J12: =IF(G12=0,0,ROUND(I12/G12*100,2)) -> 0
I13: =H13-G13 -> 0 | J13: =IF(G13=0,0,ROUND(I13/G13*100,2)) -> 0
I14: =H14-G14 -> 0 | J14: =IF(G14=0,0,ROUND(I14/G14*100,2)) -> 0
I15: =H15-G15 -> 0 | J15: =IF(G15=0,0,ROUND(I15/G15*100,2)) -> 0
I16: =H16-G16 -> 0 | J16: =IF(G16=0,0,ROUND(I16/G16*100,2)) -> 0
I17: =H17-G17 -> 0 | J17: =IF(G17=0,0,ROUND(I17/G17*100,2)) -> 0
I18: =H18-G18 -> 0 | J18: =IF(G18=0,0,ROUND(I18/G18*100,2)) -> 0
... I28: =H28-G28 -> 0 | J28: =IF(G28=0,0,ROUND(I28/G28*100,2)) -> 0
A29: 合 计 | G29: =SUM(G6:G28) -> 0 | H29: =SUM(H6:H28) -> 0 | I29: =H29-G29 -> 0 | J29: =IF(G29=0,0,ROUND(I29/G29*100,2)) -> 0 | M29: =SUM(M6:M28) -> 0 | N29: =SUM(N6:N28) -> 0
A30: =#REF! -> #REF! | H30: =CONCATENATE(索引!$D$6,"：",索引!$D41," ",索引!$E41) -> 评估人员：高晓宇 王海龙
A31: =#REF! -> #REF!

Sheet 3-12一年到期非流动资产
A1: 一年内到期的非流动资产评估明细表
I2: 表3-12
A3: =#REF! -> #REF!
A4: =#REF! -> #REF! | I4: 金额单位：人民币元 | K4: 非经营性资产
A5: 序号 | B5: 项目及内容 | C5: 发生日期 | D5: 结算内容 | E5: 账面价值 | F5: 评估价值 | G5: 增减值 | H5: 增值率% | I5: 备注 | K5: 账面价值 | L5: 评估价值
G6: =F6-E6 -> 0 | H6: =IF(E6=0,0,ROUND(G6/E6*100,2)) -> 0 | K6: =E6 -> 0 | L6: =F6 -> 0
G7: =F7-E7 -> 0 | H7: =IF(E7=0,0,ROUND(G7/E7*100,2)) -> 0 | K7: =E7 -> 0 | L7: =F7 -> 0
G8: =F8-E8 -> 0 | H8: =IF(E8=0,0,ROUND(G8/E8*100,2)) -> 0 | K8: =E8 -> 0 | L8: =F8 -> 0
G9: =F9-E9 -> 0 | H9: =IF(E9=0,0,ROUND(G9/E9*100,2)) -> 0 | K9: =E9 -> 0 | L9: =F9 -> 0
G10: =F10-E10 -> 0 | H10: =IF(E10=0,0,ROUND(G10/E10*100,2)) -> 0 | K10: =E10 -> 0 | L10: =F10 -> 0
G11: =F11-E11 -> 0 | H11: =IF(E11=0,0,ROUND(G11/E11*100,2)) -> 0
G12: =F12-E12 -> 0 | H12: =IF(E12=0,0,ROUND(G12/E12*100,2)) -> 0
G13: =F13-E13 -> 0 | H13: =IF(E13=0,0,ROUND(G13/E13*100,2)) -> 0
G14: =F14-E14 -> 0 | H14: =IF(E14=0,0,ROUND(G14/E14*100,2)) -> 0
G15: =F15-E15 -> 0 | H15: =IF(E15=0,0,ROUND(G15/E15*100,2)) -> 0
G16: =F16-E16 -> 0 | H16: =IF(E16=0,0,ROUND(G16/E16*100,2)) -> 0
G17: =F17-E17 -> 0 | H17: =IF(E17=0,0,ROUND(G17/E17*100,2)) -> 0
G18: =F18-E18 -> 0 | H18: =IF(E18=0,0,ROUND(G18/E18*100,2)) -> 0
G19: =F19-E19 -> 0 | H19: =IF(E19=0,0,ROUND(G19/E19*100,2)) -> 0
G20: =F20-E20 -> 0 | H20: =IF(E20=0,0,ROUND(G20/E20*100,2)) -> 0
G21: =F21-E21 -> 0 | H21: =IF(E21=0,0,ROUND(G21/E21*100,2)) -> 0
G22: =F22-E22 -> 0 | H22: =IF(E22=0,0,ROUND(G22/E22*100,2)) -> 0
... G28: =F28-E28 -> 0 | H28: =IF(E28=0,0,ROUND(G28/E28*100,2)) -> 0
A29: 合 计 | E29: =SUM(E6:E28) -> 0 | F29: =SUM(F6:F28) -> 0 | G29: =F29-E29 -> 0 | H29: =IF(E29=0,0,ROUND(G29/E29*100,2)) -> 0 | K29: =SUM(K6:K28) -> 0 | L29: =SUM(L6:L28) -> 0
A30: =#REF! -> #REF! | F30: =CONCATENATE(索引!$D$6,"：",索引!$D42," ",索引!$E42) -> 评估人员：高晓宇 王海龙
A31: =#REF! -> #REF!

Sheet 3-13其他流动资产
A1: 其他流动资产评估明细表
J2: 表3-13
A3: =#REF! -> #REF!
A4: =#REF! -> #REF! | J4: 金额单位：人民币元 | L4: 非经营性资产
A5: 序号 | B5: 项目及内容 | C5: 发生日期 | D5: 结算内容 | E5: 成本 | F5: 账面价值 | G5: 评估价值 | H5: 增减值 | I5: 增值率% | J5: 备注 | L5: 账面价值 | M5: 评估价值
H6: =G6-F6 -> 0 | I6: =IF(F6=0,0,ROUND(H6/F6*100,2)) -> 0
H7: =G7-F7 -> 0 | I7: =IF(F7=0,0,ROUND(H7/F7*100,2)) -> 0
H8: =G8-F8 -> 0 | I8: =IF(F8=0,0,ROUND(H8/F8*100,2)) -> 0
H9: =G9-F9 -> 0 | I9: =IF(F9=0,0,ROUND(H9/F9*100,2)) -> 0
H10: =G10-F10 -> 0 | I10: =IF(F10=0,0,ROUND(H10/F10*100,2)) -> 0
H11: =G11-F11 -> 0 | I11: =IF(F11=0,0,ROUND(H11/F11*100,2)) -> 0
H12: =G12-F12 -> 0 | I12: =IF(F12=0,0,ROUND(H12/F12*100,2)) -> 0
H13: =G13-F13 -> 0 | I13: =IF(F13=0,0,ROUND(H13/F13*100,2)) -> 0
H14: =G14-F14 -> 0 | I14: =IF(F14=0,0,ROUND(H14/F14*100,2)) -> 0
H15: =G15-F15 -> 0 | I15: =IF(F15=0,0,ROUND(H15/F15*100,2)) -> 0
H16: =G16-F16 -> 0 | I16: =IF(F16=0,0,ROUND(H16/F16*100,2)) -> 0
H17: =G17-F17 -> 0 | I17: =IF(F17=0,0,ROUND(H17/F17*100,2)) -> 0
... H28: =G28-F28 -> 0 | I28: =IF(F28=0,0,ROUND(H28/F28*100,2)) -> 0
A29: 合 计 | F29: =SUM(F6:F28) -> 0 | G29: =SUM(G6:G28) -> 0 | H29: =G29-F29 -> 0 | I29: =IF(F29=0,0,ROUND(H29/F29*100,2)) -> 0 | L29: =SUM(L6:L28) -> 0 | M29: =SUM(M6:M28) -> 0
A30: =#REF! -> #REF! | G30: =CONCATENATE(索引!$D$6,"：",索引!$D43," ",索引!$E43) -> 评估人员：高晓宇 王海龙
A31: =#REF! -> #REF!
A32: 填表说明：
B33: 按照不同的项目内容逐笔填写。
B34: 注意：因特殊原因转入的资产或可能发生损失的项目，应在备注栏简要说明原因。

Sheet 4-非流动资产汇总表
A1: 非流动资产评估汇总表
F2: 表4
A3: =#REF! -> #REF!
A4: =#REF! -> #REF! | F4: 金额单位：人民币元 | H4: 非经营性资产
A5: 编号 | B5: 科目名称 | C5: 账面价值 | D5: 评估价值 | E5: 增减值 | F5: 增值率% | H5: 账面价值 | I5: 评估价值
A6: 4-1 | B6: 债权投资 | C6: ='4-1债权投资'!G29 -> 0 | D6: ='4-1债权投资'!I29 -> 0 | E6: =D6-C6 -> 0 | F6: =IF(C6=0,0,ROUND(E6/C6*100,2)) -> 0
A7: 4-2 | B7: 其他债权投资 | C7: ='4-2其他债权投资'!G29 -> 0 | D7: ='4-2其他债权投资'!H29 -> 0 | E7: =D7-C7 -> 0 | F7: =IF(C7=0,0,ROUND(E7/C7*100,2)) -> 0
A8: 4-3 | B8: 长期应收款 | C8: ='4-3长期应收款'!E29 -> 0 | D8: ='4-3长期应收款'!G29 -> 0 | E8: =D8-C8 -> 0 | F8: =IF(C8=0,0,ROUND(E8/C8*100,2)) -> 0
A9: 4-4 | B9: 长期股权投资 | C9: ='4-4长期股权投资'!M29 -> 0 | D9: ='4-4长期股权投资'!O29 -> 0 | E9: =D9-C9 -> 0 | F9: =IF(C9=0,0,ROUND(E9/C9*100,2)) -> 0
A10: 4-5 | B10: 其他权益工具投资 | C10: ='4-5其他权益工具投资'!M29 -> 0 | D10: ='4-5其他权益工具投资'!O29 -> 0 | E10: =D10-C10 -> 0 | F10: =IF(C10=0,0,ROUND(E10/C10*100,2)) -> 0
A11: 4-6 | B11: 其他非流动金融资产 | C11: ='4-6其他非流动金融资产'!H29 -> 0 | D11: ='4-6其他非流动金融资产'!I29 -> 0 | E11: =D11-C11 -> 0 | F11: =IF(C11=0,0,ROUND(E11/C11*100,2)) -> 0
A12: 4-7 | B12: 投资性房地产 | C12: ='4-7投资性房地产汇总表'!C29 -> 0 | D12: ='4-7投资性房地产汇总表'!E29 -> 0 | E12: =D12-C12 -> 0 | F12: =IF(C12=0,0,ROUND(E12/C12*100,2)) -> 0
A13: 4-8 | B13: 固定资产 | C13: ='4-8固定资产汇总表'!D29 -> 0 | D13: ='4-8固定资产汇总表'!G29 -> #NAME? | E13: =D13-C13 -> #NAME? | F13: =IF(C13=0,0,ROUND(E13/C13*100,2)) -> 0
A14: 4-9 | B14: 在建工程 | C14: ='4-9在建工程汇总'!C29 -> 0 | D14: ='4-9在建工程汇总'!E29 -> 0 | E14: =D14-C14 -> 0 | F14: =IF(C14=0,0,ROUND(E14/C14*100,2)) -> 0
A15: 4-10 | B15: 生产性生物资产 | C15: ='4-10生产性生物资产'!H29 -> 0 | D15: ='4-10生产性生物资产'!L29 -> 0 | E15: =D15-C15 -> 0 | F15: =IF(C15=0,0,ROUND(E15/C15*100,2)) -> 0
A16: 4-11 | B16: 油气资产 | C16: ='4-11油气资产'!I29 -> 0 | D16: ='4-11油气资产'!M29 -> 0 | E16: =D16-C16 -> 0 | F16: =IF(C16=0,0,ROUND(E16/C16*100,2)) -> 0
A17: 4-12 | B17: 使用权资产 | C17: ='4-12使用权资产'!I29 -> 0 | D17: ='4-12使用权资产'!K29 -> 0 | E17: =D17-C17 -> 0 | F17: =IF(C17=0,0,ROUND(E17/C17*100,2)) -> 0
A18: 4-13 | B18: 无形资产 | C18: ='4-13无形资产汇总表'!C29 -> 0 | D18: ='4-13无形资产汇总表'!E29 -> 0 | E18: =D18-C18 -> 0 | F18: =IF(C18=0,0,ROUND(E18/C18*100,2)) -> 0
A19: 4-14 | B19: 开发支出 | C19: ='4-14开发支出'!G28 -> 0 | D19: ='4-14开发支出'!H28 -> 0 | E19: =D19-C19 -> 0 | F19: =IF(C19=0,0,ROUND(E19/C19*100,2)) -> 0
A20: 4-15 | B20: 商誉 | C20: ='4-15商誉'!D29 -> 0 | D20: ='4-15商誉'!F29 -> 0 | E20: =D20-C20 -> 0 | F20: =IF(C20=0,0,ROUND(E20/C20*100,2)) -> 0
A21: 4-16 | B21: 长期待摊费用 | C21: ='4-16长期待摊费用'!G29 -> 0 | D21: ='4-16长期待摊费用'!H29 -> 0 | E21: =D21-C21 -> 0 | F21: =IF(C21=0,0,ROUND(E21/C21*100,2)) -> 0
A22: 4-17 | B22: 递延所得税资产 | C22: ='4-17递延所得税资产'!D29 -> 0 | D22: ='4-17递延所得税资产'!E29 -> 0 | E22: =D22-C22 -> 0 | F22: =IF(C22=0,0,ROUND(E22/C22*100,2)) -> 0
A23: 4-18 | B23: 其他非流动资产 | C23: ='4-18其他非流动资产'!D29 -> 0 | D23: ='4-18其他非流动资产'!F29 -> 0 | E23: =D23-C23 -> 0 | F23: =IF(C23=0,0,ROUND(E23/C23*100,2)) -> 0
A29: 合 计 | C29: =SUM(C6:C28) -> 0 | D29: =SUM(D6:D28) -> #NAME? | E29: =D29-C29 -> #NAME? | F29: =IF(C29=0,0,ROUND(E29/C29*100,2)) -> 0 | H29: =SUM(H6:H28) -> 0 | I29: =SUM(I6:I28) -> 0
D30: =CONCATENATE(索引!$D$6,"：",索引!$D44," ",索引!$E44) -> 评估人员：高晓宇 王海龙

Sheet 4-1债权投资
A1: 债权投资评估明细表
L2: 表4-1
A3: =#REF! -> #REF!
A4: =#REF! -> #REF! | L4: 金额单位：人民币元
A5: 序号 | B5: 债权投资项目/债权种类 | C5: 投资日期 | D5: 到期日 | E5: 票面利率% | F5: 成本（面值） | G5: 账面价值 | H5: 减值准备 | I5: 评估价值 | J5: 增减值 | K5: 增值率% | L5: 备注
J7: =I7-(G7-H7) -> 0 | K7: =IF(G7-H7=0,0,ROUND(J7/(G7-H7)*100,2)) -> 0
J8: =I8-(G8-H8) -> 0 | K8: =IF(G8-H8=0,0,ROUND(J8/(G8-H8)*100,2)) -> 0
J9: =I9-(G9-H9) -> 0 | K9: =IF(G9-H9=0,0,ROUND(J9/(G9-H9)*100,2)) -> 0
J10: =I10-(G10-H10) -> 0 | K10: =IF(G10-H10=0,0,ROUND(J10/(G10-H10)*100,2)) -> 0
J11: =I11-(G11-H11) -> 0 | K11: =IF(G11-H11=0,0,ROUND(J11/(G11-H11)*100,2)) -> 0
J12: =I12-(G12-H12) -> 0 | K12: =IF(G12-H12=0,0,ROUND(J12/(G12-H12)*100,2)) -> 0
J13: =I13-(G13-H13) -> 0 | K13: =IF(G13-H13=0,0,ROUND(J13/(G13-H13)*100,2)) -> 0
J14: =I14-(G14-H14) -> 0 | K14: =IF(G14-H14=0,0,ROUND(J14/(G14-H14)*100,2)) -> 0
J15: =I15-(G15-H15) -> 0 | K15: =IF(G15-H15=0,0,ROUND(J15/(G15-H15)*100,2)) -> 0
J16: =I16-(G16-H16) -> 0 | K16: =IF(G16-H16=0,0,ROUND(J16/(G16-H16)*100,2)) -> 0
J17: =I17-(G17-H17) -> 0 | K17: =IF(G17-H17=0,0,ROUND(J17/(G17-H17)*100,2)) -> 0
J18: =I18-(G18-H18) -> 0 | K18: =IF(G18-H18=0,0,ROUND(J18/(G18-H18)*100,2)) -> 0
... J26: =I26-(G26-H26) -> 0 | K26: =IF(G26-H26=0,0,ROUND(J26/(G26-H26)*100,2)) -> 0
A27: 合计 | G27: =SUM(G7:G26) -> 0 | H27: =SUM(H7:H26) -> 0 | I27: =SUM(I7:I26) -> 0 | J27: =I27-(G27-H27) -> 0 | K27: =IF(G27-H27=0,0,ROUND(J27/(G27-H27)*100,2)) -> 0
A28: 减：减值准备 | G28: =H27 -> 0
A29: 净额 | G29: =G27-G28 -> 0 | I29: =I27-I28 -> 0 | J29: =I29-G29 -> 0 | K29: =IF(G29=0,0,ROUND(J29/G29*100,2)) -> 0
A30: =#REF! -> #REF! | I30: =CONCATENATE(索引!$D$6,"：",索引!$D45," ",索引!$E45) -> 评估人员：高晓宇 王海龙
A31: =#REF! -> #REF!

Sheet 4-2其他债权投资
A1: 其他债权投资评估明细表
K2: 表4-2
A3: =#REF! -> #REF!
A4: =#REF! -> #REF! | K4: 金额单位：人民币元
A5: 序号 | B5: 债权投资项目/债权种类 | C5: 投资日期 | D5: 到期日 | E5: 票面利率% | F5: 成本（面值） | G5: 账面价值 | H5: 评估价值 | I5: 增减值 | J5: 增值率% | K5: 备注
I7: =H7-G7 -> 0 | J7: =IF(G7=0,0,ROUND(I7/G7*100,2)) -> 0
I8: =H8-G8 -> 0 | J8: =IF(G8=0,0,ROUND(I8/G8*100,2)) -> 0
I9: =H9-G9 -> 0 | J9: =IF(G9=0,0,ROUND(I9/G9*100,2)) -> 0
I10: =H10-G10 -> 0 | J10: =IF(G10=0,0,ROUND(I10/G10*100,2)) -> 0
I11: =H11-G11 -> 0 | J11: =IF(G11=0,0,ROUND(I11/G11*100,2)) -> 0
I12: =H12-G12 -> 0 | J12: =IF(G12=0,0,ROUND(I12/G12*100,2)) -> 0
I13: =H13-G13 -> 0 | J13: =IF(G13=0,0,ROUND(I13/G13*100,2)) -> 0
I14: =H14-G14 -> 0 | J14: =IF(G14=0,0,ROUND(I14/G14*100,2)) -> 0
I15: =H15-G15 -> 0 | J15: =IF(G15=0,0,ROUND(I15/G15*100,2)) -> 0
I16: =H16-G16 -> 0 | J16: =IF(G16=0,0,ROUND(I16/G16*100,2)) -> 0
I17: =H17-G17 -> 0 | J17: =IF(G17=0,0,ROUND(I17/G17*100,2)) -> 0
I18: =H18-G18 -> 0 | J18: =IF(G18=0,0,ROUND(I18/G18*100,2)) -> 0
... I28: =H28-G28 -> 0 | J28: =IF(G28=0,0,ROUND(I28/G28*100,2)) -> 0
A29: 合计 | G29: =SUM(G6:G28) -> 0 | H29: =SUM(H6:H28) -> 0 | I29: =H29-G29 -> 0 | J29: =IF(G29=0,0,ROUND(I29/G29*100,2)) -> 0
A30: =#REF! -> #REF! | H30: =CONCATENATE(索引!$D$6,"：",索引!$D46," ",索引!$E46) -> 评估人员：高晓宇 王海龙
A31: =#REF! -> #REF!

Sheet 4-3长期应收款
A1: 长期应收款评估明细表
I2: 表4-3
A3: =#REF! -> #REF!
A4: =#REF! -> #REF! | J4: 金额单位：人民币元 | L4: 非经
A5: 序号 | B5: 欠款单位名称（结算对象) | C5: 业务内容 | D5: 发生日期 | E5: 账面价值 | F5: 减值准备 | G5: 评估价值 | H5: 增减值 | I5: 增值率% | J5: 备注 | L5: 账面价值 | M5: 评估价值
H7: =G7-(E7-F7) -> 0 | I7: =IF(E7-F7=0,0,ROUND(H7/(E7-F7)*100,2)) -> 0
H8: =G8-(E8-F8) -> 0 | I8: =IF(E8-F8=0,0,ROUND(H8/(E8-F8)*100,2)) -> 0
H9: =G9-(E9-F9) -> 0 | I9: =IF(E9-F9=0,0,ROUND(H9/(E9-F9)*100,2)) -> 0
H10: =G10-(E10-F10) -> 0 | I10: =IF(E10-F10=0,0,ROUND(H10/(E10-F10)*100,2)) -> 0
H11: =G11-(E11-F11) -> 0 | I11: =IF(E11-F11=0,0,ROUND(H11/(E11-F11)*100,2)) -> 0
H12: =G12-(E12-F12) -> 0 | I12: =IF(E12-F12=0,0,ROUND(H12/(E12-F12)*100,2)) -> 0
H13: =G13-(E13-F13) -> 0 | I13: =IF(E13-F13=0,0,ROUND(H13/(E13-F13)*100,2)) -> 0
H14: =G14-(E14-F14) -> 0 | I14: =IF(E14-F14=0,0,ROUND(H14/(E14-F14)*100,2)) -> 0
H15: =G15-(E15-F15) -> 0 | I15: =IF(E15-F15=0,0,ROUND(H15/(E15-F15)*100,2)) -> 0
H16: =G16-(E16-F16) -> 0 | I16: =IF(E16-F16=0,0,ROUND(H16/(E16-F16)*100,2)) -> 0
H17: =G17-(E17-F17) -> 0 | I17: =IF(E17-F17=0,0,ROUND(H17/(E17-F17)*100,2)) -> 0
H18: =G18-(E18-F18) -> 0 | I18: =IF(E18-F18=0,0,ROUND(H18/(E18-F18)*100,2)) -> 0
... H26: =G26-(E26-F26) -> 0 | I26: =IF(E26-F26=0,0,ROUND(H26/(E26-F26)*100,2)) -> 0
A27: 合计 | E27: =SUM(E7:E26) -> 0 | F27: =SUM(F7:F26) -> 0 | G27: =SUM(G7:G26) -> 0 | H27: =G27-(E27-F27) -> 0 | I27: =IF(E27-F27=0,0,ROUND(H27/(E27-F27)*100,2)) -> 0
A28: 减：减值准备 | E28: =F27 -> 0
A29: 净额 | E29: =E27-E28 -> 0 | G29: =G27-G28 -> 0 | H29: =G29-E29 -> 0 | I29: =IF(E29=0,0,ROUND(H29/E29*100,2)) -> 0 | L29: =SUM(L6:L28) -> 0 | M29: =SUM(M6:M28) -> 0
A30: =#REF! -> #REF! | G30: =CONCATENATE(索引!$D$6,"：",索引!$D47," ",索引!$E47) -> 评估人员：高晓宇 王海龙
A31: =#REF! -> #REF!

Sheet 4-4长期股权投资
A1: 长期股权投资评估明细表
Q2: 表4-4
A3: =#REF! -> #REF!
A4: =#REF! -> #REF! | R4: 金额单位：人民币元
A5: 序号 | B5: 被投资单位名称 | C5: 投资日期 | D5: 协议投资期限 | E5: 是否控股 | F5: 核算方法 | G5: 被投资单位注册资本 | I5: 被评估单位 | K5: 持股比例 | L5: 投资成本 | M5: 账面价值 | N5: 减值准备 | O5: 评估价值 | P5: 增减值 | Q5: 增值率% | R5: 备注 | T5: 未合并子公司 | W5: 明细表编号 | X5: 长投单位注册资本 | Y5: 长投单位实收资本 | Z5: 实际投资占比% | AA5: 应缴未缴出资额 | AB5: 该股东应缴未缴出资额 | AC5: 被投资单位账面净资产 | AD5: 被投资单位100%股权评估结果 | AE5: 长投评估结论测算方式 | AG5: 收益法 | AH5: 资产基础法 | AI5: 市场法 | AJ5: 取值方法 | AK5: 备注
G6: 认缴资本 | H6: 实收资本 | I6: 认缴出资 | J6: 实际出资 | T6: 账面价值 | U6: 评估价值 | AE6: 实投占比 | AF6: 认缴占比
K7: =I7/G7 -> #DIV/0! | P7: =O7-(M7-N7) -> 0 | Q7: =IF(M7-N7=0,0,ROUND(P7/(M7-N7)*100,2)) -> 0 | X7: =G7 -> 0 | Y7: =H7 -> 0 | Z7: =L7/Y7 -> #DIV/0! | AA7: =G7-H7 -> 0 | AB7: =I7-J7 -> 0
P8: =O8-(M8-N8) -> 0 | Q8: =IF(M8-N8=0,0,ROUND(P8/(M8-N8)*100,2)) -> 0
P9: =O9-(M9-N9) -> 0 | Q9: =IF(M9-N9=0,0,ROUND(P9/(M9-N9)*100,2)) -> 0
P10: =O10-(M10-N10) -> 0 | Q10: =IF(M10-N10=0,0,ROUND(P10/(M10-N10)*100,2)) -> 0
P11: =O11-(M11-N11) -> 0 | Q11: =IF(M11-N11=0,0,ROUND(P11/(M11-N11)*100,2)) -> 0
P12: =O12-(M12-N12) -> 0 | Q12: =IF(M12-N12=0,0,ROUND(P12/(M12-N12)*100,2)) -> 0
P13: =O13-(M13-N13) -> 0 | Q13: =IF(M13-N13=0,0,ROUND(P13/(M13-N13)*100,2)) -> 0
P14: =O14-(M14-N14) -> 0 | Q14: =IF(M14-N14=0,0,ROUND(P14/(M14-N14)*100,2)) -> 0
P15: =O15-(M15-N15) -> 0 | Q15: =IF(M15-N15=0,0,ROUND(P15/(M15-N15)*100,2)) -> 0
P16: =O16-(M16-N16) -> 0 | Q16: =IF(M16-N16=0,0,ROUND(P16/(M16-N16)*100,2)) -> 0
P17: =O17-(M17-N17) -> 0 | Q17: =IF(M17-N17=0,0,ROUND(P17/(M17-N17)*100,2)) -> 0
P18: =O18-(M18-N18) -> 0 | Q18: =IF(M18-N18=0,0,ROUND(P18/(M18-N18)*100,2)) -> 0
P19: =O19-(M19-N19) -> 0 | Q19: =IF(M19-N19=0,0,ROUND(P19/(M19-N19)*100,2)) -> 0
... P26: =O26-(M26-N26) -> 0 | Q26: =IF(M26-N26=0,0,ROUND(P26/(M26-N26)*100,2)) -> 0
A27: 合计 | M27: =SUM(M7:M26) -> 0 | N27: =SUM(N7:N26) -> 0 | O27: =SUM(O7:O26) -> 0 | P27: =O27-(M27-N27) -> 0 | Q27: =IF(M27-N27=0,0,ROUND(P27/(M27-N27)*100,2)) -> 0
A28: 减：减值准备 | M28: =N27 -> 0
A29: 净额 | M29: =M27-M28 -> 0 | O29: =O27-O28 -> 0 | P29: =O29-M29 -> 0 | Q29: =IF(M29=0,0,ROUND(P29/M29*100,2)) -> 0 | T29: =SUM(T6:T28) -> 0 | U29: =SUM(U6:U28) -> 0
A30: =#REF! -> #REF! | O30: =CONCATENATE(索引!$D$6,"：",索引!$D48," ",索引!$E48) -> 评估人员：高晓宇 王海龙
A31: =#REF! -> #REF!

Sheet 4-5其他权益工具投资
A1: 其他权益工具投资评估明细表
Q2: 表4-5
A3: =#REF! -> #REF!
A4: =#REF! -> #REF! | R4: 金额单位：人民币元
A5: 序号 | B5: 被投资单位名称 | C5: 投资类别 | D5: 投资日期 | E5: 到期日 | F5: 票面利率% | G5: 被投资单位注册资本 | I5: 被评估单位 | K5: 持股比例 | L5: 投资成本 | M5: 账面价值 | N5: 减值准备 | O5: 评估价值 | P5: 增减值 | Q5: 增值率% | R5: 备注 | W5: 明细表编号 | X5: 被投单位注册资本 | Y5: 被投单位实收资本 | Z5: 实际投资占比% | AA5: 应缴未缴出资额 | AB5: 该股东应缴未缴出资额 | AC5: 被投资单位账面净资产 | AD5: 被投资单位100%股权评估结果 | AE5: 被投单位评估结论测算方式 | AG5: 评估方法 | AH5: 备注
G6: 认缴资本 | H6: 实收资本 | I6: 认缴出资 | J6: 实际出资 | AE6: 实投占比 | AF6: 认缴占比
P7: =O7-(M7-N7) -> 0 | Q7: =IF(M7-N7=0,0,ROUND(P7/(M7-N7)*100,2)) -> 0 | X7: =G7 -> 0 | Y7: =H7 -> 0 | Z7: =L7/Y7 -> #DIV/0! | AA7: =G7-H7 -> 0 | AB7: =I7-J7 -> 0 | AE7: =AD7*Z7 -> #DIV/0!
P8: =O8-(M8-N8) -> 0 | Q8: =IF(M8-N8=0,0,ROUND(P8/(M8-N8)*100,2)) -> 0
P9: =O9-(M9-N9) -> 0 | Q9: =IF(M9-N9=0,0,ROUND(P9/(M9-N9)*100,2)) -> 0
P10: =O10-(M10-N10) -> 0 | Q10: =IF(M10-N10=0,0,ROUND(P10/(M10-N10)*100,2)) -> 0
P11: =O11-(M11-N11) -> 0 | Q11: =IF(M11-N11=0,0,ROUND(P11/(M11-N11)*100,2)) -> 0
P12: =O12-(M12-N12) -> 0 | Q12: =IF(M12-N12=0,0,ROUND(P12/(M12-N12)*100,2)) -> 0
P13: =O13-(M13-N13) -> 0 | Q13: =IF(M13-N13=0,0,ROUND(P13/(M13-N13)*100,2)) -> 0
P14: =O14-(M14-N14) -> 0 | Q14: =IF(M14-N14=0,0,ROUND(P14/(M14-N14)*100,2)) -> 0
P15: =O15-(M15-N15) -> 0 | Q15: =IF(M15-N15=0,0,ROUND(P15/(M15-N15)*100,2)) -> 0
P16: =O16-(M16-N16) -> 0 | Q16: =IF(M16-N16=0,0,ROUND(P16/(M16-N16)*100,2)) -> 0
P17: =O17-(M17-N17) -> 0 | Q17: =IF(M17-N17=0,0,ROUND(P17/(M17-N17)*100,2)) -> 0
P18: =O18-(M18-N18) -> 0 | Q18: =IF(M18-N18=0,0,ROUND(P18/(M18-N18)*100,2)) -> 0
P19: =O19-(M19-N19) -> 0 | Q19: =IF(M19-N19=0,0,ROUND(P19/(M19-N19)*100,2)) -> 0
... P26: =O26-(M26-N26) -> 0 | Q26: =IF(M26-N26=0,0,ROUND(P26/(M26-N26)*100,2)) -> 0
A27: 合计 | M27: =SUM(M7:M26) -> 0 | N27: =SUM(N7:N26) -> 0 | O27: =SUM(O7:O26) -> 0 | P27: =O27-(M27-N27) -> 0 | Q27: =IF(M27-N27=0,0,ROUND(P27/(M27-N27)*100,2)) -> 0
A28: 减：减值准备 | M28: =N27 -> 0
A29: 净额 | M29: =M27-M28 -> 0 | O29: =O27-O28 -> 0 | P29: =O29-M29 -> 0 | Q29: =IF(M29=0,0,ROUND(P29/M29*100,2)) -> 0
A30: =#REF! -> #REF! | O30: =CONCATENATE(索引!$D$6,"：",索引!$D49," ",索引!$E49) -> 评估人员：高晓宇 王海龙
A31: =#REF! -> #REF!

Sheet 4-6其他非流动金融资产
A1: 其他非流动金融资产评估明细表
K2: 表4-6
A3: =#REF! -> #REF!
A4: =#REF! -> #REF! | L4: 金额单位：人民币元
A5: 序号 | B5: 被投资单位名称 | C5: 金融资产种类 | D5: 投资日期 | E5: 持有数量 | F5: 基准日市价 | G5: 取得成本 | H5: 账面价值 | I5: 评估价值 | J5: 增减值 | K5: 增值率% | L5: 备注
J7: =I7-H7 -> 0 | K7: =IF(H7=0,0,ROUND(J7/H7*100,2)) -> 0
J8: =I8-H8 -> 0 | K8: =IF(H8=0,0,ROUND(J8/H8*100,2)) -> 0
J9: =I9-H9 -> 0 | K9: =IF(H9=0,0,ROUND(J9/H9*100,2)) -> 0
J10: =I10-H10 -> 0 | K10: =IF(H10=0,0,ROUND(J10/H10*100,2)) -> 0
J11: =I11-H11 -> 0 | K11: =IF(H11=0,0,ROUND(J11/H11*100,2)) -> 0
J12: =I12-H12 -> 0 | K12: =IF(H12=0,0,ROUND(J12/H12*100,2)) -> 0
J13: =I13-H13 -> 0 | K13: =IF(H13=0,0,ROUND(J13/H13*100,2)) -> 0
J14: =I14-H14 -> 0 | K14: =IF(H14=0,0,ROUND(J14/H14*100,2)) -> 0
J15: =I15-H15 -> 0 | K15: =IF(H15=0,0,ROUND(J15/H15*100,2)) -> 0
J16: =I16-H16 -> 0 | K16: =IF(H16=0,0,ROUND(J16/H16*100,2)) -> 0
J17: =I17-H17 -> 0 | K17: =IF(H17=0,0,ROUND(J17/H17*100,2)) -> 0
J18: =I18-H18 -> 0 | K18: =IF(H18=0,0,ROUND(J18/H18*100,2)) -> 0
... J26: =I26-H26 -> 0 | K26: =IF(H26=0,0,ROUND(J26/H26*100,2)) -> 0
A29: 合 计 | H29: =SUM(H6:H28) -> 0 | I29: =SUM(I6:I28) -> 0 | J29: =I29-H29 -> 0 | K29: =IF(H29=0,0,ROUND(J29/H29*100,2)) -> 0
A30: =#REF! -> #REF! | I30: =CONCATENATE(索引!$D$6,"：",索引!$D50," ",索引!$E50) -> 评估人员：高晓宇 王海龙
A31: =#REF! -> #REF!
A32: 填表说明：
B33: ①“被投资单位名称”指股票发行单位全称；
B34: ②“股票名称”指该股票标准简称，包括代码，如太极集团600129；
B35: ③“投资日期”指企业购买股票的日期或以其他方式（如非货币性交易换入、以债权换入等）取得股权的协议转让日期，非股票发行日期；

Sheet 4-7投资性房地产汇总表
A1: 投资性房地产评估汇总表
G2: 表4-7
A3: =#REF! -> #REF!
A4: =#REF! -> #REF! | G4: 金额单位：人民币元
A5: 编号 | B5: 科目名称 | C5: 账面价值 | D5: 减值准备 | E5: 评估价值 | F5: 增值额 | G5: 增值率%
A7: 4-7-1 | B7: 投资性房地产--房屋（成本模式） | C7: ='4-7-1投资性房地产-房屋(成本模式)'!AD27 -> 0 | D7: ='4-7-1投资性房地产-房屋(成本模式)'!AE27 -> 0 | E7: ='4-7-1投资性房地产-房屋(成本模式)'!AH27 -> 0 | F7: =E7-C7+D7 -> 0 | G7: =IF(C7-D7=0,"",F7/(C7-D7)*100)
A8: 4-7-2 | B8: 投资性房地产--房屋（公允价值模式） | C8: ='4-7-2投资性房地产-房屋(公允模式)'!AD29 -> 0 | E8: ='4-7-2投资性房地产-房屋(公允模式)'!AE29 -> 0 | F8: =E8-C8+D8 -> 0 | G8: =IF(C8-D8=0,"",F8/(C8-D8)*100)
A9: 4-7-3 | B9: 投资性房地产--土地（成本模式） | C9: ='4-7-3投资性地产-土地(成本模式)'!U27 -> 0 | D9: ='4-7-3投资性地产-土地(成本模式)'!V27 -> 0 | E9: ='4-7-3投资性地产-土地(成本模式)'!W27 -> 0 | F9: =E9-C9+D9 -> 0 | G9: =IF(C9-D9=0,"",F9/(C9-D9)*100)
A10: 4-7-4 | B10: 投资性房地产--土地（公允价值模式） | C10: ='4-7-3投资性地产-土地(公允模式)'!U29 -> 0 | E10: ='4-7-3投资性地产-土地(公允模式)'!V29 -> 0 | F10: =E10-C10+D10 -> 0 | G10: =IF(C10-D10=0,"",F10/(C10-D10)*100)
A27: 合计 | C27: =SUM(C7:C26) -> 0 | D27: =SUM(D7:D26) -> 0 | E27: =SUM(E7:E26) -> 0 | F27: =E27-C27+D27 -> 0 | G27: =IF(C27-D27=0,"",F27/(C27-D27)*100)
A28: 减：减值准备 | C28: =D27 -> 0
A29: 净额 | C29: =C27-C28 -> 0 | E29: =E27 -> 0 | F29: =E29-C29 -> 0 | G29: =IF(C29=0,"",F29/C29*100)
A30: =#REF! -> #REF! | E30: =CONCATENATE(索引!$D$6,"：",索引!$D51," ",索引!$E51) -> 评估人员：高晓宇 王海龙
A31: =#REF! -> #REF!

Sheet 4-7-1投资性房地产-房屋(成本模式)
A1: 投资性房地产——房屋评估明细表 （采用成本模式计量）
AI2: 表4-7-1
A3: =#REF! -> #REF!
A4: =#REF! -> #REF! | AK4: 金额单位：人民币元
A5: 序号 | B5: 所占宗地情况 | H5: 权证编号 | I5: 房屋名称 | J5: 证载权利人名称 | K5: 建成 年月 | L5: 建筑结构 | M5: 建筑面积(㎡) | N5: 来源 | O5: 详细座落地址 | P5: 檐高(M) | Q5: 层高(M) | R5: 总层数 | S5: 本单位占第几层 | T5: 吊车吨位(T) | U5: 跨度(M) | V5: 柱距(M) | W5: 房产用途 | X5: 账面价值中是否含电梯空调主机等大型设备的价值 | Y5: 是否包含土地价值 | Z5: 是否设定他项权利 | AA5: 使用状况 | AB5: 成本单价 (元/m2) | AC5: 账面价值 | AE5: 减值准备 | AF5: 评估价值 | AI5: 增值率% | AJ5: 评估单价 (元/m2) | AK5: 备注
B6: 国有土地使用证证号 | C6: 证载土地使用权人 | D6: 证载土地使用权类型 | E6: 证载土地用途 | F6: 土地使用权终止日期 | G6: 土地面积(㎡) | AC6: 原值 | AD6: 净值 | AF6: 原值 | AG6: 成新率% | AH6: 净值
W7: 生产/非生产 | AA7: 正常、待报废、闲置、无实物 | AB7: =IF(M7=0,0,ROUND(AC7/M7,2)) -> 0 | AH7: =ROUND(AF7*AG7/100,2) -> 0 | AI7: =IF(AD7-AE7=0,"",(AH7-AD7+AE7)/(AD7-AE7)*100) | AJ7: =IF(M7=0,0,ROUND(AF7/M7,2)) -> 0
AB8: =IF(M8=0,0,ROUND(AC8/M8,2)) -> 0 | AH8: =ROUND(AF8*AG8/100,2) -> 0 | AI8: =IF(AD8-AE8=0,"",(AH8-AD8+AE8)/(AD8-AE8)*100) | AJ8: =IF(M8=0,0,ROUND(AF8/M8,2)) -> 0
AH9: =ROUND(AF9*AG9/100,2) -> 0 | AI9: =IF(AD9-AE9=0,"",(AH9-AD9+AE9)/(AD9-AE9)*100) | AJ9: =IF(M9=0,0,ROUND(AF9/M9,2)) -> 0
AH10: =ROUND(AF10*AG10/100,2) -> 0 | AI10: =IF(AD10-AE10=0,"",(AH10-AD10+AE10)/(AD10-AE10)*100) | AJ10: =IF(M10=0,0,ROUND(AF10/M10,2)) -> 0
AH11: =ROUND(AF11*AG11/100,2) -> 0 | AI11: =IF(AD11-AE11=0,"",(AH11-AD11+AE11)/(AD11-AE11)*100) | AJ11: =IF(M11=0,0,ROUND(AF11/M11,2)) -> 0
AH12: =ROUND(AF12*AG12/100,2) -> 0 | AI12: =IF(AD12-AE12=0,"",(AH12-AD12+AE12)/(AD12-AE12)*100) | AJ12: =IF(M12=0,0,ROUND(AF12/M12,2)) -> 0
AH13: =ROUND(AF13*AG13/100,2) -> 0 | AI13: =IF(AD13-AE13=0,"",(AH13-AD13+AE13)/(AD13-AE13)*100) | AJ13: =IF(M13=0,0,ROUND(AF13/M13,2)) -> 0
AH14: =ROUND(AF14*AG14/100,2) -> 0 | AI14: =IF(AD14-AE14=0,"",(AH14-AD14+AE14)/(AD14-AE14)*100) | AJ14: =IF(M14=0,0,ROUND(AF14/M14,2)) -> 0
AB15: =IF(M15=0,0,ROUND(AC15/M15,2)) -> 0 | AH15: =ROUND(AF15*AG15/100,2) -> 0 | AI15: =IF(AD15-AE15=0,"",(AH15-AD15+AE15)/(AD15-AE15)*100) | AJ15: =IF(M15=0,0,ROUND(AF15/M15,2)) -> 0
AB16: =IF(M16=0,0,ROUND(AC16/M16,2)) -> 0 | AH16: =ROUND(AF16*AG16/100,2) -> 0 | AI16: =IF(AD16-AE16=0,"",(AH16-AD16+AE16)/(AD16-AE16)*100) | AJ16: =IF(M16=0,0,ROUND(AF16/M16,2)) -> 0
AB17: =IF(M17=0,0,ROUND(AC17/M17,2)) -> 0 | AH17: =ROUND(AF17*AG17/100,2) -> 0 | AI17: =IF(AD17-AE17=0,"",(AH17-AD17+AE17)/(AD17-AE17)*100) | AJ17: =IF(M17=0,0,ROUND(AF17/M17,2)) -> 0
AB18: =IF(M18=0,0,ROUND(AC18/M18,2)) -> 0 | AH18: =ROUND(AF18*AG18/100,2) -> 0 | AI18: =IF(AD18-AE18=0,"",(AH18-AD18+AE18)/(AD18-AE18)*100) | AJ18: =IF(M18=0,0,ROUND(AF18/M18,2)) -> 0
AB19: =IF(M19=0,0,ROUND(AC19/M19,2)) -> 0 | AH19: =ROUND(AF19*AG19/100,2) -> 0 | AI19: =IF(AD19-AE19=0,"",(AH19-AD19+AE19)/(AD19-AE19)*100) | AJ19: =IF(M19=0,0,ROUND(AF19/M19,2)) -> 0
AB20: =IF(M20=0,0,ROUND(AC20/M20,2)) -> 0 | AH20: =ROUND(AF20*AG20/100,2) -> 0 | AI20: =IF(AD20-AE20=0,"",(AH20-AD20+AE20)/(AD20-AE20)*100) | AJ20: =IF(M20=0,0,ROUND(AF20/M20,2)) -> 0
AB21: =IF(M21=0,0,ROUND(AC21/M21,2)) -> 0 | AH21: =ROUND(AF21*AG21/100,2) -> 0 | AI21: =IF(AD21-AE21=0,"",(AH21-AD21+AE21)/(AD21-AE21)*100) | AJ21: =IF(M21=0,0,ROUND(AF21/M21,2)) -> 0
AB22: =IF(M22=0,0,ROUND(AC22/M22,2)) -> 0 | AH22: =ROUND(AF22*AG22/100,2) -> 0 | AI22: =IF(AD22-AE22=0,"",(AH22-AD22+AE22)/(AD22-AE22)*100) | AJ22: =IF(M22=0,0,ROUND(AF22/M22,2)) -> 0
AB23: =IF(M23=0,0,ROUND(AC23/M23,2)) -> 0 | AH23: =ROUND(AF23*AG23/100,2) -> 0 | AI23: =IF(AD23-AE23=0,"",(AH23-AD23+AE23)/(AD23-AE23)*100) | AJ23: =IF(M23=0,0,ROUND(AF23/M23,2)) -> 0
AB24: =IF(M24=0,0,ROUND(AC24/M24,2)) -> 0 | AH24: =ROUND(AF24*AG24/100,2) -> 0 | AI24: =IF(AD24-AE24=0,"",(AH24-AD24+AE24)/(AD24-AE24)*100) | AJ24: =IF(M24=0,0,ROUND(AF24/M24,2)) -> 0
AB25: =IF(M25=0,0,ROUND(AC25/M25,2)) -> 0 | AH25: =ROUND(AF25*AG25/100,2) -> 0 | AI25: =IF(AD25-AE25=0,"",(AH25-AD25+AE25)/(AD25-AE25)*100) | AJ25: =IF(M25=0,0,ROUND(AF25/M25,2)) -> 0
AB26: =IF(M26=0,0,ROUND(AC26/M26,2)) -> 0 | AH26: =ROUND(AF26*AG26/100,2) -> 0 | AI26: =IF(AD26-AE26=0,"",(AH26-AD26+AE26)/(AD26-AE26)*100) | AJ26: =IF(M26=0,0,ROUND(AF26/M26,2)) -> 0
A27: 合计 | AC27: =SUM(AC7:AC26) -> 0 | AD27: =SUM(AD7:AD26) -> 0 | AE27: =SUM(AE7:AE26) -> 0 | AF27: =SUM(AF7:AF26) -> 0 | AH27: =ROUND(AF27*AG27/100,2) -> 0 | AI27: =IF(AD27-AE27=0,"",(AH27-AD27+AE27)/(AD27-AE27)*100) | AJ27: =IF(M27=0,0,ROUND(AF27/M27,2)) -> 0
A28: 减：投资性房地产减值准备 | AD28: =AE27 -> 0
A29: 净额 | AC29: =AC27-AC28 -> 0 | AD29: =AD27-AD28 -> 0 | AF29: =AF27 -> 0 | AH29: =AH27 -> 0 | AI29: =IF(AD29=0,"",(AH29-AD29)/AD29*100)
A30: =#REF! -> #REF! | AF30: =CONCATENATE(索引!$D$6,"：",索引!$D52," ",索引!$E52) -> 评估人员：高晓宇 王海龙
A31: =#REF! -> #REF!

Sheet 4-7-2投资性房地产-房屋(公允模式)
A1: 投资性房地产——房屋评估明细表（采用公允价值模式计量）
AH2: 表4-7-2
A3: =#REF! -> #REF!
A4: =#REF! -> #REF! | AH4: 金额单位：人民币元
A5: 序号 | B5: 所占宗地情况 | H5: 权证编号 | I5: 房屋名称 | J5: 证载权利人名称 | K5: 建成 年月 | L5: 建筑结构 | M5: 建筑面积(㎡) | N5: 来源 | O5: 详细座落地址 | P5: 檐高(M) | Q5: 层高(M) | R5: 总层数 | S5: 本单位占第几层 | T5: 吊车吨位(T) | U5: 跨度(M) | V5: 柱距(M) | W5: 房产用途 | X5: 账面价值中是否含电梯空调主机等大型设备的价值 | Y5: 是否包含土地价值 | Z5: 是否设定他项权利 | AA5: 使用状况 | AB5: 成本单价 (元/m2) | AC5: 原始入账价值 （转入日公允价值） | AD5: 账面价值 | AE5: 评估价值 | AF5: 增值率% | AG5: 评估单价 (元/m2) | AH5: 备注
B6: 国有土地使用证证号 | C6: 证载土地使用权人 | D6: 证载土地使用权类型 | E6: 证载土地用途 | F6: 土地使用权终止日期 | G6: 土地面积(㎡)
W7: 生产/非生产 | AA7: 正常、待报废、闲置、无实物 | AF7: =IF(AD7=0,"",(AE7-AD7)/AD7*100) | AG7: =IF(M7=0,0,ROUND(AE7/M7,2)) -> 0
AF8: =IF(AD8=0,"",(AE8-AD8)/AD8*100) | AG8: =IF(M8=0,0,ROUND(AE8/M8,2)) -> 0
AF9: =IF(AD9=0,"",(AE9-AD9)/AD9*100) | AG9: =IF(M9=0,0,ROUND(AE9/M9,2)) -> 0
AF10: =IF(AD10=0,"",(AE10-AD10)/AD10*100) | AG10: =IF(M10=0,0,ROUND(AE10/M10,2)) -> 0
AF11: =IF(AD11=0,"",(AE11-AD11)/AD11*100) | AG11: =IF(M11=0,0,ROUND(AE11/M11,2)) -> 0
AG12: =IF(M12=0,0,ROUND(AE12/M12,2)) -> 0
AG13: =IF(M13=0,0,ROUND(AE13/M13,2)) -> 0
AG14: =IF(M14=0,0,ROUND(AE14/M14,2)) -> 0
AG15: =IF(M15=0,0,ROUND(AE15/M15,2)) -> 0
AG16: =IF(M16=0,0,ROUND(AE16/M16,2)) -> 0
AG17: =IF(M17=0,0,ROUND(AE17/M17,2)) -> 0
AG18: =IF(M18=0,0,ROUND(AE18/M18,2)) -> 0
AF19: =IF(AD19=0,"",(AE19-AD19)/AD19*100) | AG19: =IF(M19=0,0,ROUND(AE19/M19,2)) -> 0
AF20: =IF(AD20=0,"",(AE20-AD20)/AD20*100) | AG20: =IF(M20=0,0,ROUND(AE20/M20,2)) -> 0
AF21: =IF(AD21=0,"",(AE21-AD21)/AD21*100) | AG21: =IF(M21=0,0,ROUND(AE21/M21,2)) -> 0
AF22: =IF(AD22=0,"",(AE22-AD22)/AD22*100) | AG22: =IF(M22=0,0,ROUND(AE22/M22,2)) -> 0
AF23: =IF(AD23=0,"",(AE23-AD23)/AD23*100) | AG23: =IF(M23=0,0,ROUND(AE23/M23,2)) -> 0
AG24: =IF(M24=0,0,ROUND(AE24/M24,2)) -> 0
AF25: =IF(AD25=0,"",(AE25-AD25)/AD25*100) | AG25: =IF(M25=0,0,ROUND(AE25/M25,2)) -> 0
AF26: =IF(AD26=0,"",(AE26-AD26)/AD26*100) | AG26: =IF(M26=0,0,ROUND(AE26/M26,2)) -> 0
AF27: =IF(AD27=0,"",(AE27-AD27)/AD27*100) | AG27: =IF(M27=0,0,ROUND(AE27/M27,2)) -> 0
AF28: =IF(AD28=0,"",(AE28-AD28)/AD28*100) | AG28: =IF(M28=0,0,ROUND(AE28/M28,2)) -> 0
A29: 合 计 | AD29: =SUM(AD7:AD28) -> 0 | AE29: =SUM(AE7:AE28) -> 0 | AF29: =IF(AD29=0,"",(AE29-AD29)/AD29*100)
A30: =#REF! -> #REF! | AD30: =CONCATENATE(索引!$D$6,"：",索引!$D53," ",索引!$E53) -> 评估人员：高晓宇 王海龙
A31: =#REF! -> #REF!

Sheet 4-7-3投资性地产-土地(成本模式)
A1: 投资性房地产——土地使用权评估明细表（采用成本模式计量）
X2: 表4-7-3
A3: =#REF! -> #REF!
A4: =#REF! -> #REF! | Z4: 金额单位：人民币元
A5: 序号 | B5: 宗地名称 | C5: 土地权证编号 | D5: 证载土地使用权人 | E5: 土地使用权类型 | F5: 土地用途 | G5: 土地终止年期 | H5: 面积(m2) | I5: 土地位置 | J5: 来源 | K5: 取得日期 | L5: 宗地编号 | M5: 是否空地 | N5: 开发程度 | O5: 四至 | S5: 是否设定他项权利 | T5: 原始入账价值 | U5: 账面价值 | V5: 减值准备 | W5: 评估价值 | X5: 增值率% | Y5: 评估单价 (元/m2) | Z5: 备注
O6: 东 | P6: 南 | Q6: 西 | R6: 北
X7: =IF(U7-V7=0,"",(W7-U7+V7)/(U7-V7)*100) | Y7: =IF(H7=0,0,ROUND(W7/H7,2)) -> 0
Y8: =IF(H8=0,0,ROUND(W8/H8,2)) -> 0
Y9: =IF(H9=0,0,ROUND(W9/H9,2)) -> 0
Y10: =IF(H10=0,0,ROUND(W10/H10,2)) -> 0
Y11: =IF(H11=0,0,ROUND(W11/H11,2)) -> 0
Y12: =IF(H12=0,0,ROUND(W12/H12,2)) -> 0
Y13: =IF(H13=0,0,ROUND(W13/H13,2)) -> 0
Y14: =IF(H14=0,0,ROUND(W14/H14,2)) -> 0
Y15: =IF(H15=0,0,ROUND(W15/H15,2)) -> 0
Y16: =IF(H16=0,0,ROUND(W16/H16,2)) -> 0
Y17: =IF(H17=0,0,ROUND(W17/H17,2)) -> 0
X18: =IF(U18-V18=0,"",(W18-U18+V18)/(U18-V18)*100) | Y18: =IF(H18=0,0,ROUND(W18/H18,2)) -> 0
X19: =IF(U19-V19=0,"",(W19-U19+V19)/(U19-V19)*100) | Y19: =IF(H19=0,0,ROUND(W19/H19,2)) -> 0
Y20: =IF(H20=0,0,ROUND(W20/H20,2)) -> 0
X21: =IF(U21-V21=0,"",(W21-U21+V21)/(U21-V21)*100) | Y21: =IF(H21=0,0,ROUND(W21/H21,2)) -> 0
X22: =IF(U22-V22=0,"",(W22-U22+V22)/(U22-V22)*100) | Y22: =IF(H22=0,0,ROUND(W22/H22,2)) -> 0
X23: =IF(U23-V23=0,"",(W23-U23+V23)/(U23-V23)*100) | Y23: =IF(H23=0,0,ROUND(W23/H23,2)) -> 0
X24: =IF(U24-V24=0,"",(W24-U24+V24)/(U24-V24)*100) | Y24: =IF(H24=0,0,ROUND(W24/H24,2)) -> 0
X25: =IF(U25-V25=0,"",(W25-U25+V25)/(U25-V25)*100) | Y25: =IF(H25=0,0,ROUND(W25/H25,2)) -> 0
X26: =IF(U26-V26=0,"",(W26-U26+V26)/(U26-V26)*100) | Y26: =IF(H26=0,0,ROUND(W26/H26,2)) -> 0
A27: 合计 | T27: =SUM(T6:T26) -> 0 | U27: =SUM(U7:U26) -> 0 | V27: =SUM(V7:V26) -> 0 | W27: =SUM(W7:W26) -> 0 | X27: =IF(U27-V27=0,"",(W27-U27+V27)/(U27-V27)*100)
A28: 减：投资性房地产减值准备 | U28: =V27 -> 0
A29: 净额 | T29: =T27-T28 -> 0 | U29: =U27-U28 -> 0 | W29: =W27 -> 0 | X29: =IF(U29=0,"",(W29-U29)/U29*100)
A30: =#REF! -> #REF! | W30: =CONCATENATE(索引!$D$6,"：",索引!$D54," ",索引!$E54) -> 评估人员：高晓宇 王海龙
A31: =#REF! -> #REF!

Sheet 4-7-3投资性地产-土地(公允模式)
A1: 投资性房地产——土地使用权评估明细表（采用公允模式计量）
W2: 表4-7-4
A3: =#REF! -> #REF!
A4: =#REF! -> #REF! | Y4: 金额单位：人民币元
A5: 序号 | B5: 宗地名称 | C5: 土地权证编号 | D5: 证载土地使用权人 | E5: 土地使用权类型 | F5: 土地用途 | G5: 土地终止年期 | H5: 面积(m2) | I5: 土地位置 | J5: 来源 （外购、自建、自用转入、存货转入等） | K5: 取得日期 | L5: 宗地编号 | M5: 是否空地 | N5: 开发程度 | O5: 四至 | S5: 是否设定他项权利 | T5: 原始入账价值 （转入日公允价值） | U5: 账面价值 | V5: 评估价值 | W5: 增值率% | X5: 评估单价 (元/m2) | Y5: 备注
O6: 东 | P6: 南 | Q6: 西 | R6: 北
W7: =IF(U7=0,"",(V7-U7)/U7*100) | X7: =IF(H7=0,0,ROUND(V7/H7,2)) -> 0
X8: =IF(H8=0,0,ROUND(V8/H8,2)) -> 0
X9: =IF(H9=0,0,ROUND(V9/H9,2)) -> 0
W10: =IF(U10=0,"",(V10-U10)/U10*100) | X10: =IF(H10=0,0,ROUND(V10/H10,2)) -> 0
X11: =IF(H11=0,0,ROUND(V11/H11,2)) -> 0
X12: =IF(H12=0,0,ROUND(V12/H12,2)) -> 0
X13: =IF(H13=0,0,ROUND(V13/H13,2)) -> 0
W14: =IF(U14=0,"",(V14-U14)/U14*100) | X14: =IF(H14=0,0,ROUND(V14/H14,2)) -> 0
W15: =IF(U15=0,"",(V15-U15)/U15*100) | X15: =IF(H15=0,0,ROUND(V15/H15,2)) -> 0
W16: =IF(U16=0,"",(V16-U16)/U16*100) | X16: =IF(H16=0,0,ROUND(V16/H16,2)) -> 0
W17: =IF(U17=0,"",(V17-U17)/U17*100) | X17: =IF(H17=0,0,ROUND(V17/H17,2)) -> 0
W18: =IF(U18=0,"",(V18-U18)/U18*100) | X18: =IF(H18=0,0,ROUND(V18/H18,2)) -> 0
W19: =IF(U19=0,"",(V19-U19)/U19*100) | X19: =IF(H19=0,0,ROUND(V19/H19,2)) -> 0
X20: =IF(H20=0,0,ROUND(V20/H20,2)) -> 0
X21: =IF(H21=0,0,ROUND(V21/H21,2)) -> 0
X22: =IF(H22=0,0,ROUND(V22/H22,2)) -> 0
X23: =IF(H23=0,0,ROUND(V23/H23,2)) -> 0
W24: =IF(U24=0,"",(V24-U24)/U24*100) | X24: =IF(H24=0,0,ROUND(V24/H24,2)) -> 0
W25: =IF(U25=0,"",(V25-U25)/U25*100) | X25: =IF(H25=0,0,ROUND(V25/H25,2)) -> 0
W26: =IF(U26=0,"",(V26-U26)/U26*100) | X26: =IF(H26=0,0,ROUND(V26/H26,2)) -> 0
W27: =IF(U27=0,"",(V27-U27)/U27*100) | X27: =IF(H27=0,0,ROUND(V27/H27,2)) -> 0
W28: =IF(U28=0,"",(V28-U28)/U28*100) | X28: =IF(H28=0,0,ROUND(V28/H28,2)) -> 0
A29: 合计 | T29: =SUM(T7:T28) -> 0 | U29: =SUM(U7:U28) -> 0 | V29: =SUM(V7:V28) -> 0 | W29: =SUM(W7:W28) -> 0
A30: =#REF! -> #REF! | V30: =CONCATENATE(索引!$D$6,"：",索引!$D55," ",索引!$E55) -> 评估人员：高晓宇 王海龙
A31: =#REF! -> #REF!

Sheet 4-8固定资产汇总表
A1: 固定资产评估汇总表
K2: 表4-8
A3: =#REF! -> #REF!
A4: =#REF! -> #REF! | K4: 金额单位：人民币元 | M4: 非经
A5: 编号 | B5: 科目名称 | C5: 账面价值 | E5: 减值准备 | F5: 评估价值 | H5: 增值额 | J5: 增值率% | M5: 账面价值 | N5: 评估价值
C6: 原值 | D6: 净值 | F6: 原值 | G6: 净值 | H6: 原值 | I6: 净值 | J6: 原值 | K6: 净值
B7: 房屋建筑物类合计 | C7: =SUM(C8:C12) -> 0 | D7: =SUM(D8:D12) -> 0 | E7: =SUM(E8:E12) -> 0 | F7: =SUM(F8:F12) -> 0 | G7: =SUM(G8:G12) -> #NAME? | H7: =SUM(H8:H12) -> 0 | I7: =SUM(I8:I12) -> #NAME? | J7: =IF(C7=0,0,ROUND(H7/C7*100,2)) -> 0 | K7: =IF(D7-E7=0,"",I7/(D7-E7)*100)
A8: 4-8-1 | B8: 固定资产-房屋建筑物 | C8: ='4-8-1房屋建筑物'!AD27 -> 0 | D8: ='4-8-1房屋建筑物'!AE27 -> 0 | E8: ='4-8-1房屋建筑物'!AF27 -> 0 | F8: ='4-8-1房屋建筑物'!AG27 -> 0 | G8: ='4-8-1房屋建筑物'!AI27 -> 0 | H8: =F8-C8 -> 0 | I8: =G8-(D8-E8) -> 0 | J8: =IF(C8=0,0,ROUND(H8/C8*100,2)) -> 0 | K8: =IF(D8-E8=0,"",I8/(D8-E8)*100)
A9: 4-8-2 | B9: 固定资产-构筑物及其他辅助设施 | C9: ='4-8-2构筑物'!V27 -> 0 | D9: ='4-8-2构筑物'!W27 -> 0 | E9: ='4-8-2构筑物'!X27 -> 0 | F9: ='4-8-2构筑物'!Y27 -> 0 | G9: ='4-8-2构筑物'!AA27 -> 0 | H9: =F9-C9 -> 0 | I9: =G9-(D9-E9) -> 0 | J9: =IF(C9=0,0,ROUND(H9/C9*100,2)) -> 0 | K9: =IF(D9-E9=0,"",I9/(D9-E9)*100)
A10: 4-8-3 | B10: 固定资产-管道及沟槽 | C10: ='4-8-3管道沟槽'!O27 -> 0 | D10: ='4-8-3管道沟槽'!P27 -> 0 | E10: ='4-8-3管道沟槽'!Q27 -> 0 | F10: ='4-8-3管道沟槽'!R27 -> 0 | G10: ='4-8-3管道沟槽'!T27 -> 0 | H10: =F10-C10 -> 0 | I10: =G10-(D10-E10) -> 0 | J10: =IF(C10=0,0,ROUND(H10/C10*100,2)) -> 0 | K10: =IF(D10-E10=0,"",I10/(D10-E10)*100)
A11: 4-8-4 | B11: 固定资产-井巷工程 | C11: ='4-8-4井巷工程'!W27 -> 0 | D11: ='4-8-4井巷工程'!X27 -> 0 | E11: ='4-8-4井巷工程'!Y27 -> 0 | F11: ='4-8-4井巷工程'!Z27 -> 0 | G11: ='4-8-4井巷工程'!sheet61_5 -> #NAME? | H11: =F11-C11 -> 0 | I11: =G11-(D11-E11) -> #NAME? | J11: =IF(C11=0,0,ROUND(H11/C11*100,2)) -> 0 | K11: =IF(D11-E11=0,"",I11/(D11-E11)*100)
J12: =IF(C12=0,0,ROUND(H12/C12*100,2)) -> 0 | K12: =IF(D12-E12=0,"",I12/(D12-E12)*100)
B13: 设备类合计 | C13: =SUM(C14:C18) -> 0 | D13: =SUM(D14:D18) -> 0 | E13: =SUM(E14:E18) -> 0 | F13: =SUM(F14:F18) -> 0 | G13: =SUM(G14:G18) -> 0 | H13: =SUM(H14:H18) -> 0 | I13: =SUM(I14:I18) -> 0 | J13: =IF(C13=0,0,ROUND(H13/C13*100,2)) -> 0 | K13: =IF(D13-E13=0,"",I13/(D13-E13)*100)
A14: 4-8-5 | B14: 固定资产-机器设备 | C14: ='4-8-5机器设备'!N27 -> 0 | D14: ='4-8-5机器设备'!O27 -> 0 | E14: ='4-8-5机器设备'!P27 -> 0 | F14: ='4-8-5机器设备'!Q27 -> 0 | G14: ='4-8-5机器设备'!S27 -> 0 | H14: =F14-C14 -> 0 | I14: =G14-(D14-E14) -> 0 | J14: =IF(C14=0,0,ROUND(H14/C14*100,2)) -> 0 | K14: =IF(D14-E14=0,"",I14/(D14-E14)*100)
A15: 4-8-6 | B15: 固定资产-车辆 | C15: ='4-8-6车辆'!N27 -> 0 | D15: ='4-8-6车辆'!O27 -> 0 | E15: ='4-8-6车辆'!P27 -> 0 | F15: ='4-8-6车辆'!Q27 -> 0 | G15: ='4-8-6车辆'!S27 -> 0 | H15: =F15-C15 -> 0 | I15: =G15-(D15-E15) -> 0 | J15: =IF(C15=0,0,ROUND(H15/C15*100,2)) -> 0 | K15: =IF(D15-E15=0,"",I15/(D15-E15)*100)
A16: 4-8-7 | B16: 固定资产-办公设备及其他 | C16: ='4-8-7办公设备'!K27 -> 0 | D16: ='4-8-7办公设备'!L27 -> 0 | E16: ='4-8-7办公设备'!M27 -> 0 | F16: ='4-8-7办公设备'!N27 -> 0 | G16: ='4-8-7办公设备'!P27 -> 0 | H16: =F16-C16 -> 0 | I16: =G16-(D16-E16) -> 0 | J16: =IF(C16=0,0,ROUND(H16/C16*100,2)) -> 0 | K16: =IF(D16-E16=0,"",I16/(D16-E16)*100)
K17: =IF(D17-E17=0,"",I17/(D17-E17)*100)
K18: =IF(D18-E18=0,"",I18/(D18-E18)*100)
A19: 4-8-8 | B19: 固定资产—土地 | C19: ='4-8-8土地'!T27 -> 0 | D19: ='4-8-8土地'!U27 -> 0 | E19: ='4-8-8土地'!V27 -> 0 | F19: =G19 -> 0 | G19: ='4-8-8土地'!W27 -> 0 | H19: =F19-C19 -> 0 | I19: =G19-(D19-E19) -> 0 | J19: =IF(C19=0,0,ROUND(H19/C19*100,2)) -> 0 | K19: =IF(D19-E19=0,"",I19/(D19-E19)*100)
K20: =IF(D20-E20=0,"",I20/(D20-E20)*100)
A21: 4-8-9 | B21: 固定资产清理 | D21: ='4-8-9固定资产清理'!D29 -> 0 | G21: ='4-8-9固定资产清理'!E29 -> 0 | I21: =G21-(D21-E21) -> 0 | J21: =IF(C21=0,0,ROUND(H21/C21*100,2)) -> 0 | K21: =IF(D21-E21=0,"",I21/(D21-E21)*100)
K22: =IF(D22-E22=0,"",I22/(D22-E22)*100)
K23: =IF(D23-E23=0,"",I23/(D23-E23)*100)
K24: =IF(D24-E24=0,"",I24/(D24-E24)*100)
K25: =IF(D25-E25=0,"",I25/(D25-E25)*100)
K26: =IF(D26-E26=0,"",I26/(D26-E26)*100)
A27: 固定资产合计 | C27: =SUM(C7+C13+C19+C21) -> 0 | D27: =SUM(D7+D13+D19+D21) -> 0 | E27: =SUM(E7+E13+E19+E21) -> 0 | F27: =SUM(F7+F13+F19+F21) -> 0 | G27: =SUM(G7+G13+G19+G21) -> #NAME? | H27: =F27-C27 -> 0 | I27: =G27-(D27-E27) -> #NAME? | K27: =IF(D27-E27=0,"",I27/(D27-E27)*100)
A28: 减：固定资产减值准备 | D28: =E27 -> 0 | K28: =IF(D28-E28=0,"",I28/(D28-E28)*100)
A29: 固定资产净额 | C29: =C27-C28 -> 0 | D29: =D27-D28 -> 0 | F29: =F27-F28 -> 0 | G29: =G27-G28 -> #NAME? | H29: =H27-H28 -> 0 | I29: =I27-I28 -> #NAME? | K29: =IF(D29-E29=0,"",I29/(D29-E29)*100) | M29: =SUM(M6:M28) -> 0 | N29: =SUM(N6:N28) -> 0
A30: =#REF! -> #REF! | F30: =CONCATENATE(索引!$D$6,"：",索引!$D56," ",索引!$E56) -> 评估人员：高晓宇 王海龙
A31: =#REF! -> #REF!

Sheet 4-8-1房屋建筑物
A1: 固定资产—房屋建筑物评估明细表
AK2: 表4-8-1
A3: =#REF! -> #REF!
A4: =#REF! -> #REF! | AL4: 金额单位：人民币元
A5: 序号 | B5: 固定资产编号 | C5: 所占宗地情况 | I5: 房产证编号 | J5: 建筑物名称 | K5: 房产证载权利人名称 | L5: 建成年月 (竣工日期) | M5: 建筑结构 | N5: 建筑面积(㎡) | O5: 来源 | P5: 详细座落地址/所属厂区 | Q5: 檐高(M) | R5: 层高(M) | S5: 总层数 | T5: 本单位占第几层 | U5: 吊车吨位(T) | V5: 跨度(M) | W5: 柱距(M) | X5: 房产用途 | Y5: 账面价值中是否含电梯空调主机等大型设备的价值 | Z5: 是否包含土地价值 | AA5: 是否设定他项权利 | AB5: 使用状况 | AC5: 成本单价(元/㎡) | AD5: 账面价值 | AF5: 减值准备 | AG5: 评估价值 | AJ5: 增值率% | AK5: 评估单价(元/m2) | AL5: 备注
C6: 国有土地使用证证号 | D6: 证载土地使用权人 | E6: 证载土地使用权类型 | F6: 证载土地用途 | G6: 土地使用权终止日期 | H6: 土地面积(㎡) | AD6: 原值 | AE6: 净值 | AG6: 原值 | AH6: 成新率% | AI6: 净值
X7: 生产/非生产 | AB7: 正常、待报废、闲置、无实物 | AI7: =ROUND(AG7*AH7/100,2) -> 0 | AJ7: =IF(AE7-AF7=0,"",(AI7-AE7+AF7)/(AE7-AF7)*100) | AK7: =IF(N7=0,0,ROUND(AG7/N7,2)) -> 0
AI8: =ROUND(AG8*AH8/100,2) -> 0 | AJ8: =IF(AE8-AF8=0,"",(AI8-AE8+AF8)/(AE8-AF8)*100) | AK8: =IF(N8=0,0,ROUND(AG8/N8,2)) -> 0
AI9: =ROUND(AG9*AH9/100,2) -> 0 | AJ9: =IF(AE9-AF9=0,"",(AI9-AE9+AF9)/(AE9-AF9)*100) | AK9: =IF(N9=0,0,ROUND(AG9/N9,2)) -> 0
AI10: =ROUND(AG10*AH10/100,2) -> 0 | AJ10: =IF(AE10-AF10=0,"",(AI10-AE10+AF10)/(AE10-AF10)*100) | AK10: =IF(N10=0,0,ROUND(AG10/N10,2)) -> 0
AI11: =ROUND(AG11*AH11/100,2) -> 0 | AJ11: =IF(AE11-AF11=0,"",(AI11-AE11+AF11)/(AE11-AF11)*100) | AK11: =IF(N11=0,0,ROUND(AG11/N11,2)) -> 0
AI12: =ROUND(AG12*AH12/100,2) -> 0 | AJ12: =IF(AE12-AF12=0,"",(AI12-AE12+AF12)/(AE12-AF12)*100) | AK12: =IF(N12=0,0,ROUND(AG12/N12,2)) -> 0
AI13: =ROUND(AG13*AH13/100,2) -> 0 | AJ13: =IF(AE13-AF13=0,"",(AI13-AE13+AF13)/(AE13-AF13)*100) | AK13: =IF(N13=0,0,ROUND(AG13/N13,2)) -> 0
AI14: =ROUND(AG14*AH14/100,2) -> 0 | AJ14: =IF(AE14-AF14=0,"",(AI14-AE14+AF14)/(AE14-AF14)*100) | AK14: =IF(N14=0,0,ROUND(AG14/N14,2)) -> 0
AI15: =ROUND(AG15*AH15/100,2) -> 0 | AJ15: =IF(AE15-AF15=0,"",(AI15-AE15+AF15)/(AE15-AF15)*100) | AK15: =IF(N15=0,0,ROUND(AG15/N15,2)) -> 0
AI16: =ROUND(AG16*AH16/100,2) -> 0 | AJ16: =IF(AE16-AF16=0,"",(AI16-AE16+AF16)/(AE16-AF16)*100) | AK16: =IF(N16=0,0,ROUND(AG16/N16,2)) -> 0
AI17: =ROUND(AG17*AH17/100,2) -> 0 | AJ17: =IF(AE17-AF17=0,"",(AI17-AE17+AF17)/(AE17-AF17)*100) | AK17: =IF(N17=0,0,ROUND(AG17/N17,2)) -> 0
AI18: =ROUND(AG18*AH18/100,2) -> 0 | AJ18: =IF(AE18-AF18=0,"",(AI18-AE18+AF18)/(AE18-AF18)*100) | AK18: =IF(N18=0,0,ROUND(AG18/N18,2)) -> 0
AI19: =ROUND(AG19*AH19/100,2) -> 0 | AJ19: =IF(AE19-AF19=0,"",(AI19-AE19+AF19)/(AE19-AF19)*100) | AK19: =IF(N19=0,0,ROUND(AG19/N19,2)) -> 0
... AI26: =ROUND(AG26*AH26/100,2) -> 0 | AJ26: =IF(AE26-AF26=0,"",(AI26-AE26+AF26)/(AE26-AF26)*100) | AK26: =IF(N26=0,0,ROUND(AG26/N26,2)) -> 0
A27: 合计 | AD27: =SUM(AD7:AD26) -> 0 | AE27: =SUM(AE7:AE26) -> 0 | AF27: =SUM(AF7:AF26) -> 0 | AG27: =SUM(AG7:AG26) -> 0 | AI27: =ROUND(AG27*AH27/100,2) -> 0 | AJ27: =IF(AE27-AF27=0,"",(AI27-AE27+AF27)/(AE27-AF27)*100) | AK27: =IF(N27=0,0,ROUND(AG27/N27,2)) -> 0
A28: 减：房屋建筑物减值准备 | AE28: =AF27 -> 0
A29: 净额 | AD29: =AD27-AD28 -> 0 | AE29: =AE27-AE28 -> 0 | AG29: =AG27 -> 0 | AI29: =AI27 -> 0 | AJ29: =IF(AE29=0,"",(AI29-AE29)/AE29*100)
A30: =#REF! -> #REF! | AG30: =CONCATENATE(索引!$D$6,"：",索引!$D57," ",索引!$E57) -> 评估人员：高晓宇 王海龙
A31: =#REF! -> #REF!

Sheet 4-8-2构筑物
A1: 固定资产—构筑物及其他辅助设施评估明细表
AB2: 表4-8-2
A3: =#REF! -> #REF!
A4: =#REF! -> #REF! | AD4: 金额单位：人民币元
A5: 序号 | B5: 固定资产编号 | C5: 所占宗地情况 | I5: 构筑物名称 | J5: 建成年月 (竣工日期) | K5: 建筑结构 | L5: 计量单位 | M5: 数量 | N5: 技术特征 | T5: 详细座落地址/所属厂区 | U5: 使用状况 | V5: 账面价值 | X5: 减值准备 | Y5: 评估价值 | AB5: 增值率% | AC5: 评估单价 | AD5: 备注
C6: 国有土地使用证证号 | D6: 证载土地使用权人 | E6: 证载土地使用权类型 | F6: 证载土地用途 | G6: 土地使用权终止日期 | H6: 土地面积(㎡) | N6: 长度(M) | O6: 宽度(M) | P6: 高度(M) | Q6: 建筑面积(m2) | R6: 建筑体积(m3) | S6: 其他 | V6: 原值 | W6: 净值 | Y6: 原值 | Z6: 成新率% | AA6: 净值
U7: 正常、待报废、闲置、无实物 | AA7: =ROUND(Y7*Z7/100,2) -> 0 | AB7: =IF(W7-X7=0,"",(AA7-W7+X7)/(W7-X7)*100) | AC7: =IF(M7=0,0,ROUND(Y7/M7,2)) -> 0
AA8: =ROUND(Y8*Z8/100,2) -> 0 | AB8: =IF(W8-X8=0,"",(AA8-W8+X8)/(W8-X8)*100) | AC8: =IF(M8=0,0,ROUND(Y8/M8,2)) -> 0
AA9: =ROUND(Y9*Z9/100,2) -> 0 | AB9: =IF(W9-X9=0,"",(AA9-W9+X9)/(W9-X9)*100) | AC9: =IF(M9=0,0,ROUND(Y9/M9,2)) -> 0
AA10: =ROUND(Y10*Z10/100,2) -> 0 | AB10: =IF(W10-X10=0,"",(AA10-W10+X10)/(W10-X10)*100) | AC10: =IF(M10=0,0,ROUND(Y10/M10,2)) -> 0
AA11: =ROUND(Y11*Z11/100,2) -> 0 | AB11: =IF(W11-X11=0,"",(AA11-W11+X11)/(W11-X11)*100) | AC11: =IF(M11=0,0,ROUND(Y11/M11,2)) -> 0
AA12: =ROUND(Y12*Z12/100,2) -> 0 | AB12: =IF(W12-X12=0,"",(AA12-W12+X12)/(W12-X12)*100) | AC12: =IF(M12=0,0,ROUND(Y12/M12,2)) -> 0
AA13: =ROUND(Y13*Z13/100,2) -> 0 | AB13: =IF(W13-X13=0,"",(AA13-W13+X13)/(W13-X13)*100) | AC13: =IF(M13=0,0,ROUND(Y13/M13,2)) -> 0
AA14: =ROUND(Y14*Z14/100,2) -> 0 | AB14: =IF(W14-X14=0,"",(AA14-W14+X14)/(W14-X14)*100) | AC14: =IF(M14=0,0,ROUND(Y14/M14,2)) -> 0
AA15: =ROUND(Y15*Z15/100,2) -> 0 | AB15: =IF(W15-X15=0,"",(AA15-W15+X15)/(W15-X15)*100) | AC15: =IF(M15=0,0,ROUND(Y15/M15,2)) -> 0
AA16: =ROUND(Y16*Z16/100,2) -> 0 | AB16: =IF(W16-X16=0,"",(AA16-W16+X16)/(W16-X16)*100) | AC16: =IF(M16=0,0,ROUND(Y16/M16,2)) -> 0
AA17: =ROUND(Y17*Z17/100,2) -> 0 | AB17: =IF(W17-X17=0,"",(AA17-W17+X17)/(W17-X17)*100) | AC17: =IF(M17=0,0,ROUND(Y17/M17,2)) -> 0
AA18: =ROUND(Y18*Z18/100,2) -> 0 | AB18: =IF(W18-X18=0,"",(AA18-W18+X18)/(W18-X18)*100) | AC18: =IF(M18=0,0,ROUND(Y18/M18,2)) -> 0
AA19: =ROUND(Y19*Z19/100,2) -> 0 | AB19: =IF(W19-X19=0,"",(AA19-W19+X19)/(W19-X19)*100) | AC19: =IF(M19=0,0,ROUND(Y19/M19,2)) -> 0
... AA26: =ROUND(Y26*Z26/100,2) -> 0 | AB26: =IF(W26-X26=0,"",(AA26-W26+X26)/(W26-X26)*100) | AC26: =IF(M26=0,0,ROUND(Y26/M26,2)) -> 0
A27: 合 计 | V27: =SUM(V7:V26) -> 0 | W27: =SUM(W7:W26) -> 0 | X27: =SUM(X7:X26) -> 0 | Y27: =SUM(Y7:Y26) -> 0 | AA27: =SUM(AA7:AA26) -> 0 | AB27: =IF(W27-X27=0,"",(AA27-W27+X27)/(W27-X27)*100)
A28: 减：构筑物及其他辅助设施减值准备 | W28: =X27 -> 0
A29: 净额 | V29: =V27-V28 -> 0 | W29: =W27-W28 -> 0 | Y29: =Y27 -> 0 | AA29: =AA27 -> 0 | AB29: =IF(W29=0,"",(AA29-W29)/W29*100)
A30: =#REF! -> #REF! | Y30: =CONCATENATE(索引!$D$6,"：",索引!$D58," ",索引!$E58) -> 评估人员：高晓宇 王海龙
A31: =#REF! -> #REF!

Sheet 4-8-3管道沟槽
A1: 固定资产—管道和沟槽评估明细表
V2: 表4-8-3
A3: =#REF! -> #REF!
A4: =#REF! -> #REF! | V4: 金额单位：人民币元
A5: 序号 | B5: 名称 | C5: 建成年月 (竣工日期) | D5: 长度 (m) | E5: 沟宽*沟深(mm*mm) 管径*壁厚(mm*mm) | F5: 技术特征 | L5: 敷设方式 | M5: 详细座落地址/所属厂区 | N5: 使用状况 | O5: 账面价值 | Q5: 减值准备 | R5: 评估价值 | U5: 增值率% | V5: 备注
F6: 漕深(m) | G6: 材质 | H6: 绝缘方式 | I6: 保温材料及厚度(mm) | J6: 外保护材料及厚度(mm) | K6: 其他 | O6: 原值 | P6: 净值 | R6: 原值 | S6: 成新率% | T6: 净值
N7: 正常、待报废、闲置、无实物 | T7: =ROUND(R7*S7/100,2) -> 0 | U7: =IF(P7-Q7=0,"",(T7-P7+Q7)/(P7-Q7)*100)
T8: =ROUND(R8*S8/100,2) -> 0 | U8: =IF(P8-Q8=0,"",(T8-P8+Q8)/(P8-Q8)*100)
T9: =ROUND(R9*S9/100,2) -> 0 | U9: =IF(P9-Q9=0,"",(T9-P9+Q9)/(P9-Q9)*100)
T10: =ROUND(R10*S10/100,2) -> 0 | U10: =IF(P10-Q10=0,"",(T10-P10+Q10)/(P10-Q10)*100)
T11: =ROUND(R11*S11/100,2) -> 0 | U11: =IF(P11-Q11=0,"",(T11-P11+Q11)/(P11-Q11)*100)
T12: =ROUND(R12*S12/100,2) -> 0 | U12: =IF(P12-Q12=0,"",(T12-P12+Q12)/(P12-Q12)*100)
T13: =ROUND(R13*S13/100,2) -> 0 | U13: =IF(P13-Q13=0,"",(T13-P13+Q13)/(P13-Q13)*100)
T14: =ROUND(R14*S14/100,2) -> 0 | U14: =IF(P14-Q14=0,"",(T14-P14+Q14)/(P14-Q14)*100)
T15: =ROUND(R15*S15/100,2) -> 0 | U15: =IF(P15-Q15=0,"",(T15-P15+Q15)/(P15-Q15)*100)
T16: =ROUND(R16*S16/100,2) -> 0 | U16: =IF(P16-Q16=0,"",(T16-P16+Q16)/(P16-Q16)*100)
T17: =ROUND(R17*S17/100,2) -> 0 | U17: =IF(P17-Q17=0,"",(T17-P17+Q17)/(P17-Q17)*100)
T18: =ROUND(R18*S18/100,2) -> 0 | U18: =IF(P18-Q18=0,"",(T18-P18+Q18)/(P18-Q18)*100)
T19: =ROUND(R19*S19/100,2) -> 0 | U19: =IF(P19-Q19=0,"",(T19-P19+Q19)/(P19-Q19)*100)
... T26: =ROUND(R26*S26/100,2) -> 0 | U26: =IF(P26-Q26=0,"",(T26-P26+Q26)/(P26-Q26)*100)
A27: 合计 | O27: =SUM(O7:O26) -> 0 | P27: =SUM(P7:P26) -> 0 | Q27: =SUM(Q7:Q26) -> 0 | R27: =SUM(R7:R26) -> 0 | T27: =SUM(T7:T26) -> 0 | U27: =IF(P27-Q27=0,"",(T27-P27+Q27)/(P27-Q27)*100)
A28: 减：管道和沟槽减值准备 | P28: =Q27 -> 0
A29: 净额 | O29: =O27-O28 -> 0 | P29: =P27-P28 -> 0 | R29: =R27 -> 0 | T29: =T27 -> 0 | U29: =IF(P29=0,"",(T29-P29)/P29*100)
A30: =#REF! -> #REF! | R30: =CONCATENATE(索引!$D$6,"：",索引!$D59," ",索引!$E59) -> 评估人员：高晓宇 王海龙
A31: =#REF! -> #REF!
A32: 填表说明：
B33: （1）填清序号、名称、长度、槽深、沟宽*沟厚管径*壁厚、材质、绝缘方式、建成年月、账面价值（含：原值、净值），其它部分由评估人员填列。
B34: （2）特别注意：名称一定要填写管道和沟槽的全称；长度、槽深、沟宽*沟厚管径*壁厚、材质、绝缘方式等应按图纸准确填写。依据会计账填写，切忌重复

Sheet 4-8-4井巷工程
A1: 固定资产——井巷工程评估明细表
AD2: 表4-8-4
A3: =#REF! -> #REF!
A4: =#REF! -> #REF! | AD4: 金额单位：人民币元
A5: 序号 | B5: 所属矿区 | C5: 井巷工程名称 | D5: 巷道类别 | E5: 支护方式 | F5: 岩石硬度系数 | G5: 支护厚度 (mm) | H5: 锚杆（根/m） | J5: 锚索（根/m） | L5: 网（m2/m） | N5: 轨型 (KG/M) | O5: 掘进断面(m2) | Q5: 巷道倾角 | R5: 巷道长度(M) | S5: 硐室体积(m³) | T5: 建成年月 | U5: 矿山尚可服务年限 | V5: 使用状况 | W5: 账面价值 | Y5: 减值准备 | Z5: 评估价值 | AC5: 增值率% | AD5: 备注 | AG5: 该井项已经开采储量 | AH5: 该井项尚可开采储量 | AI5: 井巷尚可使用年限 | AJ5: 土地剩余使用年限
H6: 规格 | I6: 数量（/m） | J6: 规格 | K6: 数量（/m） | L6: 规格 | M6: 数量（m2/m） | O6: 断面形式 | P6: 掘进断面 | W6: 原值 | X6: 净值 | Z6: 原值 | AA6: 成新率% | AB6: 净值
V7: 正常、废弃 | AB7: =ROUND(Z7*AA7/100,2) -> 0 | AC7: =IF(X7-Y7=0,"",(AB7-X7+Y7)/(X7-Y7)*100)
AB8: =ROUND(Z8*AA8/100,2) -> 0 | AC8: =IF(X8-Y8=0,"",(AB8-X8+Y8)/(X8-Y8)*100)
AB9: =ROUND(Z9*AA9/100,2) -> 0 | AC9: =IF(X9-Y9=0,"",(AB9-X9+Y9)/(X9-Y9)*100)
AB10: =ROUND(Z10*AA10/100,2) -> 0 | AC10: =IF(X10-Y10=0,"",(AB10-X10+Y10)/(X10-Y10)*100)
AB11: =ROUND(Z11*AA11/100,2) -> 0 | AC11: =IF(X11-Y11=0,"",(AB11-X11+Y11)/(X11-Y11)*100)
AB12: =ROUND(Z12*AA12/100,2) -> 0 | AC12: =IF(X12-Y12=0,"",(AB12-X12+Y12)/(X12-Y12)*100)
AB13: =ROUND(Z13*AA13/100,2) -> 0 | AC13: =IF(X13-Y13=0,"",(AB13-X13+Y13)/(X13-Y13)*100)
AB14: =ROUND(Z14*AA14/100,2) -> 0 | AC14: =IF(X14-Y14=0,"",(AB14-X14+Y14)/(X14-Y14)*100)
AB15: =ROUND(Z15*AA15/100,2) -> 0 | AC15: =IF(X15-Y15=0,"",(AB15-X15+Y15)/(X15-Y15)*100)
AB16: =ROUND(Z16*AA16/100,2) -> 0 | AC16: =IF(X16-Y16=0,"",(AB16-X16+Y16)/(X16-Y16)*100)
AB17: =ROUND(Z17*AA17/100,2) -> 0 | AC17: =IF(X17-Y17=0,"",(AB17-X17+Y17)/(X17-Y17)*100)
AB18: =ROUND(Z18*AA18/100,2) -> 0 | AC18: =IF(X18-Y18=0,"",(AB18-X18+Y18)/(X18-Y18)*100)
AB19: =ROUND(Z19*AA19/100,2) -> 0 | AC19: =IF(X19-Y19=0,"",(AB19-X19+Y19)/(X19-Y19)*100)
... AB26: =ROUND(Z26*AA26/100,2) -> 0 | AC26: =IF(X26-Y26=0,"",(AB26-X26+Y26)/(X26-Y26)*100)
A27: 合计 | W27: =SUM(W7:W26) -> 0 | X27: =SUM(X7:X26) -> 0 | Y27: =SUM(Y7:Y26) -> 0 | Z27: =SUM(Z7:Z26) -> 0 | AB27: =SUM(AB7:AB26) -> 0 | AC27: =IF(X27-Y27=0,"",(AB27-X27+Y27)/(X27-Y27)*100)
A28: 减：井巷工程减值准备 | X28: =Y27 -> 0
A29: 净额 | W29: =W27-W28 -> 0 | X29: =X27-X28 -> 0 | Z29: =Z27 -> 0 | AB29: =AB27 -> 0 | AC29: =IF(X29=0,"",(AB29-X29)/X29*100)
A30: =#REF! -> #REF! | Z30: =CONCATENATE(索引!$D$6,"：",索引!$D60," ",索引!$E60) -> 评估人员：高晓宇 王海龙
A31: =#REF! -> #REF!

Sheet 4-8-5机器设备
A1: 固定资产—机器设备评估明细表
S2: 表4-8-5
A3: =#REF! -> #REF!
A4: =#REF! -> #REF! | U4: 金额单位：人民币元
A5: 序号 | B5: 设备编号 | C5: 设备名称 | D5: 规格型号 | E5: 生产厂家 | F5: 计量单位 | G5: 数量 | H5: 材质 | I5: 重量 | J5: 购置日期 | K5: 启用日期 | L5: 存放地点 | M5: 资产状况 | N5: 账面价值 | P5: 减值准备 | Q5: 评估价值 | T5: 增值率% | U5: 备注 | W5: 账面价值分析
N6: 原值 | O6: 净值 | Q6: 原值 | R6: 成新率% | S6: 净值 | W6: 本体价 （含运杂费） | X6: 基础费 | Y6: 安装调试费 | Z6: 前期费 | AA6: 资金成本 | AB6: 校验
M7: 正常、报废、闲置等 | S7: =ROUND(Q7*R7/100,2) -> 0 | T7: =IF(O7-P7=0,"",(S7-O7+P7)/(O7-P7)*100) | AB7: =SUM(W7:AA7)-N7 -> 0
S8: =ROUND(Q8*R8/100,2) -> 0 | T8: =IF(O8-P8=0,"",(S8-O8+P8)/(O8-P8)*100) | AB8: =SUM(W8:AA8)-N8 -> 0
S9: =ROUND(Q9*R9/100,2) -> 0 | T9: =IF(O9-P9=0,"",(S9-O9+P9)/(O9-P9)*100) | AB9: =SUM(W9:AA9)-N9 -> 0
S10: =ROUND(Q10*R10/100,2) -> 0 | T10: =IF(O10-P10=0,"",(S10-O10+P10)/(O10-P10)*100) | AB10: =SUM(W10:AA10)-N10 -> 0
S11: =ROUND(Q11*R11/100,2) -> 0 | T11: =IF(O11-P11=0,"",(S11-O11+P11)/(O11-P11)*100) | AB11: =SUM(W11:AA11)-N11 -> 0
S12: =ROUND(Q12*R12/100,2) -> 0 | T12: =IF(O12-P12=0,"",(S12-O12+P12)/(O12-P12)*100) | AB12: =SUM(W12:AA12)-N12 -> 0
S13: =ROUND(Q13*R13/100,2) -> 0 | T13: =IF(O13-P13=0,"",(S13-O13+P13)/(O13-P13)*100) | AB13: =SUM(W13:AA13)-N13 -> 0
S14: =ROUND(Q14*R14/100,2) -> 0 | T14: =IF(O14-P14=0,"",(S14-O14+P14)/(O14-P14)*100) | AB14: =SUM(W14:AA14)-N14 -> 0
S15: =ROUND(Q15*R15/100,2) -> 0 | T15: =IF(O15-P15=0,"",(S15-O15+P15)/(O15-P15)*100) | AB15: =SUM(W15:AA15)-N15 -> 0
S16: =ROUND(Q16*R16/100,2) -> 0 | T16: =IF(O16-P16=0,"",(S16-O16+P16)/(O16-P16)*100) | AB16: =SUM(W16:AA16)-N16 -> 0
S17: =ROUND(Q17*R17/100,2) -> 0 | T17: =IF(O17-P17=0,"",(S17-O17+P17)/(O17-P17)*100) | AB17: =SUM(W17:AA17)-N17 -> 0
S18: =ROUND(Q18*R18/100,2) -> 0 | T18: =IF(O18-P18=0,"",(S18-O18+P18)/(O18-P18)*100) | AB18: =SUM(W18:AA18)-N18 -> 0
S19: =ROUND(Q19*R19/100,2) -> 0 | T19: =IF(O19-P19=0,"",(S19-O19+P19)/(O19-P19)*100) | AB19: =SUM(W19:AA19)-N19 -> 0
... S26: =ROUND(Q26*R26/100,2) -> 0 | T26: =IF(O26-P26=0,"",(S26-O26+P26)/(O26-P26)*100) | AB26: =SUM(W26:AA26)-N26 -> 0
A27: 合 计 | N27: =SUM(N7:N26) -> 0 | O27: =SUM(O7:O26) -> 0 | P27: =SUM(P7:P26) -> 0 | Q27: =SUM(Q7:Q26) -> 0 | S27: =SUM(S7:S26) -> 0 | T27: =IF(O27-P27=0,"",(S27-O27+P27)/(O27-P27)*100) | AB27: =SUM(W27:AA27)-N27 -> 0
A28: 减：机器设备减值准备 | O28: =P27 -> 0 | AB28: =SUM(W28:AA28)-N28 -> 0
A29: 净额 | N29: =N27-N28 -> 0 | O29: =O27-O28 -> 0 | Q29: =Q27 -> 0 | S29: =S27 -> 0 | T29: =IF(O29=0,"",(S29-O29)/O29*100) | AB29: =SUM(W29:AA29)-N29 -> 0
A30: =#REF! -> #REF! | N30: =CONCATENATE(索引!$D$6,"：",索引!$D61," ",索引!$E61) -> 评估人员：高晓宇 王海龙
A31: =#REF! -> #REF!
A32: 填表说明：
B33: 机器设备原则上按单台（套）填列，即每行只填一台（套），如有5台（套）相同设备，应填写5行（因为即使购置与启用日期相同，其使用状况
B34: 或技术状况可能不同），但当存在同批购入、相同规格型号且使用环境及状况基本相同的多台（套）设备时，可合并将数量填入数量栏；
B35: 如购置时为整套购入，账面值可填写整套价值，每套设备中的实物明细需分行按明细填列（明细不填账面值）。
B36: 对停用、不需用、待报废、淘汰、盘亏、盘盈、二手设备等应在备注栏标明。
B37: “设备名称”、“规格型号”、“生产厂家”要按设备铭牌填写。
B38: “启用年月”指机器设备的实际启用年月。
B39: “存放地点”填写最基层的单位。

Sheet 4-8-6车辆
A1: 固定资产—车辆评估明细表
U2: 表4-8-6
A3: =#REF! -> #REF!
A4: =#REF! -> #REF! | U4: 金额单位：人民币元
A5: 序号 | B5: 资产编号 | C5: 车辆牌号 | D5: 证载权利人名称 | E5: 车辆名称 | F5: 车辆规格型号 | G5: 生产厂家 | H5: 计量单位 | I5: 数量 | J5: 购置日期 | K5: 启用日期 | L5: 已行驶里程(公里) | M5: 资产状况 | N5: 账面价值 | P5: 减值准备 | Q5: 评估价值 | T5: 增值率% | U5: 备注 | W5: 资产类别 | X5: 使用月限 | Y5: 净残值率 | AA5: 年检有效期至 | AB5: 车辆行驶证 | AC5: 车辆登记证 | AE5: 所属公司 | AF5: 卡片编号 | AG5: 年检是否达标 | AH5: 证载人是否相符 | AI5: 评估方法 | AJ5: 企业折旧(年) | AK5: 评估基准日 | AL5: 已使用年限 | AM5: 经济年限 | AN5: 规定里程 | AO5: 年限成新率 | AP5: 里程法成新率 | AQ5: 理论成新率 | AR5: 勘察调整 | AS5: 综合成新率 | AT5: 账面单价 | AU5: 询价网址 | AV5: 查询价 | AW5: 取值 | AX5: 车辆购置税 | AY5: 其他费用 (上牌/车检） | AZ5: 重置全价 | BA5: 进项税额 | BB5: 重置全价 （不含税）
N6: 原值 | O6: 净值 | Q6: 原值 | R6: 成新率% | S6: 净值
M7: 正常、报废、闲置等 | S7: =ROUND(Q7*R7/100,2) -> 0 | T7: =IF(O7-P7=0,"",(S7-O7+P7)/(O7-P7)*100)
S8: =ROUND(Q8*R8/100,2) -> 0 | T8: =IF(O8-P8=0,"",(S8-O8+P8)/(O8-P8)*100)
S9: =ROUND(Q9*R9/100,2) -> 0 | T9: =IF(O9-P9=0,"",(S9-O9+P9)/(O9-P9)*100)
S10: =ROUND(Q10*R10/100,2) -> 0 | T10: =IF(O10-P10=0,"",(S10-O10+P10)/(O10-P10)*100)
S11: =ROUND(Q11*R11/100,2) -> 0 | T11: =IF(O11-P11=0,"",(S11-O11+P11)/(O11-P11)*100)
S12: =ROUND(Q12*R12/100,2) -> 0 | T12: =IF(O12-P12=0,"",(S12-O12+P12)/(O12-P12)*100)
S13: =ROUND(Q13*R13/100,2) -> 0 | T13: =IF(O13-P13=0,"",(S13-O13+P13)/(O13-P13)*100)
S14: =ROUND(Q14*R14/100,2) -> 0 | T14: =IF(O14-P14=0,"",(S14-O14+P14)/(O14-P14)*100)
S15: =ROUND(Q15*R15/100,2) -> 0 | T15: =IF(O15-P15=0,"",(S15-O15+P15)/(O15-P15)*100)
S16: =ROUND(Q16*R16/100,2) -> 0 | T16: =IF(O16-P16=0,"",(S16-O16+P16)/(O16-P16)*100)
S17: =ROUND(Q17*R17/100,2) -> 0 | T17: =IF(O17-P17=0,"",(S17-O17+P17)/(O17-P17)*100)
S18: =ROUND(Q18*R18/100,2) -> 0 | T18: =IF(O18-P18=0,"",(S18-O18+P18)/(O18-P18)*100)
S19: =ROUND(Q19*R19/100,2) -> 0 | T19: =IF(O19-P19=0,"",(S19-O19+P19)/(O19-P19)*100)
... S26: =ROUND(Q26*R26/100,2) -> 0 | T26: =IF(O26-P26=0,"",(S26-O26+P26)/(O26-P26)*100)
A27: 合 计 | N27: =SUM(N7:N26) -> 0 | O27: =SUM(O7:O26) -> 0 | P27: =SUM(P7:P26) -> 0 | Q27: =SUM(Q7:Q26) -> 0 | S27: =SUM(S7:S26) -> 0 | T27: =IF(O27-P27=0,"",(S27-O27+P27)/(O27-P27)*100)
A28: 减：车辆减值准备 | O28: =P27 -> 0
A29: 净额 | N29: =N27-N28 -> 0 | O29: =O27-O28 -> 0 | Q29: =Q27 -> 0 | S29: =S27 -> 0 | T29: =IF(O29=0,"",(S29-O29)/O29*100) | W29: =SUM(W7:W28) -> 0 | X29: =SUM(X7:X28) -> 0
A30: =#REF! -> #REF! | N30: =CONCATENATE(索引!$D$6,"：",索引!$D62," ",索引!$E62) -> 评估人员：高晓宇 王海龙
A31: =#REF! -> #REF!
A32: 填表说明：
C33: 车辆牌号指当地交管部门颁发的车辆牌照号；仪表盘发生更换的应在备注栏注明。

Sheet 4-8-7办公设备
A1: 固定资产—办公设备及其他资产评估明细表
R2: 表4-8-7
A3: =#REF! -> #REF!
A4: =#REF! -> #REF! | R4: 金额单位：人民币元
A5: 序号 | B5: 设备 编号 | C5: 设备名称 | D5: 规格型号 | E5: 生产厂家 | F5: 计量单位 | G5: 数量 | H5: 购置日期 | I5: 启用日期 | J5: 资产状况 | K5: 账面价值 | M5: 减值准备 | N5: 评估价值 | Q5: 增值率% | R5: 备注 | T5: 资产类别 | U5: 使用月限 | V5: 净残值率 | X5: 公司名称 | Y5: 卡片编号 | Z5: 大序号 | AA5: 企业折旧 (年) | AB5: 设备类型 | AC5: 评估方法 | AD5: 评估基准日 | AE5: 经济寿命年限 | AF5: 已用年限 | AG5: 理论成新率 | AH5: 账面单价 | AI5: 查询价 | AJ5: 重置全价 (含税) | AK5: 增值税 | AL5: 重置全价 （不含税） | AM5: 询价依据
K6: 原值 | L6: 净值 | N6: 原值 | O6: 成新率% | P6: 净值
P7: =ROUND(N7*O7/100,2) -> 0 | Q7: =IF(L7-M7=0,"",(P7-L7+M7)/(L7-M7)*100) | T7: 办公设备 | U7: 60 | V7: 0
P8: =ROUND(N8*O8/100,2) -> 0 | Q8: =IF(L8-M8=0,"",(P8-L8+M8)/(L8-M8)*100)
P9: =ROUND(N9*O9/100,2) -> 0 | Q9: =IF(L9-M9=0,"",(P9-L9+M9)/(L9-M9)*100)
P10: =ROUND(N10*O10/100,2) -> 0 | Q10: =IF(L10-M10=0,"",(P10-L10+M10)/(L10-M10)*100)
P11: =ROUND(N11*O11/100,2) -> 0 | Q11: =IF(L11-M11=0,"",(P11-L11+M11)/(L11-M11)*100)
P12: =ROUND(N12*O12/100,2) -> 0 | Q12: =IF(L12-M12=0,"",(P12-L12+M12)/(L12-M12)*100)
P13: =ROUND(N13*O13/100,2) -> 0 | Q13: =IF(L13-M13=0,"",(P13-L13+M13)/(L13-M13)*100)
P14: =ROUND(N14*O14/100,2) -> 0 | Q14: =IF(L14-M14=0,"",(P14-L14+M14)/(L14-M14)*100)
P15: =ROUND(N15*O15/100,2) -> 0 | Q15: =IF(L15-M15=0,"",(P15-L15+M15)/(L15-M15)*100)
P16: =ROUND(N16*O16/100,2) -> 0 | Q16: =IF(L16-M16=0,"",(P16-L16+M16)/(L16-M16)*100)
P17: =ROUND(N17*O17/100,2) -> 0 | Q17: =IF(L17-M17=0,"",(P17-L17+M17)/(L17-M17)*100)
P18: =ROUND(N18*O18/100,2) -> 0 | Q18: =IF(L18-M18=0,"",(P18-L18+M18)/(L18-M18)*100)
P19: =ROUND(N19*O19/100,2) -> 0 | Q19: =IF(L19-M19=0,"",(P19-L19+M19)/(L19-M19)*100)
... P26: =ROUND(N26*O26/100,2) -> 0 | Q26: =IF(L26-M26=0,"",(P26-L26+M26)/(L26-M26)*100)
A27: 合计 | K27: =SUM(K7:K26) -> 0 | L27: =SUM(L7:L26) -> 0 | M27: =SUM(M7:M26) -> 0 | N27: =SUM(N7:N26) -> 0 | P27: =SUM(P7:P26) -> 0 | Q27: =IF(L27-M27=0,"",(P27-L27+M27)/(L27-M27)*100)
A28: 减：办公设备及其他资产减值准备 | L28: =M27 -> 0
A29: 净额 | K29: =K27-K28 -> 0 | L29: =L27-L28 -> 0 | N29: =N27 -> 0 | P29: =P27 -> 0 | Q29: =IF(L29=0,"",(P29-L29)/L29*100)
A30: =#REF! -> #REF! | K30: =CONCATENATE(索引!$D$6,"：",索引!$D63," ",索引!$E63) -> 评估人员：高晓宇 王海龙
A31: =#REF! -> #REF!
A32: 填表说明：
B33: 电子设备是指自动化办公设备及家用电器，如计算机、打印机、复印机、传真机、各种空调机、冰柜、碎纸机、手机、寻呼机、电视机、音响设备、摄像机、开水器等。
B34: 规格型号尽量填写主要技术参数（配置），如电脑应填写主频、内存、硬盘、显示器；
B35: 可参照表5-2-1填写。

Sheet 4-8-8土地
A1: 固定资产—土地评估明细表
Y2: 表4-8-8
A3: =#REF! -> #REF!
A4: =#REF! -> #REF! | Z4: 金额单位：人民币元
A5: 序号 | B5: 宗地名称 | C5: 土地权证编号 | D5: 证载土地使用权人 | E5: 土地使用权类型 | F5: 土地用途 | G5: 土地终止年期 | H5: 面积(m2) | I5: 土地位置 | J5: 来源 | K5: 取得日期 | L5: 地号图号 | M5: 是否空地 | N5: 开发程度 | O5: 四至 | S5: 是否设定他项权利 | T5: 原始入账价值 | U5: 账面价值 | V5: 减值准备 | W5: 评估价值 | X5: 增减值 | Y5: 增值率% | Z5: 备注
O6: 东 | P6: 南 | Q6: 西 | R6: 北
X7: =W7-(U7-V7) -> 0 | Y7: =IF(U7-V7=0,"",(W7-U7+V7)/(U7-V7)*100)
X8: =W8-(U8-V8) -> 0 | Y8: =IF(V8-W8=0,"",(X8-V8+W8)/(V8-W8)*100)
X9: =W9-(U9-V9) -> 0 | Y9: =IF(V9-W9=0,"",(X9-V9+W9)/(V9-W9)*100)
X10: =W10-(U10-V10) -> 0 | Y10: =IF(V10-W10=0,"",(X10-V10+W10)/(V10-W10)*100)
Y11: =IF(V11-W11=0,"",(X11-V11+W11)/(V11-W11)*100)
Y12: =IF(V12-W12=0,"",(X12-V12+W12)/(V12-W12)*100)
Y13: =IF(V13-W13=0,"",(X13-V13+W13)/(V13-W13)*100)
Y14: =IF(V14-W14=0,"",(X14-V14+W14)/(V14-W14)*100)
Y15: =IF(V15-W15=0,"",(X15-V15+W15)/(V15-W15)*100)
Y16: =IF(V16-W16=0,"",(X16-V16+W16)/(V16-W16)*100)
Y17: =IF(V17-W17=0,"",(X17-V17+W17)/(V17-W17)*100)
Y18: =IF(V18-W18=0,"",(X18-V18+W18)/(V18-W18)*100)
Y19: =IF(V19-W19=0,"",(X19-V19+W19)/(V19-W19)*100)
Y20: =IF(V20-W20=0,"",(X20-V20+W20)/(V20-W20)*100)
Y21: =IF(V21-W21=0,"",(X21-V21+W21)/(V21-W21)*100)
Y22: =IF(V22-W22=0,"",(X22-V22+W22)/(V22-W22)*100)
... Y26: =IF(V26-W26=0,"",(X26-V26+W26)/(V26-W26)*100)
A27: 合计 | T27: =SUM(T7:T26) -> 0 | U27: =SUM(U7:U26) -> 0 | V27: =SUM(V7:V26) -> 0 | W27: =SUM(W7:W26) -> 0 | X27: =SUM(X7:X26) -> 0 | Y27: =IF(V27-W27=0,"",(X27-V27+W27)/(V27-W27)*100)
A28: 减：土地减值准备 | V28: =W27 -> 0
A29: 净额 | T29: =T27-T28 -> 0 | U29: =U27-U28 -> 0 | V29: =V27-V28 -> 0 | X29: =X27 -> 0 | Y29: =IF(V29=0,"",(X29-V29)/V29*100)
A30: =#REF! -> #REF! | U30: =CONCATENATE(索引!$D$6,"：",索引!$D64," ",索引!$E64) -> 评估人员：高晓宇 王海龙
A31: =#REF! -> #REF!

Sheet 4-8-9固定资产清理
A1: 固定资产清理评估明细表
H2: 表4-8-9
A3: =#REF! -> #REF!
A4: =#REF! -> #REF! | H4: 金额单位：人民币元
A5: 序号 | B5: 待处理资产名称 | C5: 发生日期 | D5: 账面价值 | E5: 评估价值 | F5: 增减值 | G5: 增值率% | H5: 备注
F6: =E6-D6 -> 0 | G6: =IF(D6=0,0,ROUND(F6/D6*100,2)) -> 0
F7: =E7-D7 -> 0 | G7: =IF(D7=0,0,ROUND(F7/D7*100,2)) -> 0
F8: =E8-D8 -> 0 | G8: =IF(D8=0,0,ROUND(F8/D8*100,2)) -> 0
F9: =E9-D9 -> 0 | G9: =IF(D9=0,0,ROUND(F9/D9*100,2)) -> 0
F10: =E10-D10 -> 0 | G10: =IF(D10=0,0,ROUND(F10/D10*100,2)) -> 0
F11: =E11-D11 -> 0 | G11: =IF(D11=0,0,ROUND(F11/D11*100,2)) -> 0
F12: =E12-D12 -> 0 | G12: =IF(D12=0,0,ROUND(F12/D12*100,2)) -> 0
F13: =E13-D13 -> 0 | G13: =IF(D13=0,0,ROUND(F13/D13*100,2)) -> 0
F14: =E14-D14 -> 0 | G14: =IF(D14=0,0,ROUND(F14/D14*100,2)) -> 0
F15: =E15-D15 -> 0 | G15: =IF(D15=0,0,ROUND(F15/D15*100,2)) -> 0
F16: =E16-D16 -> 0 | G16: =IF(D16=0,0,ROUND(F16/D16*100,2)) -> 0
F17: =E17-D17 -> 0 | G17: =IF(D17=0,0,ROUND(F17/D17*100,2)) -> 0
... F28: =E28-D28 -> 0 | G28: =IF(D28=0,0,ROUND(F28/D28*100,2)) -> 0
A29: 合 计 | D29: =SUM(D6:D28) -> 0 | E29: =SUM(E6:E28) -> 0 | F29: =E29-D29 -> 0 | G29: =IF(D29=0,0,ROUND(F29/D29*100,2)) -> 0
A30: =#REF! -> #REF! | E30: =CONCATENATE(索引!$D$6,"：",索引!$D65," ",索引!$E65) -> 评估人员：高晓宇 王海龙
A31: =#REF! -> #REF!
A32: 填表说明：
B33: 在此表中分笔说明具体内容。

Sheet 4-9在建工程汇总
A1: 在建工程评估汇总表
G2: 表4-9
A3: =#REF! -> #REF!
A4: =#REF! -> #REF! | G4: 金额单位：人民币元 | I4: 非经
A5: 编号 | B5: 科目名称 | C5: 账面价值 | D5: 减值准备 | E5: 评估价值 | F5: 增减值 | G5: 增值率% | I5: 账面价值 | J5: 评估价值
A6: 4-9-1 | B6: 在建工程—土建工程 | C6: ='4-9-1在建（土建）'!AB27 -> 0 | D6: ='4-9-1在建（土建）'!AC27 -> 0 | E6: ='4-9-1在建（土建）'!AD27 -> 0 | F6: =E6-C6+D6 -> 0 | G6: =IF(C6-D6=0,0,ROUND(F6/(C6-D6)*100,2)) -> 0 | I6: ='4-9-1在建（土建）'!AI29 -> 0 | J6: ='4-9-1在建（土建）'!AJ29 -> 0
A7: 4-9-2 | B7: 在建工程—设备安装工程 | C7: ='4-9-2在建（设备）'!L27 -> 0 | D7: ='4-9-2在建（设备）'!M27 -> 0 | E7: ='4-9-2在建（设备）'!Q27 -> 0 | F7: =E7-C7+D7 -> 0 | G7: =IF(C7-D7=0,0,ROUND(F7/(C7-D7)*100,2)) -> 0 | I7: ='4-9-2在建（设备）'!V29 -> 0 | J7: ='4-9-2在建（设备）'!W29 -> 0
A8: 4-9-3 | B8: 在建工程—工程物资 | F8: =E8-C8+D8 -> 0 | G8: =IF(C8-D8=0,0,ROUND(F8/(C8-D8)*100,2)) -> 0 | J8: ='3-9-2原材料-闲置'!Q22 -> 0
A27: 在建工程合计 | C27: =SUM(C6:C9) -> 0 | D27: =SUM(D6:D9) -> 0 | E27: =SUM(E6:E9) -> 0 | F27: =E27-C27+D27 -> 0 | G27: =IF(C27-D27=0,0,ROUND(F27/(C27-D27)*100,2)) -> 0
A28: 减：在建工程减值准备 | C28: =D27 -> 0
A29: 净额 | C29: =C27-C28 -> 0 | E29: =E27-E28 -> 0 | F29: =E29-C29 -> 0 | G29: =IF(C29=0,0,ROUND(F29/C29*100,2)) -> 0 | I29: =SUM(I6:I28) -> 0 | J29: =SUM(J6:J28) -> 0
E30: =CONCATENATE(索引!$D$6,"：",索引!$D66," ",索引!$E66) -> 评估人员：高晓宇 王海龙
C32: =C27/10000 -> 0 | E32: =E29/10000 -> 0 | F32: =F29/10000 -> 0
C33: =C28/10000 -> 0
C34: =C29/10000 -> 0

Sheet 3-9-2原材料-闲置
A1: 存货—原材料评估明细表
O2: 表4-9-3
A3: =#REF! -> #REF!
A4: =#REF! -> #REF! | P4: 金额单位：人民币元 | V4: 46112
A5: 序号 | B5: 四号定位 | C5: 物料编码 | D5: 名称及规格型号 | E5: 入库时间 | F5: 计量 单位 | G5: 账面价值 | J5: 减值准备 | K5: 评估价值 | N5: 增减值 | O5: 增值率% | P5: 备注 | R5: 评估方法 | S5: 年代 | T5: 类别 | U5: 经济寿命年限 | V5: 已使用年限 | W5: 尚可使用年限 | X5: 综合成新率 | Y5: 购置价(含税) | Z5: 税金 | AA5: 重置全价 | AB5: 二手市场价 | AC5: 评估价值 | AF5: 询价金额 | AG5: 查询/询价记录 | AH5: 指数
G6: 数量 | H6: 单价 | I6: 金额 | K6: 实际数量 | L6: 单价 | M6: 金额 | AC6: 原值 | AD6: 成新率 | AE6: 净值
A20: 合 计 | I20: =SUM(I7:I19) -> 0 | J20: =SUM(J7:J19) -> 0 | M20: =SUM(M7:M19) -> 0 | N20: =M20-I20+J20 -> 0 | O20: =IF(I20-J20=0,0,ROUND(N20/(I20-J20)*100,2)) -> 0
A21: 减：工程物资减值准备 | I21: =J20 -> 0
A22: 净额 | I22: =I20-I21 -> 0 | M22: =M20 -> 0 | N22: =M22-I22+J22 -> 0 | O22: =IF(I22=0,0,ROUND(N22/I22*100,2)) -> 0
A23: =#REF! -> #REF! | M23: =CONCATENATE(索引!$D$6,"：",索引!$D69," ",索引!$E69) -> 评估人员：高晓宇 王海龙
A24: =#REF! -> #REF!

Sheet 3-9-2原材料-报废
A1: 标的资产明细表
A2: 序号 | B2: 名称及规格型号 | C2: 数量 | D2: 存放地点 | E2: 实物保管人、联系电话
A3: 1 | B3: 离心压缩机本体零件,数字量输入端子板,IS220PDIAH1A,GE | C3: 8 | D3: 压缩机关键备件储备库 | E3: 强雪娟 18691852359
A4: 2 | B4: 离心压缩机辅助系统零件,控制阀,1088209-100,索拉 | C4: 2 | D4: 银川压气站库 | E4: 王艳妮 18609515057
A5: 3 | B5: 离心压缩机本体零件,电动机,ISM990647958,GE | C5: 1 | D5: 压缩机关键备件储备库 | E5: 强雪娟 18691852359
A6: 4 | B6: 离心压缩机辅助系统零件,喷嘴,L31810G04,GE | C6: 6 | D6: 压缩机关键备件储备库 | E6: 强雪娟 18691852359
A7: 5 | B7: 电液执行机构零件,控制板,X2L5000-6-D-P-CA | C7: 1 | D7: 石空维修队库 | E7: 张伍儿 15500862021
A8: 6 | B8: 变频器辅助系统元器件,整流模块,6SY8102-0AB30 | C8: 4 | D8: 惠安堡作业区 | E8: 韩金香 13519587795
A9: 7 | B9: 离心压缩机辅助系统零件,活塞式气动执行机构,VPVL650,索拉 | C9: 4 | D9: 银川压气站 | E9: 王艳妮 18609515057
A10: 8 | B10: 离心压缩机本体零件,防喘振阀维修包,SVC4100,索拉 | C10: 2 | D10: 银川压气站 | E10: 王艳妮 18609515057
A11: 9 | B11: 离心压缩机本体零件,流量元件,RDO51845,GE | C11: 1 | D11: 压缩机关键备件储备库 | E11: 强雪娟 18691852359
A12: 10 | B12: 离心压缩机本体零件,运算器&编程器,IQQ010080199,GE | C12: 1 | D12: 压缩机关键备件储备库 | E12: 强雪娟 18691852359
A13: 11 | B13: 离心压缩机本体零件,挠性管,SMO9923655,GE | C13: 2 | D13: 中卫维抢修队库 | E13: 冯玉鹏 13723336389
A14: 12 | B14: 离心压缩机本体部件,矿物油分离器风扇过滤器芯,IRF316711134,GE | C14: 2 | D14: 盐池压气站库 | E14: 刘钰东 18795236541
... A1638: 1637 | B1638: 平板闸阀,Z4W1F-25C DN300 | C1638: 3 | D1638: 惠安堡作业区 | E1638: 牛立军 15121801716
A1639: 1638 | B1639: 吸油拖栏,200mm,橡胶 | C1639: 80个 | D1639: 惠安堡作业区 | E1639: 牛立军 15121801716
A1640: 1639 | B1640: 直缝电熔化焊焊接钢管,埋弧焊,Φ610,20mm,L415/X60,API 5L,PE,ASTM B16.10M | C1640: 2.4 | D1640: 中卫维抢修队库 | E1640: 冯玉鹏 13723336389
A1641: 1640 | B1641: 围油栏,600mm,PVC | C1641: 400 | D1641: 临河输油站 | E1641: 石琪 13519509777
A1642: 1641 | B1642: 直通式旋塞阀,CL600,ASTM A216 WCC,手动,DN100,K2245 | C1642: 1 | D1642: 中卫维抢修队库 | E1642: 冯玉鹏 13723336389
A1643: 1642 | B1643: 吸油拖栏,220mm,聚丙烯 | C1643: 500平米 | D1643: 惠安堡作业区 | E1643: 牛立军 15121801716
A1644: 1643 | B1644: 平板闸阀,Z43F-63C DN100 | C1644: 5 | D1644: 惠安堡作业区 | E1644: 牛立军 15121801716
A1645: 1644 | B1645: 流体用无缝钢管,Φ219,12mm,L245NB,GB/T9711,PE,ASME B36.10M | C1645: 0.631 | D1645: 中卫维抢修队库 | E1645: 冯玉鹏 13723336389
A1646: 1645 | B1646: 流体用无缝钢管,Φ219,12mm,L245NB,GB/T9711,PE,ASME B36.10M | C1646: 0.626 | D1646: 中卫维抢修队库 | E1646: 冯玉鹏 13723336389
A1647: 1646 | B1647: 阀套式排污阀,TP41Y-CL400C DN50 | C1647: 3 | D1647: 中卫维抢修队库 | E1647: 冯玉鹏 13723336389
A1648: 1647 | B1648: 非金属板材（含膜）,塑料布,50000mm×2000mm,聚芳砜,黑色 | C1648: 377.72 | D1648: 临河输油站 | E1648: 石琪 13519509777
A1649: 1648 | B1649: 流体用无缝钢管,Φ60,5mm,L245NB,GB/T9711,PE,ASME B36.10M | C1649: 0.404 | D1649: 中卫维抢修队库 | E1649: 冯玉鹏 13723336389
A1650: 1649 | B1650: 钢丝绳,6,19,IWS,Φ12mm,SZ,1570MPa,GB/T20118 | C1650: 0.168 | D1650: 石空维修队库 | E1650: 张伍儿 15500862021
A1651: 1650 | B1651: 直通球阀,Q347F-63C DN50 | C1651: 4 | D1651: 惠安堡作业区 | E1651: 牛立军 15121801716
A1652: 1651 | B1652: 同心大小头,DN250,DN200,13mm,11mm,BW,GB/T12459Ⅰ,16Mn,GB/T6479,GB/T13401,无缝 | C1652: 1 | D1652: 中卫维抢修队库 | E1652: 冯玉鹏 13723336389
A1653: 1652 | B1653: 平板闸阀,Z43F-25C DN100 | C1653: 1 | D1653: 惠安堡作业区 | E1653: 牛立军 15121801716
A1654: 1653 | B1654: 钢丝绳,6,19S,FC,Φ25mm,SZ,1870MPa,GB/T20118 | C1654: 0.354 | D1654: 石空维修队库 | E1654: 张伍儿 15500862021
A1655: 1654 | B1655: 钢丝绳,6,37,FC,Φ34.5mm,左,1770MPa,GB/T20118 | C1655: 0.384 | D1655: 惠安堡作业区 | E1655: 牛立军 15121801716
... A1702: 1701 | B1702: 钢丝绳,6,19,IWS,Φ20mm,ZS,1960MPa,GB/T20118 | C1702: 0.081 | D1702: 临河输油站 | E1702: 石琪 13519509777

Sheet 3-9-2原材料-报废 (2)
A1: 工程物资评估明细表
AE2: 表4-9-3
A3: =#REF! -> #REF!
A4: =#REF! -> #REF! | AF4: 金额单位：人民币元
A5: 序号 | B5: 物资编码 | C5: 名称及规格型号 | D5: 库龄（月） | E5: 计量 单位 | F5: 批次号 | G5: 存储仓库 | H5: 实物存放地点 | I5: 库房编码 | J5: 所属公司 | K5: 单重 | L5: 重量/kg | M5: 材质kg | W5: 账面价值 | AA5: 评估价值 | AD5: 增减值 | AE5: 增值率% | AF5: 备注 | AL5: 材质 | AW5: 价格(kg/元） | BG5: 评估价值
M6: 电子元件 | N6: 不锈钢 | O6: 统废碳钢 | P6: 塑料 | Q6: 铝 | R6: 橡胶 | S6: 铁 | T6: 铜 | U6: 纸 | V6: 重废碳钢 | W6: 数量 | X6: 单价 | Y6: 金额 | Z6: 净值 | AA6: 实际数量 | AB6: 单价 | AC6: 金额 | AG6: 总重量 | AK6: 单重 | AL6: 电子元件 | AM6: 不锈钢 | AN6: 统废碳钢 | AO6: 塑料 | AP6: 铝 | AQ6: 橡胶 | AR6: 铁 | AS6: 铜 | AT6: 纸 | AU6: 重废碳钢 | AV6: 合计 | AW6: 电子元件 | AX6: 不锈钢 | AY6: 统废碳钢 | AZ6: 塑料 | BA6: 铝 | BB6: 橡胶 | BC6: 铁 | BD6: 铜 | BE6: 纸 | BF6: 重废碳钢
A7: 1 | B7: 230800200004623 | C7: 离心压缩机本体零件,数字量输入端子板,IS220PDIAH1A,GE | D7: 143 | E7: 8 | F7: 83899 | G7: 中卫维抢修队库 | H7: 移库至技术服务中心物资 | I7: 9120-912G-0099 | J7: 国家管网-联合管道西气东输 | K7: =L7/E7 -> 0.5 | L7: 4 | M7: 0.6 | N7: 0.02 | P7: 0.18 | S7: 0.08 | T7: 0.12 | W7: 8 | X7: 91155.984 | Y7: 729247.87 | Z7: 46133.76 | AA7: =W7 -> 8 | AC7: =BG7 -> #REF! | AD7: =AC7-Z7 -> #REF! | AE7: =AD7/Z7 -> #REF! | AG7: 0.5 | AH7: =SUM(M7:T7) -> 1 | AJ7: =AG7-AH7 -> -0.5 | AK7: =L7/E7 -> 0.5 | AL7: =M7 -> 0.6 | AM7: =N7 -> 0.02 | AN7: =O7 -> 0 | AO7: =P7 -> 0.18 | AP7: =Q7 -> 0 | AQ7: =R7 -> 0 | AR7: =S7 -> 0.08 | AS7: =T7 -> 0.12 | ... AU7: =V7 -> 0 | AV7: =SUM(AL7:AU7) -> 1 | AW7: =#REF!/1000 -> #REF! | AX7: =#REF!/1000 -> #REF! | AY7: =#REF!/1000 -> #REF! | AZ7: =#REF!/1000 -> #REF! | BA7: =#REF!/1000 -> #REF! | BB7: =#REF!/1000 -> #REF! | BC7: =#REF!/1000 -> #REF! | BD7: =#REF!/1000 -> #REF! | ... BF7: =#REF!/1000 -> #REF! | BG7: =ROUND((AL7*AW7+AM7*AX7+AN7*AY7+AO7*AZ7+AP7*BA7+AQ7*BB7+AR7*BC7+AS7*BD7+AT7*BE7+AU7*BF7)*L7,2) -> #REF!
A8: 2 | B8: 230800300000059 | C8: 离心压缩机辅助系统零件,控制阀,1088209-100,索拉 | D8: 194 | E8: 2 | F8: 84206 | G8: 银川压气站库 | H8: 移库至技术服务中心物资 | I8: 9120-912G-0010 | J8: 国家管网-联合管道西气东输 | K8: =L8/E8 -> 18.5 | L8: 37 | M8: 0.043243243 | N8: 0.38918919 | O8: 0.45945946 | P8: 0.010810811 | Q8: 0.037837838 | R8: 0.021621622 | S8: 0.037837838 | W8: 2 | X8: 181902.58 | Y8: 363805.15 | Z8: 203886.68 | AA8: =W8 -> 2 | AC8: =BG8 -> #REF! | AD8: =AC8-Z8 -> #REF! | AE8: =AD8/Z8 -> #REF! | AG8: 15 | AH8: =SUM(M8:T8) -> 1 | AI8: 大件 查重量 | AJ8: =AG8-AH8 -> 14 | AK8: =L8/E8 -> 18.5 | AL8: =M8 -> 0.043243243 | AM8: =N8 -> 0.38918919 | AN8: =O8 -> 0.45945946 | AO8: =P8 -> 0.010810811 | AP8: =Q8 -> 0.037837838 | AQ8: =R8 -> 0.021621622 | AR8: =S8 -> 0.037837838 | AS8: =T8 -> 0 | ... AU8: =V8 -> 0 | AV8: =SUM(AL8:AU8) -> 1 | AW8: =#REF!/1000 -> #REF! | AX8: =#REF!/1000 -> #REF! | AY8: =#REF!/1000 -> #REF! | AZ8: =#REF!/1000 -> #REF! | BA8: =#REF!/1000 -> #REF! | BB8: =#REF!/1000 -> #REF! | BC8: =#REF!/1000 -> #REF! | BD8: =#REF!/1000 -> #REF! | ... BF8: =#REF!/1000 -> #REF! | BG8: =ROUND((AL8*AW8+AM8*AX8+AN8*AY8+AO8*AZ8+AP8*BA8+AQ8*BB8+AR8*BC8+AS8*BD8+AT8*BE8+AU8*BF8)*L8,2) -> #REF!
A9: 3 | B9: 230800200002659 | C9: 离心压缩机本体零件,电动机,ISM990647958,GE | D9: 130 | E9: 1 | F9: 84414 | G9: 中卫维抢修队库 | H9: 移库至技术服务中心物资 | I9: 9120-912G-0001 | J9: 国家管网-联合管道西气东输 | K9: =L9/E9 -> 15 | L9: 15 | O9: 0.25 | P9: 0.03 | Q9: 0.07 | S9: 0.5 | T9: 0.15 | W9: 1 | X9: 360639.98 | Y9: 360639.98 | Z9: 64624.86 | AA9: =W9 -> 1 | AC9: =BG9 -> #REF! | AD9: =AC9-Z9 -> #REF! | AE9: =AD9/Z9 -> #REF! | AG9: 15 | AH9: =SUM(M9:T9) -> 1 | AJ9: =AG9-AH9 -> 14 | AK9: =L9/E9 -> 15 | AL9: =M9 -> 0 | AM9: =N9 -> 0 | AN9: =O9 -> 0.25 | AO9: =P9 -> 0.03 | AP9: =Q9 -> 0.07 | AQ9: =R9 -> 0 | AR9: =S9 -> 0.5 | AS9: =T9 -> 0.15 | ... AU9: =V9 -> 0 | AV9: =SUM(AL9:AU9) -> 1 | AW9: =#REF!/1000 -> #REF! | AX9: =#REF!/1000 -> #REF! | AY9: =#REF!/1000 -> #REF! | AZ9: =#REF!/1000 -> #REF! | BA9: =#REF!/1000 -> #REF! | BB9: =#REF!/1000 -> #REF! | BC9: =#REF!/1000 -> #REF! | BD9: =#REF!/1000 -> #REF! | ... BF9: =#REF!/1000 -> #REF! | BG9: =ROUND((AL9*AW9+AM9*AX9+AN9*AY9+AO9*AZ9+AP9*BA9+AQ9*BB9+AR9*BC9+AS9*BD9+AT9*BE9+AU9*BF9)*L9,2) -> #REF!
A10: 4 | B10: 230800300000147 | C10: 离心压缩机辅助系统零件,喷嘴,L31810G04,GE | D10: 143 | E10: 6 | F10: 83900 | G10: 中卫维抢修队库 | H10: 中卫维抢修队库 | I10: 9120-912G-0099 | J10: 国家管网-联合管道西气东输 | K10: =L10/E10 -> 0.16666667 | L10: 1 | N10: 0.7 | O10: 0.25 | T10: 0.05 | W10: 6 | X10: 56770.963 | Y10: 340625.78 | Z10: 217881.96 | AA10: =W10 -> 6 | AC10: =BG10 -> #REF! | AD10: =AC10-Z10 -> #REF! | AE10: =AD10/Z10 -> #REF! | AG10: 1 | AH10: =SUM(M10:T10) -> 1 | AJ10: =AG10-AH10 -> 0 | AK10: =L10/E10 -> 0.16666667 | AL10: =M10 -> 0 | AM10: =N10 -> 0.7 | AN10: =O10 -> 0.25 | AO10: =P10 -> 0 | AP10: =Q10 -> 0 | AQ10: =R10 -> 0 | AR10: =S10 -> 0 | AS10: =T10 -> 0.05 | ... AU10: =V10 -> 0 | AV10: =SUM(AL10:AU10) -> 1 | AW10: =#REF!/1000 -> #REF! | AX10: =#REF!/1000 -> #REF! | AY10: =#REF!/1000 -> #REF! | AZ10: =#REF!/1000 -> #REF! | BA10: =#REF!/1000 -> #REF! | BB10: =#REF!/1000 -> #REF! | BC10: =#REF!/1000 -> #REF! | BD10: =#REF!/1000 -> #REF! | ... BF10: =#REF!/1000 -> #REF! | BG10: =ROUND((AL10*AW10+AM10*AX10+AN10*AY10+AO10*AZ10+AP10*BA10+AQ10*BB10+AR10*BC10+AS10*BD10+AT10*BE10+AU10*BF10)*L10,2) -> #REF!
A11: 5 | B11: 232600500000278 | C11: 电液执行机构零件,控制板,X2L5000-6-D-P-CA | D11: 166 | E11: 1 | F11: 2605131063 | G11: 石空维修队库 | H11: 石空维修队库 | I11: 9070-9070-0016 | J11: 长庆输油气分公司 | K11: =L11/E11 -> 0.5 | L11: 0.5 | M11: 0.6 | N11: 0.02 | P11: 0.18 | S11: 0.08 | T11: 0.12 | W11: 1 | X11: 311040 | Y11: 311040 | Z11: 139660.43 | AA11: =W11 -> 1 | AC11: =BG11 -> #REF! | AD11: =AC11-Z11 -> #REF! | AE11: =AD11/Z11 -> #REF! | AG11: 0.5 | AH11: =SUM(M11:T11) -> 1 | AJ11: =AG11-AH11 -> -0.5 | AK11: =L11/E11 -> 0.5 | AL11: =M11 -> 0.6 | AM11: =N11 -> 0.02 | AN11: =O11 -> 0 | AO11: =P11 -> 0.18 | AP11: =Q11 -> 0 | AQ11: =R11 -> 0 | AR11: =S11 -> 0.08 | AS11: =T11 -> 0.12 | ... AU11: =V11 -> 0 | AV11: =SUM(AL11:AU11) -> 1 | AW11: =#REF!/1000 -> #REF! | AX11: =#REF!/1000 -> #REF! | AY11: =#REF!/1000 -> #REF! | AZ11: =#REF!/1000 -> #REF! | BA11: =#REF!/1000 -> #REF! | BB11: =#REF!/1000 -> #REF! | BC11: =#REF!/1000 -> #REF! | BD11: =#REF!/1000 -> #REF! | ... BF11: =#REF!/1000 -> #REF! | BG11: =ROUND((AL11*AW11+AM11*AX11+AN11*AY11+AO11*AZ11+AP11*BA11+AQ11*BB11+AR11*BC11+AS11*BD11+AT11*BE11+AU11*BF11)*L11,2) -> #REF!
A12: 6 | B12: 233400300002031 | C12: 变频器辅助系统元器件,整流模块,6SY8102-0AB30 | D12: 191 | E12: 4 | F12: 2605133438 | G12: 二级储备库（9070-9070-0001） | H12: 惠安堡作业区 | I12: 9070-9070-0001 | J12: 长庆输油气分公司 | K12: =L12/E12 -> 8.7 | L12: 34.8 | M12: 0.25287356 | N12: 0.045977011 | O12: 0.068965517 | P12: 0.034482759 | Q12: 0.54022989 | R12: 0.011494253 | S12: 0.022988506 | T12: 0.022988506 | W12: 4 | X12: 76080 | Y12: 304320 | Z12: 344993.4 | AA12: =W12 -> 4 | AC12: =BG12 -> #REF! | AD12: =AC12-Z12 -> #REF! | AE12: =AD12/Z12 -> #REF! | AG12: 12 | AH12: =SUM(M12:T12) -> 1 | AI12: 较大，需核实重量 | AJ12: =AG12-AH12 -> 11 | AK12: =L12/E12 -> 8.7 | AL12: =M12 -> 0.25287356 | AM12: =N12 -> 0.045977011 | AN12: =O12 -> 0.068965517 | AO12: =P12 -> 0.034482759 | AP12: =Q12 -> 0.54022989 | AQ12: =R12 -> 0.011494253 | AR12: =S12 -> 0.022988506 | AS12: =T12 -> 0.022988506 | ... AU12: =V12 -> 0 | AV12: =SUM(AL12:AU12) -> 1 | AW12: =#REF!/1000 -> #REF! | AX12: =#REF!/1000 -> #REF! | AY12: =#REF!/1000 -> #REF! | AZ12: =#REF!/1000 -> #REF! | BA12: =#REF!/1000 -> #REF! | BB12: =#REF!/1000 -> #REF! | BC12: =#REF!/1000 -> #REF! | BD12: =#REF!/1000 -> #REF! | ... BF12: =#REF!/1000 -> #REF! | BG12: =ROUND((AL12*AW12+AM12*AX12+AN12*AY12+AO12*AZ12+AP12*BA12+AQ12*BB12+AR12*BC12+AS12*BD12+AT12*BE12+AU12*BF12)*L12,2) -> #REF!
A13: 7 | B13: 230800300000189 | C13: 离心压缩机辅助系统零件,活塞式气动执行机构,VPVL650,索拉 | D13: 195 | E13: 4 | F13: 83824 | G13: 银川压气站库 | H13: 银川压气站 | I13: 9120-912G-0010 | J13: 国家管网-联合管道西气东输 | K13: =L13/E13 -> 60 | L13: 240 | M13: 0.08 | N13: 0.04 | O13: 0.55 | R13: 0.05 | S13: 0.2 | T13: 0.08 | W13: 4 | X13: 72428.925 | Y13: 289715.7 | Z13: 123579.48 | AA13: =W13 -> 4 | AC13: =BG13 -> #REF! | AD13: =AC13-Z13 -> #REF! | AE13: =AD13/Z13 -> #REF! | AG13: 240 | AH13: =SUM(M13:T13) -> 1 | AI13: 240 | AJ13: =AG13-AH13 -> 239 | AK13: =L13/E13 -> 60 | AL13: =M13 -> 0.08 | AM13: =N13 -> 0.04 | AN13: =O13 -> 0.55 | AO13: =P13 -> 0 | AP13: =Q13 -> 0 | AQ13: =R13 -> 0.05 | AR13: =S13 -> 0.2 | AS13: =T13 -> 0.08 | ... AU13: =V13 -> 0 | AV13: =SUM(AL13:AU13) -> 1 | AW13: =#REF!/1000 -> #REF! | AX13: =#REF!/1000 -> #REF! | AY13: =#REF!/1000 -> #REF! | AZ13: =#REF!/1000 -> #REF! | BA13: =#REF!/1000 -> #REF! | BB13: =#REF!/1000 -> #REF! | BC13: =#REF!/1000 -> #REF! | BD13: =#REF!/1000 -> #REF! | ... BF13: =#REF!/1000 -> #REF! | BG13: =ROUND((AL13*AW13+AM13*AX13+AN13*AY13+AO13*AZ13+AP13*BA13+AQ13*BB13+AR13*BC13+AS13*BD13+AT13*BE13+AU13*BF13)*L13,2) -> #REF!
A14: 8 | B14: 230800200001252 | C14: 离心压缩机本体零件,防喘振阀维修包,SVC4100,索拉 | D14: 167 | E14: 2 | F14: 84681 | G14: 银川压气站库 | H14: 银川压气站 | I14: 9120-912G-0010 | J14: 国家管网-联合管道西气东输 | K14: =L14/E14 -> 1.5 | L14: 3 | N14: 0.2 | O14: 0.2 | P14: 0.1 | R14: 0.35 | S14: 0.05 | T14: 0.1 | W14: 2 | X14: 119403.8 | Y14: 238807.6 | Z14: 128257.58 | AA14: =W14 -> 2 | AC14: =BG14 -> #REF! | AD14: =AC14-Z14 -> #REF! | AE14: =AD14/Z14 -> #REF! | AG14: 3 | AH14: =SUM(M14:T14) -> 1 | AJ14: =AG14-AH14 -> 2 | AK14: =L14/E14 -> 1.5 | AL14: =M14 -> 0 | AM14: =N14 -> 0.2 | AN14: =O14 -> 0.2 | AO14: =P14 -> 0.1 | AP14: =Q14 -> 0 | AQ14: =R14 -> 0.35 | AR14: =S14 -> 0.05 | AS14: =T14 -> 0.1 | ... AU14: =V14 -> 0 | AV14: =SUM(AL14:AU14) -> 1 | AW14: =#REF!/1000 -> #REF! | AX14: =#REF!/1000 -> #REF! | AY14: =#REF!/1000 -> #REF! | AZ14: =#REF!/1000 -> #REF! | BA14: =#REF!/1000 -> #REF! | BB14: =#REF!/1000 -> #REF! | BC14: =#REF!/1000 -> #REF! | BD14: =#REF!/1000 -> #REF! | ... BF14: =#REF!/1000 -> #REF! | BG14: =ROUND((AL14*AW14+AM14*AX14+AN14*AY14+AO14*AZ14+AP14*BA14+AQ14*BB14+AR14*BC14+AS14*BD14+AT14*BE14+AU14*BF14)*L14,2) -> #REF!
A15: 9 | B15: 230800200002816 | C15: 离心压缩机本体零件,流量元件,RDO51845,GE | D15: 130 | E15: 1 | F15: 84424 | G15: 中卫维抢修队库 | H15: 中卫维抢修队库 | I15: 9120-912G-0099 | J15: 国家管网-联合管道西气东输 | K15: =L15/E15 -> 3 | L15: 3 | M15: 0.04 | N15: 0.15 | O15: 0.45 | P15: 0.02 | R15: 0.01 | S15: 0.25 | T15: 0.08 | W15: 1 | X15: 236436.79 | Y15: 236436.79 | Z15: 44046.15 | AA15: =W15 -> 1 | AC15: =BG15 -> #REF! | AD15: =AC15-Z15 -> #REF! | AE15: =AD15/Z15 -> #REF! | AG15: 3 | AH15: =SUM(M15:T15) -> 1 | AJ15: =AG15-AH15 -> 2 | AK15: =L15/E15 -> 3 | AL15: =M15 -> 0.04 | AM15: =N15 -> 0.15 | AN15: =O15 -> 0.45 | AO15: =P15 -> 0.02 | AP15: =Q15 -> 0 | AQ15: =R15 -> 0.01 | AR15: =S15 -> 0.25 | AS15: =T15 -> 0.08 | ... AU15: =V15 -> 0 | AV15: =SUM(AL15:AU15) -> 1 | AW15: =#REF!/1000 -> #REF! | AX15: =#REF!/1000 -> #REF! | AY15: =#REF!/1000 -> #REF! | AZ15: =#REF!/1000 -> #REF! | BA15: =#REF!/1000 -> #REF! | BB15: =#REF!/1000 -> #REF! | BC15: =#REF!/1000 -> #REF! | BD15: =#REF!/1000 -> #REF! | ... BF15: =#REF!/1000 -> #REF! | BG15: =ROUND((AL15*AW15+AM15*AX15+AN15*AY15+AO15*AZ15+AP15*BA15+AQ15*BB15+AR15*BC15+AS15*BD15+AT15*BE15+AU15*BF15)*L15,2) -> #REF!
A16: 10 | B16: 230800200002562 | C16: 离心压缩机本体零件,运算器&编程器,IQQ010080199,GE | D16: 130 | E16: 1 | F16: 84122 | G16: 中卫维抢修队库 | H16: 中卫维抢修队库 | I16: 9120-912G-0099 | J16: 国家管网-联合管道西气东输 | K16: =L16/E16 -> 1 | L16: 1 | M16: 0.5 | N16: 0.05 | P16: 0.22 | S16: 0.1 | T16: 0.13 | W16: 1 | X16: 222419.03 | Y16: 222419.03 | Z16: 41723.67 | AA16: =W16 -> 1 | AC16: =BG16 -> #REF! | AD16: =AC16-Z16 -> #REF! | AE16: =AD16/Z16 -> #REF! | AG16: 1 | AH16: =SUM(M16:T16) -> 1 | AJ16: =AG16-AH16 -> 0 | AK16: =L16/E16 -> 1 | AL16: =M16 -> 0.5 | AM16: =N16 -> 0.05 | AN16: =O16 -> 0 | AO16: =P16 -> 0.22 | AP16: =Q16 -> 0 | AQ16: =R16 -> 0 | AR16: =S16 -> 0.1 | AS16: =T16 -> 0.13 | ... AU16: =V16 -> 0 | AV16: =SUM(AL16:AU16) -> 1 | AW16: =#REF!/1000 -> #REF! | AX16: =#REF!/1000 -> #REF! | AY16: =#REF!/1000 -> #REF! | AZ16: =#REF!/1000 -> #REF! | BA16: =#REF!/1000 -> #REF! | BB16: =#REF!/1000 -> #REF! | BC16: =#REF!/1000 -> #REF! | BD16: =#REF!/1000 -> #REF! | ... BF16: =#REF!/1000 -> #REF! | BG16: =ROUND((AL16*AW16+AM16*AX16+AN16*AY16+AO16*AZ16+AP16*BA16+AQ16*BB16+AR16*BC16+AS16*BD16+AT16*BE16+AU16*BF16)*L16,2) -> #REF!
A17: 11 | B17: 230800200001705 | C17: 离心压缩机本体零件,挠性管,SMO9923655,GE | D17: 226 | E17: 2 | F17: 84759 | G17: 中卫维抢修队库 | H17: 中卫维抢修队库 | I17: 9120-912G-0099 | J17: 国家管网-联合管道西气东输 | K17: =L17/E17 -> 3 | L17: 6 | N17: 0.85 | O17: 0.05 | R17: 0.1 | W17: 2 | X17: 107599.43 | Y17: 215198.85 | Z17: 45400.84 | AA17: =W17 -> 2 | AC17: =BG17 -> #REF! | AD17: =AC17-Z17 -> #REF! | AE17: =AD17/Z17 -> #REF! | AG17: 5 | AH17: =SUM(M17:T17) -> 1 | AJ17: =AG17-AH17 -> 4 | AK17: =L17/E17 -> 3 | AL17: =M17 -> 0 | AM17: =N17 -> 0.85 | AN17: =O17 -> 0.05 | AO17: =P17 -> 0 | AP17: =Q17 -> 0 | AQ17: =R17 -> 0.1 | AR17: =S17 -> 0 | AS17: =T17 -> 0 | ... AU17: =V17 -> 0 | AV17: =SUM(AL17:AU17) -> 1 | AW17: =#REF!/1000 -> #REF! | AX17: =#REF!/1000 -> #REF! | AY17: =#REF!/1000 -> #REF! | AZ17: =#REF!/1000 -> #REF! | BA17: =#REF!/1000 -> #REF! | BB17: =#REF!/1000 -> #REF! | BC17: =#REF!/1000 -> #REF! | BD17: =#REF!/1000 -> #REF! | ... BF17: =#REF!/1000 -> #REF! | BG17: =ROUND((AL17*AW17+AM17*AX17+AN17*AY17+AO17*AZ17+AP17*BA17+AQ17*BB17+AR17*BC17+AS17*BD17+AT17*BE17+AU17*BF17)*L17,2) -> #REF!
A18: 12 | B18: 230800100000862 | C18: 离心压缩机本体部件,矿物油分离器风扇过滤器芯,IRF316711134,GE | D18: 226 | E18: 2 | F18: 84016 | G18: 盐池压气站库 | H18: 盐池压气站库 | I18: 9120-912G-0005 | J18: 国家管网-联合管道西气东输 | K18: =L18/E18 -> 1.5 | L18: 3 | N18: 1 | W18: 2 | X18: 98559.725 | Y18: 197119.45 | Z18: 42404.92 | AA18: =W18 -> 2 | AC18: =BG18 -> #REF! | AD18: =AC18-Z18 -> #REF! | AE18: =AD18/Z18 -> #REF! | AG18: 3 | AH18: =SUM(M18:T18) -> 1 | AJ18: =AG18-AH18 -> 2 | AK18: =L18/E18 -> 1.5 | AL18: =M18 -> 0 | AM18: =N18 -> 1 | AN18: =O18 -> 0 | AO18: =P18 -> 0 | AP18: =Q18 -> 0 | AQ18: =R18 -> 0 | AR18: =S18 -> 0 | AS18: =T18 -> 0 | ... AU18: =V18 -> 0 | AV18: =SUM(AL18:AU18) -> 1 | AW18: =#REF!/1000 -> #REF! | AX18: =#REF!/1000 -> #REF! | AY18: =#REF!/1000 -> #REF! | AZ18: =#REF!/1000 -> #REF! | BA18: =#REF!/1000 -> #REF! | BB18: =#REF!/1000 -> #REF! | BC18: =#REF!/1000 -> #REF! | BD18: =#REF!/1000 -> #REF! | ... BF18: =#REF!/1000 -> #REF! | BG18: =ROUND((AL18*AW18+AM18*AX18+AN18*AY18+AO18*AZ18+AP18*BA18+AQ18*BB18+AR18*BC18+AS18*BD18+AT18*BE18+AU18*BF18)*L18,2) -> #REF!
A19: 13 | B19: 230800300000046 | C19: 离心压缩机辅助系统零件,防喘振阀执行器,17322215,索拉 | D19: 195 | E19: 2 | F19: 83813 | G19: 银川压气站库 | H19: 银川压气站 | I19: 9120-912G-0010 | J19: 国家管网-联合管道西气东输 | K19: =L19/E19 -> 7.5 | L19: 15 | N19: 0.18 | O19: 0.6 | R19: 0.05 | S19: 0.1 | T19: 0.07 | W19: 2 | X19: 97679.1 | Y19: 195358.2 | Z19: 76603.7 | AA19: =W19 -> 2 | AC19: =BG19 -> #REF! | AD19: =AC19-Z19 -> #REF! | AE19: =AD19/Z19 -> #REF! | AG19: 15 | AH19: =SUM(M19:T19) -> 1 | AJ19: =AG19-AH19 -> 14 | AK19: =L19/E19 -> 7.5 | AL19: =M19 -> 0 | AM19: =N19 -> 0.18 | AN19: =O19 -> 0.6 | AO19: =P19 -> 0 | AP19: =Q19 -> 0 | AQ19: =R19 -> 0.05 | AR19: =S19 -> 0.1 | AS19: =T19 -> 0.07 | ... AU19: =V19 -> 0 | AV19: =SUM(AL19:AU19) -> 1 | AW19: =#REF!/1000 -> #REF! | AX19: =#REF!/1000 -> #REF! | AY19: =#REF!/1000 -> #REF! | AZ19: =#REF!/1000 -> #REF! | BA19: =#REF!/1000 -> #REF! | BB19: =#REF!/1000 -> #REF! | BC19: =#REF!/1000 -> #REF! | BD19: =#REF!/1000 -> #REF! | ... BF19: =#REF!/1000 -> #REF! | BG19: =ROUND((AL19*AW19+AM19*AX19+AN19*AY19+AO19*AZ19+AP19*BA19+AQ19*BB19+AR19*BC19+AS19*BD19+AT19*BE19+AU19*BF19)*L19,2) -> #REF!
A20: 14 | B20: 230800300000188 | C20: 离心压缩机辅助系统零件,活塞式气动执行机构,VPVL600,索拉 | D20: 195 | E20: 4 | F20: 83823 | G20: 银川压气站库 | H20: 移库至技术服务中心物资 | I20: 9120-912G-0010 | J20: 国家管网-联合管道西气东输 | K20: =L20/E20 -> 60 | L20: 240 | M20: 0.08 | N20: 0.04 | O20: 0.55 | R20: 0.05 | S20: 0.2 | T20: 0.08 | W20: 4 | X20: 47536.765 | Y20: 190147.06 | Z20: 94731.28 | AA20: =W20 -> 4 | AC20: =BG20 -> #REF! | AD20: =AC20-Z20 -> #REF! | AE20: =AD20/Z20 -> #REF! | AG20: 240 | AH20: =SUM(M20:T20) -> 1 | AI20: 240 | AJ20: =AG20-AH20 -> 239 | AK20: =L20/E20 -> 60 | AL20: =M20 -> 0.08 | AM20: =N20 -> 0.04 | AN20: =O20 -> 0.55 | AO20: =P20 -> 0 | AP20: =Q20 -> 0 | AQ20: =R20 -> 0.05 | AR20: =S20 -> 0.2 | AS20: =T20 -> 0.08 | ... AU20: =V20 -> 0 | AV20: =SUM(AL20:AU20) -> 1 | AW20: =#REF!/1000 -> #REF! | AX20: =#REF!/1000 -> #REF! | AY20: =#REF!/1000 -> #REF! | AZ20: =#REF!/1000 -> #REF! | BA20: =#REF!/1000 -> #REF! | BB20: =#REF!/1000 -> #REF! | BC20: =#REF!/1000 -> #REF! | BD20: =#REF!/1000 -> #REF! | ... BF20: =#REF!/1000 -> #REF! | BG20: =ROUND((AL20*AW20+AM20*AX20+AN20*AY20+AO20*AZ20+AP20*BA20+AQ20*BB20+AR20*BC20+AS20*BD20+AT20*BE20+AU20*BF20)*L20,2) -> #REF!
A21: 15 | B21: 230800200002470 | C21: 离心压缩机本体零件,管卡,RFR00789,GE | D21: 208 | E21: 7 | F21: 2403315561 | G21: 中卫维抢修队库 | H21: 移库至技术服务中心物资 | I21: 9120-912G-0012 | J21: 国家管网-联合管道西气东输 | K21: =L21/E21 -> 0.5 | L21: 3.5 | N21: 0.7 | O21: 0.24 | S21: 0.06 | W21: 7 | X21: 26247.267 | Y21: 183730.87 | Z21: 34098.75 | AA21: =W21 -> 7 | AC21: =BG21 -> #REF! | AD21: =AC21-Z21 -> #REF! | AE21: =AD21/Z21 -> #REF! | AG21: 0.5 | AH21: =SUM(M21:T21) -> 1 | AJ21: =AG21-AH21 -> -0.5 | AK21: =L21/E21 -> 0.5 | AL21: =M21 -> 0 | AM21: =N21 -> 0.7 | AN21: =O21 -> 0.24 | AO21: =P21 -> 0 | AP21: =Q21 -> 0 | AQ21: =R21 -> 0 | AR21: =S21 -> 0.06 | AS21: =T21 -> 0 | ... AU21: =V21 -> 0 | AV21: =SUM(AL21:AU21) -> 1 | AW21: =#REF!/1000 -> #REF! | AX21: =#REF!/1000 -> #REF! | AY21: =#REF!/1000 -> #REF! | AZ21: =#REF!/1000 -> #REF! | BA21: =#REF!/1000 -> #REF! | BB21: =#REF!/1000 -> #REF! | BC21: =#REF!/1000 -> #REF! | BD21: =#REF!/1000 -> #REF! | ... BF21: =#REF!/1000 -> #REF! | BG21: =ROUND((AL21*AW21+AM21*AX21+AN21*AY21+AO21*AZ21+AP21*BA21+AQ21*BB21+AR21*BC21+AS21*BD21+AT21*BE21+AU21*BF21)*L21,2) -> #REF!
A22: 16 | B22: 233800100004747 | C22: 阀门本体零件,维修包,46975,Mokveld | D22: 243 | E22: 2 | F22: 83157 | G22: 中卫维抢修队库 | H22: 中卫维抢修队库 | I22: 9120-912G-0001 | J22: 国家管网-联合管道西气东输 | K22: =L22/E22 -> 1.5 | L22: 3 | N22: 0.2 | O22: 0.2 | P22: 0.1 | R22: 0.35 | S22: 0.05 | T22: 0.1 | W22: 2 | X22: 87952.96 | Y22: 175905.92 | Z22: 70951 | AA22: =W22 -> 2 | AC22: =BG22 -> #REF! | AD22: =AC22-Z22 -> #REF! | AE22: =AD22/Z22 -> #REF! | AG22: 3 | AH22: =SUM(M22:T22) -> 1 | AJ22: =AG22-AH22 -> 2 | AK22: =L22/E22 -> 1.5 | AL22: =M22 -> 0 | AM22: =N22 -> 0.2 | AN22: =O22 -> 0.2 | AO22: =P22 -> 0.1 | AP22: =Q22 -> 0 | AQ22: =R22 -> 0.35 | AR22: =S22 -> 0.05 | AS22: =T22 -> 0.1 | ... AU22: =V22 -> 0 | AV22: =SUM(AL22:AU22) -> 1 | AW22: =#REF!/1000 -> #REF! | AX22: =#REF!/1000 -> #REF! | AY22: =#REF!/1000 -> #REF! | AZ22: =#REF!/1000 -> #REF! | BA22: =#REF!/1000 -> #REF! | BB22: =#REF!/1000 -> #REF! | BC22: =#REF!/1000 -> #REF! | BD22: =#REF!/1000 -> #REF! | ... BF22: =#REF!/1000 -> #REF! | BG22: =ROUND((AL22*AW22+AM22*AX22+AN22*AY22+AO22*AZ22+AP22*BA22+AQ22*BB22+AR22*BC22+AS22*BD22+AT22*BE22+AU22*BF22)*L22,2) -> #REF!
A23: 17 | B23: 230800200002651 | C23: 离心压缩机本体零件,电动机,ISM990647951,GE | D23: 130 | E23: 1 | F23: 84006 | G23: 中卫维抢修队库 | H23: 移库至技术服务中心物资 | I23: 9120-912G-0001 | J23: 国家管网-联合管道西气东输 | K23: =L23/E23 -> 15 | L23: 15 | O23: 0.25 | P23: 0.03 | Q23: 0.07 | S23: 0.5 | T23: 0.15 | W23: 1 | X23: 174623.95 | Y23: 174623.95 | Z23: 33805.03 | AA23: =W23 -> 1 | AC23: =BG23 -> #REF! | AD23: =AC23-Z23 -> #REF! | AE23: =AD23/Z23 -> #REF! | AG23: 15 | AH23: =SUM(M23:T23) -> 1 | AJ23: =AG23-AH23 -> 14 | AK23: =L23/E23 -> 15 | AL23: =M23 -> 0 | AM23: =N23 -> 0 | AN23: =O23 -> 0.25 | AO23: =P23 -> 0.03 | AP23: =Q23 -> 0.07 | AQ23: =R23 -> 0 | AR23: =S23 -> 0.5 | AS23: =T23 -> 0.15 | ... AU23: =V23 -> 0 | AV23: =SUM(AL23:AU23) -> 1 | AW23: =#REF!/1000 -> #REF! | AX23: =#REF!/1000 -> #REF! | AY23: =#REF!/1000 -> #REF! | AZ23: =#REF!/1000 -> #REF! | BA23: =#REF!/1000 -> #REF! | BB23: =#REF!/1000 -> #REF! | BC23: =#REF!/1000 -> #REF! | BD23: =#REF!/1000 -> #REF! | ... BF23: =#REF!/1000 -> #REF! | BG23: =ROUND((AL23*AW23+AM23*AX23+AN23*AY23+AO23*AZ23+AP23*BA23+AQ23*BB23+AR23*BC23+AS23*BD23+AT23*BE23+AU23*BF23)*L23,2) -> #REF!
A24: 18 | B24: 230800200001768 | C24: 离心压缩机本体零件,燃机输入输出块,IS220PTURH1A,GE | D24: 226 | E24: 3 | F24: 84831 | G24: 中卫维抢修队库 | H24: 中卫维抢修队库 | I24: 9120-912G-0099 | J24: 国家管网-联合管道西气东输 | K24: =L24/E24 -> 1.5 | L24: 4.5 | M24: 0.5 | N24: 0.05 | P24: 0.22 | S24: 0.1 | T24: 0.13 | W24: 3 | X24: 56458.083 | Y24: 169374.25 | Z24: 33916.14 | AA24: =W24 -> 3 | AC24: =BG24 -> #REF! | AD24: =AC24-Z24 -> #REF! | AE24: =AD24/Z24 -> #REF! | AG24: 1 | AH24: =SUM(M24:T24) -> 1 | AJ24: =AG24-AH24 -> 0 | AK24: =L24/E24 -> 1.5 | AL24: =M24 -> 0.5 | AM24: =N24 -> 0.05 | AN24: =O24 -> 0 | AO24: =P24 -> 0.22 | AP24: =Q24 -> 0 | AQ24: =R24 -> 0 | AR24: =S24 -> 0.1 | AS24: =T24 -> 0.13 | ... AU24: =V24 -> 0 | AV24: =SUM(AL24:AU24) -> 1 | AW24: =#REF!/1000 -> #REF! | AX24: =#REF!/1000 -> #REF! | AY24: =#REF!/1000 -> #REF! | AZ24: =#REF!/1000 -> #REF! | BA24: =#REF!/1000 -> #REF! | BB24: =#REF!/1000 -> #REF! | BC24: =#REF!/1000 -> #REF! | BD24: =#REF!/1000 -> #REF! | ... BF24: =#REF!/1000 -> #REF! | BG24: =ROUND((AL24*AW24+AM24*AX24+AN24*AY24+AO24*AZ24+AP24*BA24+AQ24*BB24+AR24*BC24+AS24*BD24+AT24*BE24+AU24*BF24)*L24,2) -> #REF!
A25: 19 | B25: 230800200001711 | C25: 离心压缩机本体零件,挠性管,SMO9923661,GE | D25: 226 | E25: 2 | F25: 84765 | G25: 中卫维抢修队库 | H25: 中卫维抢修队库 | I25: 9120-912G-0099 | J25: 国家管网-联合管道西气东输 | K25: =L25/E25 -> 3.5 | L25: 7 | N25: 0.85 | O25: 0.05 | R25: 0.1 | W25: 2 | X25: 83945.065 | Y25: 167890.13 | Z25: 47309.12 | AA25: =W25 -> 2 | AC25: =BG25 -> #REF! | AD25: =AC25-Z25 -> #REF! | AE25: =AD25/Z25 -> #REF! | AG25: 7 | AH25: =SUM(M25:T25) -> 1 | AI25: 7 | AJ25: =AG25-AH25 -> 6 | AK25: =L25/E25 -> 3.5 | AL25: =M25 -> 0 | AM25: =N25 -> 0.85 | AN25: =O25 -> 0.05 | AO25: =P25 -> 0 | AP25: =Q25 -> 0 | AQ25: =R25 -> 0.1 | AR25: =S25 -> 0 | AS25: =T25 -> 0 | ... AU25: =V25 -> 0 | AV25: =SUM(AL25:AU25) -> 1 | AW25: =#REF!/1000 -> #REF! | AX25: =#REF!/1000 -> #REF! | AY25: =#REF!/1000 -> #REF! | AZ25: =#REF!/1000 -> #REF! | BA25: =#REF!/1000 -> #REF! | BB25: =#REF!/1000 -> #REF! | BC25: =#REF!/1000 -> #REF! | BD25: =#REF!/1000 -> #REF! | ... BF25: =#REF!/1000 -> #REF! | BG25: =ROUND((AL25*AW25+AM25*AX25+AN25*AY25+AO25*AZ25+AP25*BA25+AQ25*BB25+AR25*BC25+AS25*BD25+AT25*BE25+AU25*BF25)*L25,2) -> #REF!
A26: 20 | B26: 230800200001710 | C26: 离心压缩机本体零件,挠性管,SMO9923660,GE | D26: 226 | E26: 2 | F26: 84764 | G26: 中卫维抢修队库 | H26: 中卫维抢修队库 | I26: 9120-912G-0099 | J26: 国家管网-联合管道西气东输 | K26: =L26/E26 -> 3.5 | L26: 7 | N26: 0.85 | O26: 0.05 | R26: 0.1 | W26: 2 | X26: 83860.07 | Y26: 167720.14 | Z26: 47279.88 | AA26: =W26 -> 2 | AC26: =BG26 -> #REF! | AD26: =AC26-Z26 -> #REF! | AE26: =AD26/Z26 -> #REF! | AG26: 7 | AH26: =SUM(M26:T26) -> 1 | AI26: 7 | AJ26: =AG26-AH26 -> 6 | AK26: =L26/E26 -> 3.5 | AL26: =M26 -> 0 | AM26: =N26 -> 0.85 | AN26: =O26 -> 0.05 | AO26: =P26 -> 0 | AP26: =Q26 -> 0 | AQ26: =R26 -> 0.1 | AR26: =S26 -> 0 | AS26: =T26 -> 0 | ... AU26: =V26 -> 0 | AV26: =SUM(AL26:AU26) -> 1 | AW26: =#REF!/1000 -> #REF! | AX26: =#REF!/1000 -> #REF! | AY26: =#REF!/1000 -> #REF! | AZ26: =#REF!/1000 -> #REF! | BA26: =#REF!/1000 -> #REF! | BB26: =#REF!/1000 -> #REF! | BC26: =#REF!/1000 -> #REF! | BD26: =#REF!/1000 -> #REF! | ... BF26: =#REF!/1000 -> #REF! | BG26: =ROUND((AL26*AW26+AM26*AX26+AN26*AY26+AO26*AZ26+AP26*BA26+AQ26*BB26+AR26*BC26+AS26*BD26+AT26*BE26+AU26*BF26)*L26,2) -> #REF!
A27: 21 | B27: 230800200001707 | C27: 离心压缩机本体零件,挠性管,SMO9923657,GE | D27: 226 | E27: 2 | F27: 84761 | G27: 中卫维抢修队库 | H27: 中卫维抢修队库 | I27: 9120-912G-0099 | J27: 国家管网-联合管道西气东输 | K27: =L27/E27 -> 3.5 | L27: 7 | N27: 0.85 | O27: 0.05 | R27: 0.1 | W27: 2 | X27: 83362.825 | Y27: 166725.65 | Z27: 47116.14 | AA27: =W27 -> 2 | AC27: =BG27 -> #REF! | AD27: =AC27-Z27 -> #REF! | AE27: =AD27/Z27 -> #REF! | AG27: 7 | AH27: =SUM(M27:T27) -> 1 | AI27: 7 | AJ27: =AG27-AH27 -> 6 | AK27: =L27/E27 -> 3.5 | AL27: =M27 -> 0 | AM27: =N27 -> 0.85 | AN27: =O27 -> 0.05 | AO27: =P27 -> 0 | AP27: =Q27 -> 0 | AQ27: =R27 -> 0.1 | AR27: =S27 -> 0 | AS27: =T27 -> 0 | ... AU27: =V27 -> 0 | AV27: =SUM(AL27:AU27) -> 1 | AW27: =#REF!/1000 -> #REF! | AX27: =#REF!/1000 -> #REF! | AY27: =#REF!/1000 -> #REF! | AZ27: =#REF!/1000 -> #REF! | BA27: =#REF!/1000 -> #REF! | BB27: =#REF!/1000 -> #REF! | BC27: =#REF!/1000 -> #REF! | BD27: =#REF!/1000 -> #REF! | ... BF27: =#REF!/1000 -> #REF! | BG27: =ROUND((AL27*AW27+AM27*AX27+AN27*AY27+AO27*AZ27+AP27*BA27+AQ27*BB27+AR27*BC27+AS27*BD27+AT27*BE27+AU27*BF27)*L27,2) -> #REF!
A28: 22 | B28: 230800200004968 | C28: 离心压缩机本体零件,停车端子板,IS200TRPGH1BDD,GE | D28: 226 | E28: 2 | F28: 84866 | G28: 中卫维抢修队库 | H28: 移库至技术服务中心物资 | I28: 9120-912G-0099 | J28: 国家管网-联合管道西气东输 | K28: =L28/E28 -> 3.5 | L28: 7 | M28: 0.6 | N28: 0.03 | P28: 0.18 | S28: 0.07 | T28: 0.12 | W28: 2 | X28: 81565.36 | Y28: 163130.72 | Z28: 46519.68 | AA28: =W28 -> 2 | AC28: =BG28 -> #REF! | AD28: =AC28-Z28 -> #REF! | AE28: =AD28/Z28 -> #REF! | AG28: 7 | AH28: =SUM(M28:T28) -> 1 | AI28: 7 | AJ28: =AG28-AH28 -> 6 | AK28: =L28/E28 -> 3.5 | AL28: =M28 -> 0.6 | AM28: =N28 -> 0.03 | AN28: =O28 -> 0 | AO28: =P28 -> 0.18 | AP28: =Q28 -> 0 | AQ28: =R28 -> 0 | AR28: =S28 -> 0.07 | AS28: =T28 -> 0.12 | ... AU28: =V28 -> 0 | AV28: =SUM(AL28:AU28) -> 1 | AW28: =#REF!/1000 -> #REF! | AX28: =#REF!/1000 -> #REF! | AY28: =#REF!/1000 -> #REF! | AZ28: =#REF!/1000 -> #REF! | BA28: =#REF!/1000 -> #REF! | BB28: =#REF!/1000 -> #REF! | BC28: =#REF!/1000 -> #REF! | BD28: =#REF!/1000 -> #REF! | ... BF28: =#REF!/1000 -> #REF! | BG28: =ROUND((AL28*AW28+AM28*AX28+AN28*AY28+AO28*AZ28+AP28*BA28+AQ28*BB28+AR28*BC28+AS28*BD28+AT28*BE28+AU28*BF28)*L28,2) -> #REF!
A29: 23 | B29: 230800200001709 | C29: 离心压缩机本体零件,挠性管,SMO9923659,GE | D29: 226 | E29: 2 | F29: 84763 | G29: 中卫维抢修队库 | H29: 中卫维抢修队库 | I29: 9120-912G-0099 | J29: 国家管网-联合管道西气东输 | K29: =L29/E29 -> 0.82 | L29: 1.64 | N29: 0.85365854 | O29: 0.048780488 | R29: 0.097560976 | W29: 2 | X29: 81268.74 | Y29: 162537.48 | Z29: 46422.22 | AA29: =W29 -> 2 | AC29: =BG29 -> #REF! | AD29: =AC29-Z29 -> #REF! | AE29: =AD29/Z29 -> #REF! | AG29: 1.64 | AH29: =SUM(M29:T29) -> 1 | AI29: 1.64 | AJ29: =AG29-AH29 -> 0.64 | AK29: =L29/E29 -> 0.82 | AL29: =M29 -> 0 | AM29: =N29 -> 0.85365854 | AN29: =O29 -> 0.048780488 | AO29: =P29 -> 0 | AP29: =Q29 -> 0 | AQ29: =R29 -> 0.097560976 | AR29: =S29 -> 0 | AS29: =T29 -> 0 | ... AU29: =V29 -> 0 | AV29: =SUM(AL29:AU29) -> 1 | AW29: =#REF!/1000 -> #REF! | AX29: =#REF!/1000 -> #REF! | AY29: =#REF!/1000 -> #REF! | AZ29: =#REF!/1000 -> #REF! | BA29: =#REF!/1000 -> #REF! | BB29: =#REF!/1000 -> #REF! | BC29: =#REF!/1000 -> #REF! | BD29: =#REF!/1000 -> #REF! | ... BF29: =#REF!/1000 -> #REF! | BG29: =ROUND((AL29*AW29+AM29*AX29+AN29*AY29+AO29*AZ29+AP29*BA29+AQ29*BB29+AR29*BC29+AS29*BD29+AT29*BE29+AU29*BF29)*L29,2) -> #REF!
A30: 24 | B30: 230800200001708 | C30: 离心压缩机本体零件,挠性管,SMO9923658,GE | D30: 226 | E30: 2 | F30: 84762 | G30: 中卫维抢修队库 | H30: 中卫维抢修队库 | I30: 9120-912G-0099 | J30: 国家管网-联合管道西气东输 | K30: =L30/E30 -> 0.82 | L30: 1.64 | N30: 0.85365854 | O30: 0.048780488 | R30: 0.097560976 | W30: 2 | X30: 79659.07 | Y30: 159318.14 | Z30: 45888.14 | AA30: =W30 -> 2 | AC30: =BG30 -> #REF! | AD30: =AC30-Z30 -> #REF! | AE30: =AD30/Z30 -> #REF! | AG30: 1.64 | AH30: =SUM(M30:T30) -> 1 | AI30: 1.64 | AJ30: =AG30-AH30 -> 0.64 | AK30: =L30/E30 -> 0.82 | AL30: =M30 -> 0 | AM30: =N30 -> 0.85365854 | AN30: =O30 -> 0.048780488 | AO30: =P30 -> 0 | AP30: =Q30 -> 0 | AQ30: =R30 -> 0.097560976 | AR30: =S30 -> 0 | AS30: =T30 -> 0 | ... AU30: =V30 -> 0 | AV30: =SUM(AL30:AU30) -> 1 | AW30: =#REF!/1000 -> #REF! | AX30: =#REF!/1000 -> #REF! | AY30: =#REF!/1000 -> #REF! | AZ30: =#REF!/1000 -> #REF! | BA30: =#REF!/1000 -> #REF! | BB30: =#REF!/1000 -> #REF! | BC30: =#REF!/1000 -> #REF! | BD30: =#REF!/1000 -> #REF! | ... BF30: =#REF!/1000 -> #REF! | BG30: =ROUND((AL30*AW30+AM30*AX30+AN30*AY30+AO30*AZ30+AP30*BA30+AQ30*BB30+AR30*BC30+AS30*BD30+AT30*BE30+AU30*BF30)*L30,2) -> #REF!
A31: 25 | B31: 230800200002240 | C31: 离心压缩机本体零件,电源分配输出模块,IS220PPDAH1A,GE | D31: 143 | E31: 2 | F31: 83897 | G31: 中卫维抢修队库 | H31: 移库至技术服务中心物资 | I31: 9120-912L-0099 | J31: 国家管网-联合管道西气东输 | K31: =L31/E31 -> 0.75 | L31: 1.5 | M31: 0.49333333 | N31: 0.053333333 | P31: 0.22 | S31: 0.1 | T31: 0.13333333 | W31: 2 | X31: 76524.325 | Y31: 153048.65 | Z31: 44848.66 | AA31: =W31 -> 2 | AC31: =BG31 -> #REF! | AD31: =AC31-Z31 -> #REF! | AE31: =AD31/Z31 -> #REF! | AG31: 1.5 | AH31: =SUM(M31:T31) -> 1 | AJ31: =AG31-AH31 -> 0.5 | AK31: =L31/E31 -> 0.75 | AL31: =M31 -> 0.49333333 | AM31: =N31 -> 0.053333333 | AN31: =O31 -> 0 | AO31: =P31 -> 0.22 | AP31: =Q31 -> 0 | AQ31: =R31 -> 0 | AR31: =S31 -> 0.1 | AS31: =T31 -> 0.13333333 | ... AU31: =V31 -> 0 | AV31: =SUM(AL31:AU31) -> 1 | AW31: =#REF!/1000 -> #REF! | AX31: =#REF!/1000 -> #REF! | AY31: =#REF!/1000 -> #REF! | AZ31: =#REF!/1000 -> #REF! | BA31: =#REF!/1000 -> #REF! | BB31: =#REF!/1000 -> #REF! | BC31: =#REF!/1000 -> #REF! | BD31: =#REF!/1000 -> #REF! | ... BF31: =#REF!/1000 -> #REF! | BG31: =ROUND((AL31*AW31+AM31*AX31+AN31*AY31+AO31*AZ31+AP31*BA31+AQ31*BB31+AR31*BC31+AS31*BD31+AT31*BE31+AU31*BF31)*L31,2) -> #REF!
A32: 26 | B32: 230800200001235 | C32: 离心压缩机本体零件,防喘振阀维修包,SVC4300,索拉 | D32: 167 | E32: 2 | F32: 84653 | G32: 银川压气站库 | H32: 移库至技术服务中心物资 | I32: 9120-912G-0010 | J32: 国家管网-联合管道西气东输 | K32: =L32/E32 -> 1.5 | L32: 3 | N32: 0.2 | O32: 0.2 | P32: 0.1 | R32: 0.35 | S32: 0.05 | T32: 0.1 | W32: 2 | X32: 73159.88 | Y32: 146319.76 | Z32: 62179.58 | AA32: =W32 -> 2 | AC32: =BG32 -> #REF! | AD32: =AC32-Z32 -> #REF! | AE32: =AD32/Z32 -> #REF! | AG32: 3 | AH32: =SUM(M32:T32) -> 1 | AJ32: =AG32-AH32 -> 2 | AK32: =L32/E32 -> 1.5 | AL32: =M32 -> 0 | AM32: =N32 -> 0.2 | AN32: =O32 -> 0.2 | AO32: =P32 -> 0.1 | AP32: =Q32 -> 0 | AQ32: =R32 -> 0.35 | AR32: =S32 -> 0.05 | AS32: =T32 -> 0.1 | ... AU32: =V32 -> 0 | AV32: =SUM(AL32:AU32) -> 1 | AW32: =#REF!/1000 -> #REF! | AX32: =#REF!/1000 -> #REF! | AY32: =#REF!/1000 -> #REF! | AZ32: =#REF!/1000 -> #REF! | BA32: =#REF!/1000 -> #REF! | BB32: =#REF!/1000 -> #REF! | BC32: =#REF!/1000 -> #REF! | BD32: =#REF!/1000 -> #REF! | ... BF32: =#REF!/1000 -> #REF! | BG32: =ROUND((AL32*AW32+AM32*AX32+AN32*AY32+AO32*AZ32+AP32*BA32+AQ32*BB32+AR32*BC32+AS32*BD32+AT32*BE32+AU32*BF32)*L32,2) -> #REF!
A33: 27 | B33: 230800200000157 | C33: 离心压缩机本体零件,差压变送器,2-11T-187-230,罗罗 | D33: 163 | E33: 3 | F33: 84567 | G33: 中卫维抢修队库 | H33: 中卫维抢修队库 | I33: 9120-912G-0001 | J33: 国家管网-联合管道西气东输 | K33: =L33/E33 -> 1 | L33: 3 | M33: 0.35 | N33: 0.35 | P33: 0.15 | S33: 0.05 | T33: 0.1 | W33: 3 | X33: 46680.013 | Y33: 140040.04 | Z33: 52336.11 | AA33: =W33 -> 3 | AC33: =BG33 -> #REF! | AD33: =AC33-Z33 -> #REF! | AE33: =AD33/Z33 -> #REF! | AG33: 3 | AH33: =SUM(M33:T33) -> 1 | AJ33: =AG33-AH33 -> 2 | AK33: =L33/E33 -> 1 | AL33: =M33 -> 0.35 | AM33: =N33 -> 0.35 | AN33: =O33 -> 0 | AO33: =P33 -> 0.15 | AP33: =Q33 -> 0 | AQ33: =R33 -> 0 | AR33: =S33 -> 0.05 | AS33: =T33 -> 0.1 | ... AU33: =V33 -> 0 | AV33: =SUM(AL33:AU33) -> 1 | AW33: =#REF!/1000 -> #REF! | AX33: =#REF!/1000 -> #REF! | AY33: =#REF!/1000 -> #REF! | AZ33: =#REF!/1000 -> #REF! | BA33: =#REF!/1000 -> #REF! | BB33: =#REF!/1000 -> #REF! | BC33: =#REF!/1000 -> #REF! | BD33: =#REF!/1000 -> #REF! | ... BF33: =#REF!/1000 -> #REF! | BG33: =ROUND((AL33*AW33+AM33*AX33+AN33*AY33+AO33*AZ33+AP33*BA33+AQ33*BB33+AR33*BC33+AS33*BD33+AT33*BE33+AU33*BF33)*L33,2) -> #REF!
A34: 28 | B34: 230800200002423 | C34: 离心压缩机本体零件,密封扇形板,SMR94479,GE | D34: 226 | E34: 28 | F34: 2411220336 | G34: 盐池压气站库 | H34: 移库至技术服务中心物资 | I34: 9120-912G-0005 | J34: 国家管网-联合管道西气东输 | K34: =L34/E34 -> 0.03 | L34: 0.84 | N34: 0.1 | O34: 0.35 | S34: 0.5 | T34: 0.05 | W34: 28 | X34: 4943.5618 | Y34: 138419.73 | Z34: 27487.88 | AA34: =W34 -> 28 | AC34: =BG34 -> #REF! | AD34: =AC34-Z34 -> #REF! | AE34: =AD34/Z34 -> #REF! | AG34: 5 | AH34: =SUM(M34:T34) -> 1 | AJ34: =AG34-AH34 -> 4 | AK34: =L34/E34 -> 0.03 | AL34: =M34 -> 0 | AM34: =N34 -> 0.1 | AN34: =O34 -> 0.35 | AO34: =P34 -> 0 | AP34: =Q34 -> 0 | AQ34: =R34 -> 0 | AR34: =S34 -> 0.5 | AS34: =T34 -> 0.05 | ... AU34: =V34 -> 0 | AV34: =SUM(AL34:AU34) -> 1 | AW34: =#REF!/1000 -> #REF! | AX34: =#REF!/1000 -> #REF! | AY34: =#REF!/1000 -> #REF! | AZ34: =#REF!/1000 -> #REF! | BA34: =#REF!/1000 -> #REF! | BB34: =#REF!/1000 -> #REF! | BC34: =#REF!/1000 -> #REF! | BD34: =#REF!/1000 -> #REF! | ... BF34: =#REF!/1000 -> #REF! | BG34: =ROUND((AL34*AW34+AM34*AX34+AN34*AY34+AO34*AZ34+AP34*BA34+AQ34*BB34+AR34*BC34+AS34*BD34+AT34*BE34+AU34*BF34)*L34,2) -> #REF!
A35: 29 | B35: 230800100000091 | C35: 离心压缩机本体部件,滤芯,RCO261040101,GE | D35: 143 | E35: 7 | F35: 2411220163 | G35: 盐池压气站库 | H35: 移库至技术服务中心物资 | I35: 9120-912G-0005 | J35: 国家管网-联合管道西气东输 | K35: =L35/E35 -> 2 | L35: 14 | N35: 0.4 | O35: 0.05 | P35: 0.3 | R35: 0.1 | S35: 0.15 | W35: 7 | X35: 19624.75 | Y35: 137373.25 | Z35: 36403.29 | AA35: =W35 -> 7 | AC35: =BG35 -> #REF! | AD35: =AC35-Z35 -> #REF! | AE35: =AD35/Z35 -> #REF! | AG35: 3 | AH35: =SUM(M35:T35) -> 1 | AJ35: =AG35-AH35 -> 2 | AK35: =L35/E35 -> 2 | AL35: =M35 -> 0 | AM35: =N35 -> 0.4 | AN35: =O35 -> 0.05 | AO35: =P35 -> 0.3 | AP35: =Q35 -> 0 | AQ35: =R35 -> 0.1 | AR35: =S35 -> 0.15 | AS35: =T35 -> 0 | ... AU35: =V35 -> 0 | AV35: =SUM(AL35:AU35) -> 1 | AW35: =#REF!/1000 -> #REF! | AX35: =#REF!/1000 -> #REF! | AY35: =#REF!/1000 -> #REF! | AZ35: =#REF!/1000 -> #REF! | BA35: =#REF!/1000 -> #REF! | BB35: =#REF!/1000 -> #REF! | BC35: =#REF!/1000 -> #REF! | BD35: =#REF!/1000 -> #REF! | ... BF35: =#REF!/1000 -> #REF! | BG35: =ROUND((AL35*AW35+AM35*AX35+AN35*AY35+AO35*AZ35+AP35*BA35+AQ35*BB35+AR35*BC35+AS35*BD35+AT35*BE35+AU35*BF35)*L35,2) -> #REF!
A36: 30 | B36: 230800200001714 | C36: 离心压缩机本体零件,挠性管,SMO9923667,GE | D36: 226 | E36: 2 | F36: 84770 | G36: 中卫维抢修队库 | H36: 中卫维抢修队库 | I36: 9120-912G-0099 | J36: 国家管网-联合管道西气东输 | K36: =L36/E36 -> 3.5 | L36: 7 | N36: 0.85 | O36: 0.05 | R36: 0.1 | W36: 2 | X36: 68557.795 | Y36: 137115.59 | Z36: 23692.56 | AA36: =W36 -> 2 | AC36: =BG36 -> #REF! | AD36: =AC36-Z36 -> #REF! | AE36: =AD36/Z36 -> #REF! | AG36: 7 | AH36: =SUM(M36:T36) -> 1 | AI36: 7 | AJ36: =AG36-AH36 -> 6 | AK36: =L36/E36 -> 3.5 | AL36: =M36 -> 0 | AM36: =N36 -> 0.85 | AN36: =O36 -> 0.05 | AO36: =P36 -> 0 | AP36: =Q36 -> 0 | AQ36: =R36 -> 0.1 | AR36: =S36 -> 0 | AS36: =T36 -> 0 | ... AU36: =V36 -> 0 | AV36: =SUM(AL36:AU36) -> 1 | AW36: =#REF!/1000 -> #REF! | AX36: =#REF!/1000 -> #REF! | AY36: =#REF!/1000 -> #REF! | AZ36: =#REF!/1000 -> #REF! | BA36: =#REF!/1000 -> #REF! | BB36: =#REF!/1000 -> #REF! | BC36: =#REF!/1000 -> #REF! | BD36: =#REF!/1000 -> #REF! | ... BF36: =#REF!/1000 -> #REF! | BG36: =ROUND((AL36*AW36+AM36*AX36+AN36*AY36+AO36*AZ36+AP36*BA36+AQ36*BB36+AR36*BC36+AS36*BD36+AT36*BE36+AU36*BF36)*L36,2) -> #REF!
A37: 31 | B37: 230800200001605 | C37: 离心压缩机本体零件,热电偶端子板,IS200STTCH2AAA,GE | D37: 226 | E37: 2 | F37: 84837 | G37: 中卫维抢修队库 | H37: 中卫维抢修队库 | I37: 9120-912G-0099 | J37: 国家管网-联合管道西气东输 | K37: =L37/E37 -> 0.25 | L37: 0.5 | M37: 0.6 | N37: 0.02 | P37: 0.18 | S37: 0.08 | T37: 0.12 | W37: 2 | X37: 64545.075 | Y37: 129090.15 | Z37: 31414.76 | AA37: =W37 -> 2 | AC37: =BG37 -> #REF! | AD37: =AC37-Z37 -> #REF! | AE37: =AD37/Z37 -> #REF! | AG37: 0.5 | AH37: =SUM(M37:T37) -> 1 | AJ37: =AG37-AH37 -> -0.5 | AK37: =L37/E37 -> 0.25 | AL37: =M37 -> 0.6 | AM37: =N37 -> 0.02 | AN37: =O37 -> 0 | AO37: =P37 -> 0.18 | AP37: =Q37 -> 0 | AQ37: =R37 -> 0 | AR37: =S37 -> 0.08 | AS37: =T37 -> 0.12 | ... AU37: =V37 -> 0 | AV37: =SUM(AL37:AU37) -> 1 | AW37: =#REF!/1000 -> #REF! | AX37: =#REF!/1000 -> #REF! | AY37: =#REF!/1000 -> #REF! | AZ37: =#REF!/1000 -> #REF! | BA37: =#REF!/1000 -> #REF! | BB37: =#REF!/1000 -> #REF! | BC37: =#REF!/1000 -> #REF! | BD37: =#REF!/1000 -> #REF! | ... BF37: =#REF!/1000 -> #REF! | BG37: =ROUND((AL37*AW37+AM37*AX37+AN37*AY37+AO37*AZ37+AP37*BA37+AQ37*BB37+AR37*BC37+AS37*BD37+AT37*BE37+AU37*BF37)*L37,2) -> #REF!
A38: 32 | B38: 230800200001713 | C38: 离心压缩机本体零件,挠性管,SMO9923666,GE | D38: 226 | E38: 2 | F38: 84769 | G38: 中卫维抢修队库 | H38: 中卫维抢修队库 | I38: 9120-912G-0099 | J38: 国家管网-联合管道西气东输 | K38: =L38/E38 -> 2.5 | L38: 5 | N38: 0.85 | O38: 0.05 | R38: 0.1 | W38: 2 | X38: 63788.325 | Y38: 127576.65 | Z38: 31022.08 | AA38: =W38 -> 2 | AC38: =BG38 -> #REF! | AD38: =AC38-Z38 -> #REF! | AE38: =AD38/Z38 -> #REF! | AG38: 5 | AH38: =SUM(M38:T38) -> 1 | AJ38: =AG38-AH38 -> 4 | AK38: =L38/E38 -> 2.5 | AL38: =M38 -> 0 | AM38: =N38 -> 0.85 | AN38: =O38 -> 0.05 | AO38: =P38 -> 0 | AP38: =Q38 -> 0 | AQ38: =R38 -> 0.1 | AR38: =S38 -> 0 | AS38: =T38 -> 0 | ... AU38: =V38 -> 0 | AV38: =SUM(AL38:AU38) -> 1 | AW38: =#REF!/1000 -> #REF! | AX38: =#REF!/1000 -> #REF! | AY38: =#REF!/1000 -> #REF! | AZ38: =#REF!/1000 -> #REF! | BA38: =#REF!/1000 -> #REF! | BB38: =#REF!/1000 -> #REF! | BC38: =#REF!/1000 -> #REF! | BD38: =#REF!/1000 -> #REF! | ... BF38: =#REF!/1000 -> #REF! | BG38: =ROUND((AL38*AW38+AM38*AX38+AN38*AY38+AO38*AZ38+AP38*BA38+AQ38*BB38+AR38*BC38+AS38*BD38+AT38*BE38+AU38*BF38)*L38,2) -> #REF!
A39: 33 | B39: 230800100000116 | C39: 离心压缩机本体部件,滤芯组件,LW17267,罗罗 | D39: 121 | E39: 16 | F39: 84966 | G39: 中卫维抢修队库 | H39: 中卫维抢修队库 | I39: 9120-912G-0001 | J39: 国家管网-联合管道西气东输 | K39: =L39/E39 -> 2.5 | L39: 40 | N39: 0.3 | O39: 0.4 | P39: 0.1 | R39: 0.05 | S39: 0.15 | W39: 16 | X39: 7965.1912 | Y39: 127443.06 | Z39: 46391.1 | AA39: =W39 -> 16 | AC39: =BG39 -> #REF! | AD39: =AC39-Z39 -> #REF! | AE39: =AD39/Z39 -> #REF! | AG39: 40 | AH39: =SUM(M39:T39) -> 1 | AJ39: =AG39-AH39 -> 39 | AK39: =L39/E39 -> 2.5 | AL39: =M39 -> 0 | AM39: =N39 -> 0.3 | AN39: =O39 -> 0.4 | AO39: =P39 -> 0.1 | AP39: =Q39 -> 0 | AQ39: =R39 -> 0.05 | AR39: =S39 -> 0.15 | AS39: =T39 -> 0 | ... AU39: =V39 -> 0 | AV39: =SUM(AL39:AU39) -> 1 | AW39: =#REF!/1000 -> #REF! | AX39: =#REF!/1000 -> #REF! | AY39: =#REF!/1000 -> #REF! | AZ39: =#REF!/1000 -> #REF! | BA39: =#REF!/1000 -> #REF! | BB39: =#REF!/1000 -> #REF! | BC39: =#REF!/1000 -> #REF! | BD39: =#REF!/1000 -> #REF! | ... BF39: =#REF!/1000 -> #REF! | BG39: =ROUND((AL39*AW39+AM39*AX39+AN39*AY39+AO39*AZ39+AP39*BA39+AQ39*BB39+AR39*BC39+AS39*BD39+AT39*BE39+AU39*BF39)*L39,2) -> #REF!
A40: 34 | B40: 080709800000012 | C40: 辅助仪表附件,安全栅,附件,6400-082 | D40: 243 | E40: 2 | F40: 82778 | G40: 中卫维抢修队库 | H40: 中卫维抢修队库 | I40: 9120-912G-0001 | J40: 国家管网-联合管道西气东输 | K40: =L40/E40 -> 20 | L40: 40 | M40: 0.5 | N40: 0.05 | P40: 0.22 | S40: 0.1 | T40: 0.13 | W40: 2 | X40: 62551.97 | Y40: 125103.94 | Z40: 56137.06 | AA40: =W40 -> 2 | AC40: =BG40 -> #REF! | AD40: =AC40-Z40 -> #REF! | AE40: =AD40/Z40 -> #REF! | AG40: 40 | AH40: =SUM(M40:T40) -> 1 | AI40: 40 | AJ40: =AG40-AH40 -> 39 | AK40: =L40/E40 -> 20 | AL40: =M40 -> 0.5 | AM40: =N40 -> 0.05 | AN40: =O40 -> 0 | AO40: =P40 -> 0.22 | AP40: =Q40 -> 0 | AQ40: =R40 -> 0 | AR40: =S40 -> 0.1 | AS40: =T40 -> 0.13 | ... AU40: =V40 -> 0 | AV40: =SUM(AL40:AU40) -> 1 | AW40: =#REF!/1000 -> #REF! | AX40: =#REF!/1000 -> #REF! | AY40: =#REF!/1000 -> #REF! | AZ40: =#REF!/1000 -> #REF! | BA40: =#REF!/1000 -> #REF! | BB40: =#REF!/1000 -> #REF! | BC40: =#REF!/1000 -> #REF! | BD40: =#REF!/1000 -> #REF! | ... BF40: =#REF!/1000 -> #REF! | BG40: =ROUND((AL40*AW40+AM40*AX40+AN40*AY40+AO40*AZ40+AP40*BA40+AQ40*BB40+AR40*BC40+AS40*BD40+AT40*BE40+AU40*BF40)*L40,2) -> #REF!
A41: 35 | B41: 230800200002514 | C41: 离心压缩机本体零件,电磁阀,SV96405/4-TAGXY-100,GE | D41: 226 | E41: 4 | F41: 2411220312 | G41: 盐池压气站库 | H41: 盐池压气站库 | I41: 9120-912G-0005 | J41: 国家管网-联合管道西气东输 | K41: =L41/E41 -> 0.75 | L41: 3 | M41: 0.04 | N41: 0.15 | O41: 0.45 | P41: 0.02 | R41: 0.01 | S41: 0.25 | T41: 0.08 | W41: 4 | X41: 30870.365 | Y41: 123481.46 | Z41: 23953.76 | AA41: =W41 -> 4 | AC41: =BG41 -> #REF! | AD41: =AC41-Z41 -> #REF! | AE41: =AD41/Z41 -> #REF! | AG41: 3 | AH41: =SUM(M41:T41) -> 1 | AJ41: =AG41-AH41 -> 2 | AK41: =L41/E41 -> 0.75 | AL41: =M41 -> 0.04 | AM41: =N41 -> 0.15 | AN41: =O41 -> 0.45 | AO41: =P41 -> 0.02 | AP41: =Q41 -> 0 | AQ41: =R41 -> 0.01 | AR41: =S41 -> 0.25 | AS41: =T41 -> 0.08 | ... AU41: =V41 -> 0 | AV41: =SUM(AL41:AU41) -> 1 | AW41: =#REF!/1000 -> #REF! | AX41: =#REF!/1000 -> #REF! | AY41: =#REF!/1000 -> #REF! | AZ41: =#REF!/1000 -> #REF! | BA41: =#REF!/1000 -> #REF! | BB41: =#REF!/1000 -> #REF! | BC41: =#REF!/1000 -> #REF! | BD41: =#REF!/1000 -> #REF! | ... BF41: =#REF!/1000 -> #REF! | BG41: =ROUND((AL41*AW41+AM41*AX41+AN41*AY41+AO41*AZ41+AP41*BA41+AQ41*BB41+AR41*BC41+AS41*BD41+AT41*BE41+AU41*BF41)*L41,2) -> #REF!
A42: 36 | B42: 230800200001715 | C42: 离心压缩机本体零件,挠性管,SMO9923668,GE | D42: 226 | E42: 2 | F42: 84771 | G42: 中卫维抢修队库 | H42: 中卫维抢修队库 | I42: 9120-912G-0099 | J42: 国家管网-联合管道西气东输 | K42: =L42/E42 -> 2.5 | L42: 5 | N42: 0.85 | O42: 0.05 | R42: 0.1 | W42: 2 | X42: 60849.73 | Y42: 121699.46 | Z42: 30040.36 | AA42: =W42 -> 2 | AC42: =BG42 -> #REF! | AD42: =AC42-Z42 -> #REF! | AE42: =AD42/Z42 -> #REF! | AG42: 5 | AH42: =SUM(M42:T42) -> 1 | AJ42: =AG42-AH42 -> 4 | AK42: =L42/E42 -> 2.5 | AL42: =M42 -> 0 | AM42: =N42 -> 0.85 | AN42: =O42 -> 0.05 | AO42: =P42 -> 0 | AP42: =Q42 -> 0 | AQ42: =R42 -> 0.1 | AR42: =S42 -> 0 | AS42: =T42 -> 0 | ... AU42: =V42 -> 0 | AV42: =SUM(AL42:AU42) -> 1 | AW42: =#REF!/1000 -> #REF! | AX42: =#REF!/1000 -> #REF! | AY42: =#REF!/1000 -> #REF! | AZ42: =#REF!/1000 -> #REF! | BA42: =#REF!/1000 -> #REF! | BB42: =#REF!/1000 -> #REF! | BC42: =#REF!/1000 -> #REF! | BD42: =#REF!/1000 -> #REF! | ... BF42: =#REF!/1000 -> #REF! | BG42: =ROUND((AL42*AW42+AM42*AX42+AN42*AY42+AO42*AZ42+AP42*BA42+AQ42*BB42+AR42*BC42+AS42*BD42+AT42*BE42+AU42*BF42)*L42,2) -> #REF!
A43: 37 | B43: 230800200001487 | C43: 离心压缩机本体零件,电源分配板,IS200JPDEG1AAA,GE | D43: 226 | E43: 2 | F43: 0000084854 | G43: 中卫维抢修队库 | H43: 移库至技术服务中心物资 | I43: 9120-912G-0001 | J43: 国家管网-联合管道西气东输 | K43: =L43/E43 -> 1 | L43: 2 | M43: 0.5 | N43: 0.05 | P43: 0.22 | S43: 0.1 | T43: 0.13 | W43: 2 | X43: 59861.405 | Y43: 119722.81 | Z43: 119722.81 | AA43: =W43 -> 2 | AC43: =BG43 -> #REF! | AD43: =AC43-Z43 -> #REF! | AE43: =AD43/Z43 -> #REF! | AG43: 2 | AH43: =SUM(M43:T43) -> 1 | AJ43: =AG43-AH43 -> 1 | AK43: =L43/E43 -> 1 | AL43: =M43 -> 0.5 | AM43: =N43 -> 0.05 | AN43: =O43 -> 0 | AO43: =P43 -> 0.22 | AP43: =Q43 -> 0 | AQ43: =R43 -> 0 | AR43: =S43 -> 0.1 | AS43: =T43 -> 0.13 | ... AU43: =V43 -> 0 | AV43: =SUM(AL43:AU43) -> 1 | AW43: =#REF!/1000 -> #REF! | AX43: =#REF!/1000 -> #REF! | AY43: =#REF!/1000 -> #REF! | AZ43: =#REF!/1000 -> #REF! | BA43: =#REF!/1000 -> #REF! | BB43: =#REF!/1000 -> #REF! | BC43: =#REF!/1000 -> #REF! | BD43: =#REF!/1000 -> #REF! | ... BF43: =#REF!/1000 -> #REF! | BG43: =ROUND((AL43*AW43+AM43*AX43+AN43*AY43+AO43*AZ43+AP43*BA43+AQ43*BB43+AR43*BC43+AS43*BD43+AT43*BE43+AU43*BF43)*L43,2) -> #REF!
A44: 38 | B44: 230800100000116 | C44: 离心压缩机本体部件,滤芯组件,LW17267,罗罗 | D44: 145 | E44: 15 | F44: 2403314031 | G44: 中卫维抢修队库 | H44: 中卫维抢修队库 | I44: 9120-912G-0012 | J44: 国家管网-联合管道西气东输 | K44: =L44/E44 -> 2.5 | L44: 37.5 | N44: 0.3 | O44: 0.4 | P44: 0.1 | R44: 0.05 | S44: 0.15 | W44: 15 | X44: 7965.1913 | Y44: 119477.87 | Z44: 50067.3 | AA44: =W44 -> 15 | AC44: =BG44 -> #REF! | AD44: =AC44-Z44 -> #REF! | AE44: =AD44/Z44 -> #REF! | AG44: 40 | AH44: =SUM(M44:T44) -> 1 | AJ44: =AG44-AH44 -> 39 | AK44: =L44/E44 -> 2.5 | AL44: =M44 -> 0 | AM44: =N44 -> 0.3 | AN44: =O44 -> 0.4 | AO44: =P44 -> 0.1 | AP44: =Q44 -> 0 | AQ44: =R44 -> 0.05 | AR44: =S44 -> 0.15 | AS44: =T44 -> 0 | ... AU44: =V44 -> 0 | AV44: =SUM(AL44:AU44) -> 1 | AW44: =#REF!/1000 -> #REF! | AX44: =#REF!/1000 -> #REF! | AY44: =#REF!/1000 -> #REF! | AZ44: =#REF!/1000 -> #REF! | BA44: =#REF!/1000 -> #REF! | BB44: =#REF!/1000 -> #REF! | BC44: =#REF!/1000 -> #REF! | BD44: =#REF!/1000 -> #REF! | ... BF44: =#REF!/1000 -> #REF! | BG44: =ROUND((AL44*AW44+AM44*AX44+AN44*AY44+AO44*AZ44+AP44*BA44+AQ44*BB44+AR44*BC44+AS44*BD44+AT44*BE44+AU44*BF44)*L44,2) -> #REF!
A45: 39 | B45: 230800200004933 | C45: 离心压缩机本体零件,挠性管,SMO9923664,GE | D45: 226 | E45: 2 | F45: 84767 | G45: 中卫维抢修队库 | H45: 移库至技术服务中心物资 | I45: 9120-912H-0005 | J45: 国家管网-联合管道西气东输 | K45: =L45/E45 -> 2.5 | L45: 5 | N45: 0.85 | O45: 0.05 | R45: 0.1 | W45: 2 | X45: 59677.98 | Y45: 119355.96 | Z45: 11792.54 | AA45: =W45 -> 2 | AC45: =BG45 -> #REF! | AD45: =AC45-Z45 -> #REF! | AE45: =AD45/Z45 -> #REF! | AG45: 5 | AH45: =SUM(M45:T45) -> 1 | AJ45: =AG45-AH45 -> 4 | AK45: =L45/E45 -> 2.5 | AL45: =M45 -> 0 | AM45: =N45 -> 0.85 | AN45: =O45 -> 0.05 | AO45: =P45 -> 0 | AP45: =Q45 -> 0 | AQ45: =R45 -> 0.1 | AR45: =S45 -> 0 | AS45: =T45 -> 0 | ... AU45: =V45 -> 0 | AV45: =SUM(AL45:AU45) -> 1 | AW45: =#REF!/1000 -> #REF! | AX45: =#REF!/1000 -> #REF! | AY45: =#REF!/1000 -> #REF! | AZ45: =#REF!/1000 -> #REF! | BA45: =#REF!/1000 -> #REF! | BB45: =#REF!/1000 -> #REF! | BC45: =#REF!/1000 -> #REF! | BD45: =#REF!/1000 -> #REF! | ... BF45: =#REF!/1000 -> #REF! | BG45: =ROUND((AL45*AW45+AM45*AX45+AN45*AY45+AO45*AZ45+AP45*BA45+AQ45*BB45+AR45*BC45+AS45*BD45+AT45*BE45+AU45*BF45)*L45,2) -> #REF!
A46: 40 | B46: 230800200001712 | C46: 离心压缩机本体零件,挠性管,SMO9923662,GE | D46: 226 | E46: 2 | F46: 84766 | G46: 中卫维抢修队库 | H46: 中卫维抢修队库 | I46: 9120-912G-0012 | J46: 国家管网-联合管道西气东输 | K46: =L46/E46 -> 2.5 | L46: 5 | N46: 0.85 | O46: 0.05 | R46: 0.1 | W46: 2 | X46: 59639.74 | Y46: 119279.48 | Z46: 11878.71 | AA46: =W46 -> 2 | AC46: =BG46 -> #REF! | AD46: =AC46-Z46 -> #REF! | AE46: =AD46/Z46 -> #REF! | AG46: 5 | AH46: =SUM(M46:T46) -> 1 | AJ46: =AG46-AH46 -> 4 | AK46: =L46/E46 -> 2.5 | AL46: =M46 -> 0 | AM46: =N46 -> 0.85 | AN46: =O46 -> 0.05 | AO46: =P46 -> 0 | AP46: =Q46 -> 0 | AQ46: =R46 -> 0.1 | AR46: =S46 -> 0 | AS46: =T46 -> 0 | ... AU46: =V46 -> 0 | AV46: =SUM(AL46:AU46) -> 1 | AW46: =#REF!/1000 -> #REF! | AX46: =#REF!/1000 -> #REF! | AY46: =#REF!/1000 -> #REF! | AZ46: =#REF!/1000 -> #REF! | BA46: =#REF!/1000 -> #REF! | BB46: =#REF!/1000 -> #REF! | BC46: =#REF!/1000 -> #REF! | BD46: =#REF!/1000 -> #REF! | ... BF46: =#REF!/1000 -> #REF! | BG46: =ROUND((AL46*AW46+AM46*AX46+AN46*AY46+AO46*AZ46+AP46*BA46+AQ46*BB46+AR46*BC46+AS46*BD46+AT46*BE46+AU46*BF46)*L46,2) -> #REF!
A47: 41 | B47: 230800300000060 | C47: 离心压缩机辅助系统零件,油泵,1063390-1,索拉 | D47: 194 | E47: 2 | F47: 84207 | G47: 银川压气站库 | H47: 银川压气站 | I47: 9120-912G-0010 | J47: 国家管网-联合管道西气东输 | K47: =L47/E47 -> 26 | L47: 52 | M47: 0.015384615 | N47: 0.35384615 | O47: 0.51538462 | P47: 0.011538462 | Q47: 0.042307692 | R47: 0.023076923 | S47: 0.038461538 | W47: 2 | X47: 58998.765 | Y47: 117997.53 | Z47: 53992.94 | AA47: =W47 -> 2 | AC47: =BG47 -> #REF! | AD47: =AC47-Z47 -> #REF! | AE47: =AD47/Z47 -> #REF! | AG47: 40 | AH47: =SUM(M47:T47) -> 1 | AI47: 大件 查重量 | AJ47: =AG47-AH47 -> 39 | AK47: =L47/E47 -> 26 | AL47: =M47 -> 0.015384615 | AM47: =N47 -> 0.35384615 | AN47: =O47 -> 0.51538462 | AO47: =P47 -> 0.011538462 | AP47: =Q47 -> 0.042307692 | AQ47: =R47 -> 0.023076923 | AR47: =S47 -> 0.038461538 | AS47: =T47 -> 0 | ... AU47: =V47 -> 0 | AV47: =SUM(AL47:AU47) -> 1 | AW47: =#REF!/1000 -> #REF! | AX47: =#REF!/1000 -> #REF! | AY47: =#REF!/1000 -> #REF! | AZ47: =#REF!/1000 -> #REF! | BA47: =#REF!/1000 -> #REF! | BB47: =#REF!/1000 -> #REF! | BC47: =#REF!/1000 -> #REF! | BD47: =#REF!/1000 -> #REF! | ... BF47: =#REF!/1000 -> #REF! | BG47: =ROUND((AL47*AW47+AM47*AX47+AN47*AY47+AO47*AZ47+AP47*BA47+AQ47*BB47+AR47*BC47+AS47*BD47+AT47*BE47+AU47*BF47)*L47,2) -> #REF!
A48: 42 | B48: 230800200001790 | C48: 离心压缩机本体零件,E/P远程调节器,IRV2399713,GE | D48: 226 | E48: 2 | F48: 84858 | G48: 中卫维抢修队库 | H48: 移库至技术服务中心物资 | I48: 9120-912G-0099 | J48: 国家管网-联合管道西气东输 | K48: =L48/E48 -> 3 | L48: 6 | M48: 0.04 | N48: 0.15 | O48: 0.45 | P48: 0.02 | R48: 0.01 | S48: 0.25 | T48: 0.08 | W48: 2 | X48: 57166.285 | Y48: 114332.57 | Z48: 52030.7 | AA48: =W48 -> 2 | AC48: =BG48 -> #REF! | AD48: =AC48-Z48 -> #REF! | AE48: =AD48/Z48 -> #REF! | AG48: 3 | AH48: =SUM(M48:T48) -> 1 | AJ48: =AG48-AH48 -> 2 | AK48: =L48/E48 -> 3 | AL48: =M48 -> 0.04 | AM48: =N48 -> 0.15 | AN48: =O48 -> 0.45 | AO48: =P48 -> 0.02 | AP48: =Q48 -> 0 | AQ48: =R48 -> 0.01 | AR48: =S48 -> 0.25 | AS48: =T48 -> 0.08 | ... AU48: =V48 -> 0 | AV48: =SUM(AL48:AU48) -> 1 | AW48: =#REF!/1000 -> #REF! | AX48: =#REF!/1000 -> #REF! | AY48: =#REF!/1000 -> #REF! | AZ48: =#REF!/1000 -> #REF! | BA48: =#REF!/1000 -> #REF! | BB48: =#REF!/1000 -> #REF! | BC48: =#REF!/1000 -> #REF! | BD48: =#REF!/1000 -> #REF! | ... BF48: =#REF!/1000 -> #REF! | BG48: =ROUND((AL48*AW48+AM48*AX48+AN48*AY48+AO48*AZ48+AP48*BA48+AQ48*BB48+AR48*BC48+AS48*BD48+AT48*BE48+AU48*BF48)*L48,2) -> #REF!
A49: 43 | B49: 230800200004271 | C49: 离心压缩机本体零件,挠性管,SMO9923665,GE | D49: 226 | E49: 2 | F49: 84768 | G49: 中卫维抢修队库 | H49: 中卫维抢修队库 | I49: 9120-912G-0099 | J49: 国家管网-联合管道西气东输 | K49: =L49/E49 -> 2.5 | L49: 5 | N49: 0.85 | O49: 0.05 | R49: 0.1 | W49: 2 | X49: 56338.88 | Y49: 112677.76 | Z49: 22775.7 | AA49: =W49 -> 2 | AC49: =BG49 -> #REF! | AD49: =AC49-Z49 -> #REF! | AE49: =AD49/Z49 -> #REF! | AG49: 5 | AH49: =SUM(M49:T49) -> 1 | AJ49: =AG49-AH49 -> 4 | AK49: =L49/E49 -> 2.5 | AL49: =M49 -> 0 | AM49: =N49 -> 0.85 | AN49: =O49 -> 0.05 | AO49: =P49 -> 0 | AP49: =Q49 -> 0 | AQ49: =R49 -> 0.1 | AR49: =S49 -> 0 | AS49: =T49 -> 0 | ... AU49: =V49 -> 0 | AV49: =SUM(AL49:AU49) -> 1 | AW49: =#REF!/1000 -> #REF! | AX49: =#REF!/1000 -> #REF! | AY49: =#REF!/1000 -> #REF! | AZ49: =#REF!/1000 -> #REF! | BA49: =#REF!/1000 -> #REF! | BB49: =#REF!/1000 -> #REF! | BC49: =#REF!/1000 -> #REF! | BD49: =#REF!/1000 -> #REF! | ... BF49: =#REF!/1000 -> #REF! | BG49: =ROUND((AL49*AW49+AM49*AX49+AN49*AY49+AO49*AZ49+AP49*BA49+AQ49*BB49+AR49*BC49+AS49*BD49+AT49*BE49+AU49*BF49)*L49,2) -> #REF!
A50: 44 | B50: 230800200005026 | C50: 离心压缩机本体零件,串行通讯块,IS220PSCAH1A,GE | D50: 226 | E50: 2 | F50: 84819 | G50: 中卫维抢修队库 | H50: 中卫维抢修队库 | I50: 9120-912L-0009 | J50: 国家管网-联合管道西气东输 | K50: =L50/E50 -> 1.5 | L50: 3 | M50: 0.04 | N50: 0.15 | O50: 0.45 | P50: 0.02 | R50: 0.01 | S50: 0.25 | T50: 0.08 | W50: 2 | X50: 55984.85 | Y50: 111969.7 | Z50: 15609.21 | AA50: =W50 -> 2 | AC50: =BG50 -> #REF! | AD50: =AC50-Z50 -> #REF! | AE50: =AD50/Z50 -> #REF! | AG50: 3 | AH50: =SUM(M50:T50) -> 1 | AJ50: =AG50-AH50 -> 2 | AK50: =L50/E50 -> 1.5 | AL50: =M50 -> 0.04 | AM50: =N50 -> 0.15 | AN50: =O50 -> 0.45 | AO50: =P50 -> 0.02 | AP50: =Q50 -> 0 | AQ50: =R50 -> 0.01 | AR50: =S50 -> 0.25 | AS50: =T50 -> 0.08 | ... AU50: =V50 -> 0 | AV50: =SUM(AL50:AU50) -> 1 | AW50: =#REF!/1000 -> #REF! | AX50: =#REF!/1000 -> #REF! | AY50: =#REF!/1000 -> #REF! | AZ50: =#REF!/1000 -> #REF! | BA50: =#REF!/1000 -> #REF! | BB50: =#REF!/1000 -> #REF! | BC50: =#REF!/1000 -> #REF! | BD50: =#REF!/1000 -> #REF! | ... BF50: =#REF!/1000 -> #REF! | BG50: =ROUND((AL50*AW50+AM50*AX50+AN50*AY50+AO50*AZ50+AP50*BA50+AQ50*BB50+AR50*BC50+AS50*BD50+AT50*BE50+AU50*BF50)*L50,2) -> #REF!
A51: 45 | B51: 230800200001718 | C51: 离心压缩机本体零件,挠性管,SMO9923674,GE | D51: 226 | E51: 2 | F51: 84773 | G51: 中卫维抢修队库 | H51: 中卫维抢修队库 | I51: 9120-912L-0099 | J51: 国家管网-联合管道西气东输 | K51: =L51/E51 -> 2.5 | L51: 5 | N51: 0.85 | O51: 0.05 | R51: 0.1 | W51: 2 | X51: 54811.305 | Y51: 109622.61 | Z51: 22186.68 | AA51: =W51 -> 2 | AC51: =BG51 -> #REF! | AD51: =AC51-Z51 -> #REF! | AE51: =AD51/Z51 -> #REF! | AG51: 5 | AH51: =SUM(M51:T51) -> 1 | AJ51: =AG51-AH51 -> 4 | AK51: =L51/E51 -> 2.5 | AL51: =M51 -> 0 | AM51: =N51 -> 0.85 | AN51: =O51 -> 0.05 | AO51: =P51 -> 0 | AP51: =Q51 -> 0 | AQ51: =R51 -> 0.1 | AR51: =S51 -> 0 | AS51: =T51 -> 0 | ... AU51: =V51 -> 0 | AV51: =SUM(AL51:AU51) -> 1 | AW51: =#REF!/1000 -> #REF! | AX51: =#REF!/1000 -> #REF! | AY51: =#REF!/1000 -> #REF! | AZ51: =#REF!/1000 -> #REF! | BA51: =#REF!/1000 -> #REF! | BB51: =#REF!/1000 -> #REF! | BC51: =#REF!/1000 -> #REF! | BD51: =#REF!/1000 -> #REF! | ... BF51: =#REF!/1000 -> #REF! | BG51: =ROUND((AL51*AW51+AM51*AX51+AN51*AY51+AO51*AZ51+AP51*BA51+AQ51*BB51+AR51*BC51+AS51*BD51+AT51*BE51+AU51*BF51)*L51,2) -> #REF!
A52: 46 | B52: 230800200000952 | C52: 离心压缩机本体零件,维修包,2-08P-810-100,罗罗 | D52: 197 | E52: 2 | F52: 85055 | G52: 中卫维抢修队库 | H52: 移库至技术服务中心物资 | I52: 9120-912G-0001 | J52: 国家管网-联合管道西气东输 | K52: =L52/E52 -> 1.5 | L52: 3 | N52: 0.2 | O52: 0.2 | P52: 0.1 | R52: 0.35 | S52: 0.05 | T52: 0.1 | W52: 2 | X52: 54339.73 | Y52: 108679.46 | Z52: 56916.74 | AA52: =W52 -> 2 | AC52: =BG52 -> #REF! | AD52: =AC52-Z52 -> #REF! | AE52: =AD52/Z52 -> #REF! | AG52: 3 | AH52: =SUM(M52:T52) -> 1 | AJ52: =AG52-AH52 -> 2 | AK52: =L52/E52 -> 1.5 | AL52: =M52 -> 0 | AM52: =N52 -> 0.2 | AN52: =O52 -> 0.2 | AO52: =P52 -> 0.1 | AP52: =Q52 -> 0 | AQ52: =R52 -> 0.35 | AR52: =S52 -> 0.05 | AS52: =T52 -> 0.1 | ... AU52: =V52 -> 0 | AV52: =SUM(AL52:AU52) -> 1 | AW52: =#REF!/1000 -> #REF! | AX52: =#REF!/1000 -> #REF! | AY52: =#REF!/1000 -> #REF! | AZ52: =#REF!/1000 -> #REF! | BA52: =#REF!/1000 -> #REF! | BB52: =#REF!/1000 -> #REF! | BC52: =#REF!/1000 -> #REF! | BD52: =#REF!/1000 -> #REF! | ... BF52: =#REF!/1000 -> #REF! | BG52: =ROUND((AL52*AW52+AM52*AX52+AN52*AY52+AO52*AZ52+AP52*BA52+AQ52*BB52+AR52*BC52+AS52*BD52+AT52*BE52+AU52*BF52)*L52,2) -> #REF!
A53: 47 | B53: 230800100000451 | C53: 离心压缩机本体部件,滤芯,RRR-S-125-D-SPG-V,罗罗 | D53: 134 | E53: 10 | F53: 2403314968 | G53: 中卫维抢修队库 | H53: 中卫维抢修队库 | I53: 9120-912G-0012 | J53: 国家管网-联合管道西气东输 | K53: =L53/E53 -> 2 | L53: 20 | N53: 0.4 | O53: 0.05 | P53: 0.3 | R53: 0.1 | S53: 0.15 | W53: 10 | X53: 10548.453 | Y53: 105484.53 | Z53: 47122.1 | AA53: =W53 -> 10 | AC53: =BG53 -> #REF! | AD53: =AC53-Z53 -> #REF! | AE53: =AD53/Z53 -> #REF! | AG53: 3 | AH53: =SUM(M53:T53) -> 1 | AJ53: =AG53-AH53 -> 2 | AK53: =L53/E53 -> 2 | AL53: =M53 -> 0 | AM53: =N53 -> 0.4 | AN53: =O53 -> 0.05 | AO53: =P53 -> 0.3 | AP53: =Q53 -> 0 | AQ53: =R53 -> 0.1 | AR53: =S53 -> 0.15 | AS53: =T53 -> 0 | ... AU53: =V53 -> 0 | AV53: =SUM(AL53:AU53) -> 1 | AW53: =#REF!/1000 -> #REF! | AX53: =#REF!/1000 -> #REF! | AY53: =#REF!/1000 -> #REF! | AZ53: =#REF!/1000 -> #REF! | BA53: =#REF!/1000 -> #REF! | BB53: =#REF!/1000 -> #REF! | BC53: =#REF!/1000 -> #REF! | BD53: =#REF!/1000 -> #REF! | ... BF53: =#REF!/1000 -> #REF! | BG53: =ROUND((AL53*AW53+AM53*AX53+AN53*AY53+AO53*AZ53+AP53*BA53+AQ53*BB53+AR53*BC53+AS53*BD53+AT53*BE53+AU53*BF53)*L53,2) -> #REF!
A54: 48 | B54: 233800100004772 | C54: 阀门本体零件,密封包,RZD-REDX1 NPS16-600 ≤38532,Mokveld | D54: 172 | E54: 2 | F54: 83154 | G54: 中卫维抢修队库 | H54: 中卫维抢修队库 | I54: 9120-912G-0001 | J54: 国家管网-联合管道西气东输 | K54: =L54/E54 -> 3 | L54: 6 | N54: 0.12 | R54: 0.04 | S54: 0.08 | T54: 0.04 | V54: 0.72 | W54: 2 | X54: 52189.635 | Y54: 104379.27 | Z54: 50094.52 | AA54: =W54 -> 2 | AC54: =BG54 -> #REF! | AD54: =AC54-Z54 -> #REF! | AE54: =AD54/Z54 -> #REF! | AG54: 300 | AH54: =SUM(M54:T54) -> 0.28 | AJ54: =AG54-AH54 -> 299.72 | AK54: =L54/E54 -> 3 | AL54: =M54 -> 0 | AM54: =N54 -> 0.12 | AN54: =O54 -> 0 | AO54: =P54 -> 0 | AP54: =Q54 -> 0 | AQ54: =R54 -> 0.04 | AR54: =S54 -> 0.08 | AS54: =T54 -> 0.04 | ... AU54: =V54 -> 0.72 | AV54: =SUM(AL54:AU54) -> 1 | AW54: =#REF!/1000 -> #REF! | AX54: =#REF!/1000 -> #REF! | AY54: =#REF!/1000 -> #REF! | AZ54: =#REF!/1000 -> #REF! | BA54: =#REF!/1000 -> #REF! | BB54: =#REF!/1000 -> #REF! | BC54: =#REF!/1000 -> #REF! | BD54: =#REF!/1000 -> #REF! | ... BF54: =#REF!/1000 -> #REF! | BG54: =ROUND((AL54*AW54+AM54*AX54+AN54*AY54+AO54*AZ54+AP54*BA54+AQ54*BB54+AR54*BC54+AS54*BD54+AT54*BE54+AU54*BF54)*L54,2) -> #REF!
A55: 49 | B55: 230800200002237 | C55: 离心压缩机本体零件,GENIUS输入/输出模块,RQO14214,GE | D55: 130 | E55: 1 | F55: 83865 | G55: 中卫维抢修队库 | H55: 移库至技术服务中心物资 | I55: 9120-912G-0001 | J55: 国家管网-联合管道西气东输 | K55: =L55/E55 -> 2 | L55: 2 | M55: 0.49333333 | N55: 0.053333333 | P55: 0.22 | S55: 0.1 | T55: 0.13333333 | W55: 1 | X55: 103178.05 | Y55: 103178.05 | Z55: 21967.52 | AA55: =W55 -> 1 | AC55: =BG55 -> #REF! | AD55: =AC55-Z55 -> #REF! | AE55: =AD55/Z55 -> #REF! | AG55: 1.5 | AH55: =SUM(M55:T55) -> 1 | AJ55: =AG55-AH55 -> 0.5 | AK55: =L55/E55 -> 2 | AL55: =M55 -> 0.49333333 | AM55: =N55 -> 0.053333333 | AN55: =O55 -> 0 | AO55: =P55 -> 0.22 | AP55: =Q55 -> 0 | AQ55: =R55 -> 0 | AR55: =S55 -> 0.1 | AS55: =T55 -> 0.13333333 | ... AU55: =V55 -> 0 | AV55: =SUM(AL55:AU55) -> 1 | AW55: =#REF!/1000 -> #REF! | AX55: =#REF!/1000 -> #REF! | AY55: =#REF!/1000 -> #REF! | AZ55: =#REF!/1000 -> #REF! | BA55: =#REF!/1000 -> #REF! | BB55: =#REF!/1000 -> #REF! | BC55: =#REF!/1000 -> #REF! | BD55: =#REF!/1000 -> #REF! | ... BF55: =#REF!/1000 -> #REF! | BG55: =ROUND((AL55*AW55+AM55*AX55+AN55*AY55+AO55*AZ55+AP55*BA55+AQ55*BB55+AR55*BC55+AS55*BD55+AT55*BE55+AU55*BF55)*L55,2) -> #REF!
A56: 50 | B56: 232600400000827 | C56: 气液联动执行机构零件,限位开关,111228-T-4,SHAFER | D56: 163 | E56: 2 | F56: 82899 | G56: 中卫维抢修队库 | H56: 中卫维抢修队库 | I56: 9120-912G-0001 | J56: 国家管网-联合管道西气东输 | K56: =L56/E56 -> 10 | L56: 20 | M56: 0.5 | N56: 0.05 | P56: 0.22 | S56: 0.1 | T56: 0.13 | W56: 2 | X56: 51397.435 | Y56: 102794.87 | Z56: 49509.76 | AA56: =W56 -> 2 | AC56: =BG56 -> #REF! | AD56: =AC56-Z56 -> #REF! | AE56: =AD56/Z56 -> #REF! | AG56: 20 | AH56: =SUM(M56:T56) -> 1 | AI56: 20 | AJ56: =AG56-AH56 -> 19 | AK56: =L56/E56 -> 10 | AL56: =M56 -> 0.5 | AM56: =N56 -> 0.05 | AN56: =O56 -> 0 | AO56: =P56 -> 0.22 | AP56: =Q56 -> 0 | AQ56: =R56 -> 0 | AR56: =S56 -> 0.1 | AS56: =T56 -> 0.13 | ... AU56: =V56 -> 0 | AV56: =SUM(AL56:AU56) -> 1 | AW56: =#REF!/1000 -> #REF! | AX56: =#REF!/1000 -> #REF! | AY56: =#REF!/1000 -> #REF! | AZ56: =#REF!/1000 -> #REF! | BA56: =#REF!/1000 -> #REF! | BB56: =#REF!/1000 -> #REF! | BC56: =#REF!/1000 -> #REF! | BD56: =#REF!/1000 -> #REF! | ... BF56: =#REF!/1000 -> #REF! | BG56: =ROUND((AL56*AW56+AM56*AX56+AN56*AY56+AO56*AZ56+AP56*BA56+AQ56*BB56+AR56*BC56+AS56*BD56+AT56*BE56+AU56*BF56)*L56,2) -> #REF!
A57: 51 | B57: 230800200000456 | C57: 离心压缩机本体零件,监视屏,2-04J-183-002,罗罗 | D57: 121 | E57: 2 | F57: 85127 | G57: 中卫维抢修队库 | H57: 移库至技术服务中心物资 | I57: 9120-912G-0001 | J57: 国家管网-联合管道西气东输 | K57: =L57/E57 -> 1.5 | L57: 3 | M57: 0.04 | N57: 0.15 | O57: 0.45 | P57: 0.02 | R57: 0.01 | S57: 0.25 | T57: 0.08 | W57: 2 | X57: 51246.77 | Y57: 102493.54 | Z57: 18225.05 | AA57: =W57 -> 2 | AC57: =BG57 -> #REF! | AD57: =AC57-Z57 -> #REF! | AE57: =AD57/Z57 -> #REF! | AG57: 3 | AH57: =SUM(M57:T57) -> 1 | AJ57: =AG57-AH57 -> 2 | AK57: =L57/E57 -> 1.5 | AL57: =M57 -> 0.04 | AM57: =N57 -> 0.15 | AN57: =O57 -> 0.45 | AO57: =P57 -> 0.02 | AP57: =Q57 -> 0 | AQ57: =R57 -> 0.01 | AR57: =S57 -> 0.25 | AS57: =T57 -> 0.08 | ... AU57: =V57 -> 0 | AV57: =SUM(AL57:AU57) -> 1 | AW57: =#REF!/1000 -> #REF! | AX57: =#REF!/1000 -> #REF! | AY57: =#REF!/1000 -> #REF! | AZ57: =#REF!/1000 -> #REF! | BA57: =#REF!/1000 -> #REF! | BB57: =#REF!/1000 -> #REF! | BC57: =#REF!/1000 -> #REF! | BD57: =#REF!/1000 -> #REF! | ... BF57: =#REF!/1000 -> #REF! | BG57: =ROUND((AL57*AW57+AM57*AX57+AN57*AY57+AO57*AZ57+AP57*BA57+AQ57*BB57+AR57*BC57+AS57*BD57+AT57*BE57+AU57*BF57)*L57,2) -> #REF!
A58: 52 | B58: 232600300000124 | C58: 电动执行机构零件,固态无触点反馈器,26100-045,利密托克 | D58: 163 | E58: 3 | F58: 82803 | G58: 中卫维抢修队库 | H58: 中卫维抢修队库 | I58: 9120-912G-0001 | J58: 国家管网-联合管道西气东输 | K58: =L58/E58 -> 9 | L58: 27 | M58: 0.1 | N58: 0.05 | O58: 0.5 | R58: 0.07 | S58: 0.18 | T58: 0.1 | W58: 3 | X58: 33479.607 | Y58: 100438.82 | Z58: 43857.09 | AA58: =W58 -> 3 | AC58: =BG58 -> #REF! | AD58: =AC58-Z58 -> #REF! | AE58: =AD58/Z58 -> #REF! | AG58: 25 | AH58: =SUM(M58:T58) -> 1 | AJ58: =AG58-AH58 -> 24 | AK58: =L58/E58 -> 9 | AL58: =M58 -> 0.1 | AM58: =N58 -> 0.05 | AN58: =O58 -> 0.5 | AO58: =P58 -> 0 | AP58: =Q58 -> 0 | AQ58: =R58 -> 0.07 | AR58: =S58 -> 0.18 | AS58: =T58 -> 0.1 | ... AU58: =V58 -> 0 | AV58: =SUM(AL58:AU58) -> 1 | AW58: =#REF!/1000 -> #REF! | AX58: =#REF!/1000 -> #REF! | AY58: =#REF!/1000 -> #REF! | AZ58: =#REF!/1000 -> #REF! | BA58: =#REF!/1000 -> #REF! | BB58: =#REF!/1000 -> #REF! | BC58: =#REF!/1000 -> #REF! | BD58: =#REF!/1000 -> #REF! | ... BF58: =#REF!/1000 -> #REF! | BG58: =ROUND((AL58*AW58+AM58*AX58+AN58*AY58+AO58*AZ58+AP58*BA58+AQ58*BB58+AR58*BC58+AS58*BD58+AT58*BE58+AU58*BF58)*L58,2) -> #REF!
A59: 53 | B59: 230800200000306 | C59: 离心压缩机本体零件,控制箱,E-01A-285-055,罗罗 | D59: 121 | E59: 1 | F59: 85015 | G59: 中卫维抢修队库 | H59: 移库至技术服务中心物资 | I59: 9120-912G-0001 | J59: 国家管网-联合管道西气东输 | K59: =L59/E59 -> 3 | L59: 3 | M59: 0.04 | N59: 0.15 | O59: 0.45 | P59: 0.02 | R59: 0.01 | S59: 0.25 | T59: 0.08 | W59: 1 | X59: 99064.83 | Y59: 99064.83 | Z59: 45611.36 | AA59: =W59 -> 1 | AC59: =BG59 -> #REF! | AD59: =AC59-Z59 -> #REF! | AE59: =AD59/Z59 -> #REF! | AG59: 3 | AH59: =SUM(M59:T59) -> 1 | AJ59: =AG59-AH59 -> 2 | AK59: =L59/E59 -> 3 | AL59: =M59 -> 0.04 | AM59: =N59 -> 0.15 | AN59: =O59 -> 0.45 | AO59: =P59 -> 0.02 | AP59: =Q59 -> 0 | AQ59: =R59 -> 0.01 | AR59: =S59 -> 0.25 | AS59: =T59 -> 0.08 | ... AU59: =V59 -> 0 | AV59: =SUM(AL59:AU59) -> 1 | AW59: =#REF!/1000 -> #REF! | AX59: =#REF!/1000 -> #REF! | AY59: =#REF!/1000 -> #REF! | AZ59: =#REF!/1000 -> #REF! | BA59: =#REF!/1000 -> #REF! | BB59: =#REF!/1000 -> #REF! | BC59: =#REF!/1000 -> #REF! | BD59: =#REF!/1000 -> #REF! | ... BF59: =#REF!/1000 -> #REF! | BG59: =ROUND((AL59*AW59+AM59*AX59+AN59*AY59+AO59*AZ59+AP59*BA59+AQ59*BB59+AR59*BC59+AS59*BD59+AT59*BE59+AU59*BF59)*L59,2) -> #REF!
A60: 54 | B60: 230800200000934 | C60: 离心压缩机本体零件,碳环密封,RRE031330,罗罗 | D60: 135 | E60: 1 | F60: 84910 | G60: 盐池压气站库 | H60: 移库至技术服务中心物资 | I60: 9120-912G-0005 | J60: 国家管网-联合管道西气东输 | K60: =L60/E60 -> 0.5 | L60: 0.5 | N60: 0.5 | O60: 0.3 | R60: 0.14 | S60: 0.06 | W60: 1 | X60: 97496 | Y60: 97496 | Z60: 45416.44 | AA60: =W60 -> 1 | AC60: =BG60 -> #REF! | AD60: =AC60-Z60 -> #REF! | AE60: =AD60/Z60 -> #REF! | AG60: 0.5 | AH60: =SUM(M60:T60) -> 1 | AJ60: =AG60-AH60 -> -0.5 | AK60: =L60/E60 -> 0.5 | AL60: =M60 -> 0 | AM60: =N60 -> 0.5 | AN60: =O60 -> 0.3 | AO60: =P60 -> 0 | AP60: =Q60 -> 0 | AQ60: =R60 -> 0.14 | AR60: =S60 -> 0.06 | AS60: =T60 -> 0 | ... AU60: =V60 -> 0 | AV60: =SUM(AL60:AU60) -> 1 | AW60: =#REF!/1000 -> #REF! | AX60: =#REF!/1000 -> #REF! | AY60: =#REF!/1000 -> #REF! | AZ60: =#REF!/1000 -> #REF! | BA60: =#REF!/1000 -> #REF! | BB60: =#REF!/1000 -> #REF! | BC60: =#REF!/1000 -> #REF! | BD60: =#REF!/1000 -> #REF! | ... BF60: =#REF!/1000 -> #REF! | BG60: =ROUND((AL60*AW60+AM60*AX60+AN60*AY60+AO60*AZ60+AP60*BA60+AQ60*BB60+AR60*BC60+AS60*BD60+AT60*BE60+AU60*BF60)*L60,2) -> #REF!
A61: 55 | B61: 230800200004419 | C61: 离心压缩机本体零件,碳环密封,RRE031328,罗罗 | D61: 135 | E61: 1 | F61: 84986 | G61: 盐池压气站库 | H61: 盐池压气站库 | I61: 9120-912G-0005 | J61: 国家管网-联合管道西气东输 | K61: =L61/E61 -> 0.5 | L61: 0.5 | N61: 0.5 | O61: 0.3 | R61: 0.14 | S61: 0.06 | W61: 1 | X61: 97496 | Y61: 97496 | Z61: 45416.44 | AA61: =W61 -> 1 | AC61: =BG61 -> #REF! | AD61: =AC61-Z61 -> #REF! | AE61: =AD61/Z61 -> #REF! | AG61: 0.5 | AH61: =SUM(M61:T61) -> 1 | AJ61: =AG61-AH61 -> -0.5 | AK61: =L61/E61 -> 0.5 | AL61: =M61 -> 0 | AM61: =N61 -> 0.5 | AN61: =O61 -> 0.3 | AO61: =P61 -> 0 | AP61: =Q61 -> 0 | AQ61: =R61 -> 0.14 | AR61: =S61 -> 0.06 | AS61: =T61 -> 0 | ... AU61: =V61 -> 0 | AV61: =SUM(AL61:AU61) -> 1 | AW61: =#REF!/1000 -> #REF! | AX61: =#REF!/1000 -> #REF! | AY61: =#REF!/1000 -> #REF! | AZ61: =#REF!/1000 -> #REF! | BA61: =#REF!/1000 -> #REF! | BB61: =#REF!/1000 -> #REF! | BC61: =#REF!/1000 -> #REF! | BD61: =#REF!/1000 -> #REF! | ... BF61: =#REF!/1000 -> #REF! | BG61: =ROUND((AL61*AW61+AM61*AX61+AN61*AY61+AO61*AZ61+AP61*BA61+AQ61*BB61+AR61*BC61+AS61*BD61+AT61*BE61+AU61*BF61)*L61,2) -> #REF!
